Workbook
Name \0: #REF!
Name \1: #REF!
Name \1: #REF!
Name \1: #REF!
Name \1: #REF!
Name \11: #REF!
Name \11: #REF!
Name \11: #REF!
Name \11: #REF!
Name \2: #REF!
Name \a: #REF!
Name \a: #REF!
Name \a: #REF!
Name \a: #REF!
Name \b: #REF!
Name \b: #REF!
Name \b: #REF!
Name \b: #REF!
Name \c: #REF!
Name \c: #REF!
Name \c: #REF!
Name \c: #REF!
Name \D: #REF!
Name \E: #REF!
Name \F: #REF!
Name \F: #REF!
Name \fagf: #REF!
Name \fagf: #REF!
Name \fagf: #REF!
Name \fagf: #REF!
Name \I: #REF!
Name \I: #REF!
Name \I: #REF!
Name \I: #REF!
Name \p: #REF!
Name \p: #REF!
Name \p: #REF!
Name \p: #REF!
Name \R: #REF!
Name \R: #REF!
Name \S: #REF!
Name \S: #REF!
Name \S: #REF!
Name \S: #REF!
Name \S: #REF!
Name \S: #REF!
Name \SA: #REF!
Name \w: #REF!
Name \w: #REF!
Name \w: #REF!
Name \w: #REF!
Name \x: #REF!
Name \z: #REF!
Name \z: #REF!
Name \z: #REF!
Name \ZACVDERVREW: #N/A
Name _: #REF!
Name _\1: #REF!
Name _\1: #REF!
Name _\1: #REF!

Sheet RESUMO DO ORÇAMENTO
C2: ='ORÇAMENTO_SEM DESONERAÇÃO'!B1 -> DEPARTAMENTO DE ESTRADAS DE RODAGEM DE PERNAMBUCO DIRETORIA DE PLANEJAMENTO E PROJETOS RELATÓRIO SINTÉTICO DO ORÇAMENTO
C5: ='ORÇAMENTO_SEM DESONERAÇÃO'!B4 -> Setor: DIRETORIA DE PLANEJAMENTO E PROJETOS
B7: ='ORÇAMENTO_SEM DESONERAÇÃO'!A6 -> Serviço: Recuperação e/ou Reforço Estrutural de OAEs | J7: ='ORÇAMENTO_SEM DESONERAÇÃO'!I6 -> Ano: 2026
B8: ='ORÇAMENTO_SEM DESONERAÇÃO'!A7 -> Orçamento: Recuperação e/ou Reforço Estrutural de Obras de Arte Especiais (Pontes, Viadutos, Passarelas e Afins) Sob Jurisdição do Departamento de Estradas de Rodagem do Estado de Pernambuco | J8: ='ORÇAMENTO_SEM DESONERAÇÃO'!I7 -> Rodovia:
B9: ='ORÇAMENTO_SEM DESONERAÇÃO'!A8 -> Trecho: Do 1º ao 8 Distrito rodoviário | J9: ='ORÇAMENTO_SEM DESONERAÇÃO'!I8 -> Extensão:
B10: ='ORÇAMENTO_SEM DESONERAÇÃO'!A9 -> BDI: 23,89 % (Geral) e 17,51% (Diferenciado) | G10: ='ORÇAMENTO_SEM DESONERAÇÃO'!G9 -> Data Base: JAN/2026 | J10: Preço Total: | K10: =SUM(K26) -> 1.1804708e+08
B12: RESUMO DO ORÇAMENTO
B13: Referência | C13: Descrição | J13: % | K13: Preço (R$)
B14: 1 | C14: =VLOOKUP(B14,'ORÇAMENTO_SEM DESONERAÇÃO'!$A$12:J128,3,0) -> INSTALAÇÃO DO CANTEIRO DA OBRAS | J14: =K14/$K$26 -> 0.012943633 | K14: =VLOOKUP(B14,'ORÇAMENTO_SEM DESONERAÇÃO'!$A$12:J128,10,0) -> 1527958.1
B15: 2 | C15: =VLOOKUP(B15,'ORÇAMENTO_SEM DESONERAÇÃO'!$A$12:J129,3,0) -> ADMINISTRAÇÃO LOCAL DA OBRA | J15: =K15/$K$26 -> 0.028412883 | K15: =VLOOKUP(B15,'ORÇAMENTO_SEM DESONERAÇÃO'!$A$12:J129,10,0) -> 3354057.8
B16: 3 | C16: =VLOOKUP(B16,'ORÇAMENTO_SEM DESONERAÇÃO'!$A$12:J130,3,0) -> MOBILIZAÇÃO E DESMOBILIZAÇÃO | J16: =K16/$K$26 -> 0.00085067331 | K16: =VLOOKUP(B16,'ORÇAMENTO_SEM DESONERAÇÃO'!$A$12:J130,10,0) -> 100419.5
B17: 4 | C17: =VLOOKUP(B17,'ORÇAMENTO_SEM DESONERAÇÃO'!$A$12:J131,3,0) -> INFRAESTRUTURA | J17: =K17/$K$26 -> 0.26601477 | K17: =VLOOKUP(B17,'ORÇAMENTO_SEM DESONERAÇÃO'!$A$12:J131,10,0) -> 31402267
B18: 5 | C18: =VLOOKUP(B18,'ORÇAMENTO_SEM DESONERAÇÃO'!$A$12:J132,3,0) -> MESOESTRUTURA | J18: =K18/$K$26 -> 0.20959826 | K18: =VLOOKUP(B18,'ORÇAMENTO_SEM DESONERAÇÃO'!$A$12:J132,10,0) -> 24742462
B19: 6 | C19: =VLOOKUP(B19,'ORÇAMENTO_SEM DESONERAÇÃO'!$A$12:J133,3,0) -> TABULEIRO | J19: =K19/$K$26 -> 0.27430826 | K19: =VLOOKUP(B19,'ORÇAMENTO_SEM DESONERAÇÃO'!$A$12:J133,10,0) -> 32381288
B20: 7 | C20: =VLOOKUP(B20,'ORÇAMENTO_SEM DESONERAÇÃO'!$A$12:J134,3,0) -> JUNTA DE DILATAÇÃO | J20: =K20/$K$26 -> 0.016122186 | K20: =VLOOKUP(B20,'ORÇAMENTO_SEM DESONERAÇÃO'!$A$12:J134,10,0) -> 1903177
B21: 8 | C21: =VLOOKUP(B21,'ORÇAMENTO_SEM DESONERAÇÃO'!$A$12:J135,3,0) -> ELEMENTOS DIVERSOS | J21: =K21/$K$26 -> 0.019025352 | K21: =VLOOKUP(B21,'ORÇAMENTO_SEM DESONERAÇÃO'!$A$12:J135,10,0) -> 2245887.2
B22: 9 | C22: =VLOOKUP(B22,'ORÇAMENTO_SEM DESONERAÇÃO'!$A$12:J136,3,0) -> TRATAMENTO DE FISSURAS | J22: =K22/$K$26 -> 0.0040628282 | K22: =VLOOKUP(B22,'ORÇAMENTO_SEM DESONERAÇÃO'!$A$12:J136,10,0) -> 479605
B23: 10 | C23: =VLOOKUP(B23,'ORÇAMENTO_SEM DESONERAÇÃO'!$A$12:J137,3,0) -> PLATAFORMA DE TRABALHO | J23: =K23/$K$26 -> 0.073157693 | K23: =VLOOKUP(B23,'ORÇAMENTO_SEM DESONERAÇÃO'!$A$12:J137,10,0) -> 8636052
B24: 11 | C24: =VLOOKUP(B24,'ORÇAMENTO_SEM DESONERAÇÃO'!$A$12:J138,3,0) -> TRANSPORTES | J24: =K24/$K$26 -> 0.023973114 | K24: =VLOOKUP(B24,'ORÇAMENTO_SEM DESONERAÇÃO'!$A$12:J138,10,0) -> 2829956.1
B25: 12 | C25: =VLOOKUP(B25,'ORÇAMENTO_SEM DESONERAÇÃO'!$A$12:J139,3,0) -> PAVIMENTAÇÃO | J25: =K25/$K$26 -> 0.071530353 | K25: =VLOOKUP(B25,'ORÇAMENTO_SEM DESONERAÇÃO'!$A$12:J139,10,0) -> 8443949.2
B26: TOTAIS GERAIS: | J26: =SUM(J14:J25) -> 1 | K26: =SUM(K14:L25) -> 1.1804708e+08

Sheet ORÇAMENTO_SEM DESONERAÇÃO
B1: DEPARTAMENTO DE ESTRADAS DE RODAGEM DE PERNAMBUCO DIRETORIA DE PLANEJAMENTO E PROJETOS RELATÓRIO SINTÉTICO DO ORÇAMENTO
B4: Setor: DIRETORIA DE PLANEJAMENTO E PROJETOS
A6: Serviço: Recuperação e/ou Reforço Estrutural de OAEs | I6: Ano: 2026
A7: Orçamento: Recuperação e/ou Reforço Estrutural de Obras de Arte Especiais (Pontes, Viadutos, Passarelas e Afins) Sob Jurisdição do Departamento de Estradas de Rodagem do Estado de Pernambuco | I7: Rodovia:
A8: Trecho: Do 1º ao 8 Distrito rodoviário | I8: Extensão:
A9: BDI: 23,89 % (Geral) e 17,51% (Diferenciado) | G9: Data Base: JAN/2026 | I9: Preço Total: | J9: =VALOR_TOTAL -> 1.1804708e+08
A11: ITEM | B11: CÓDIGO | C11: FONTE | D11: DESCRIÇÃO | E11: UND. | F11: QUANT. | G11: PREÇO UNITÁRIO SEM BDI R$ | H11: BDI | I11: PREÇO UNITÁRIO COM BDI R$ | J11: PREÇO TOTAL R$
A12: 1 | C12: INSTALAÇÃO DO CANTEIRO DA OBRAS | I12: =IFERROR(ROUND(IF(G12="","",G12*(1+H12)),2),"") | J12: =SUM(J13:J14) -> 1527958.1
A13: 1.1 | B13: CANTEIRO | C13: Canteiro de Obras - Principal | D13: COMP | E13: und | F13: 7 | G13: ='CP004 - CANTEIRO PRINCIPAL'!D152 -> 130033.23 | H13: ='BDI_SEM DESON.'!$B$45 -> 0.2389 | I13: =IFERROR(ROUND(IF(G13="","",G13*(1+H13)),2),"") -> 161098.17 | J13: =TRUNC(F13*I13,2) -> 1127687.2
A14: 1.2 | B14: CANTEIRO | C14: Canteiro de Obras - Canteiros de apoio | D14: COMP | E14: und | F14: 10 | G14: ='CP003 - CANTEIRO DE APOIO'!D157 -> 32308.575 | H14: ='BDI_SEM DESON.'!$B$45 -> 0.2389 | I14: =IFERROR(ROUND(IF(G14="","",G14*(1+H14)),2),"") -> 40027.09 | J14: =TRUNC(F14*I14,2) -> 400270.9
A15: 2 | C15: ADMINISTRAÇÃO LOCAL DA OBRA | I15: =IFERROR(ROUND(IF(G15="","",G15*(1+H15)),2),"") | J15: =ROUND(J16,2) -> 3354057.8
A16: 2.1 | B16: ADM | C16: Administração Local da Obra | D16: COMP | E16: und | F16: 1 | G16: ='CP001 - Adm Local'!I224 -> 2707286.9 | H16: ='BDI_SEM DESON.'!$B$45 -> 0.2389 | I16: =IFERROR(ROUND(IF(G16="","",G16*(1+H16)),2),"") -> 3354057.8 | J16: =TRUNC(F16*I16,2) -> 3354057.8
A17: 3 | C17: MOBILIZAÇÃO E DESMOBILIZAÇÃO | I17: =IFERROR(ROUND(IF(G17="","",G17*(1+H17)),2),"") | J17: =ROUND(SUM(J18:J18),2) -> 100419.5
A18: 3.1 | B18: MOB/DESM | C18: Mobilização e Mesmobilização | D18: COMP | E18: und | F18: 1 | G18: ='CP002 - Mob. e Desmob'!P135 -> 81055.37 | H18: ='BDI_SEM DESON.'!$B$45 -> 0.2389 | I18: =IFERROR(ROUND(IF(G18="","",G18*(1+H18)),2),"") -> 100419.5 | J18: =TRUNC(F18*I18,2) -> 100419.5
A19: 4 | C19: INFRAESTRUTURA | I19: =IFERROR(ROUND(IF(G19="","",G19*(1+H19)),2),"") | J19: =ROUND(SUM(J20:J39),2) -> 31402267
A20: 4.1 | B20: 4805767 | C20: Escavação manual em material de 2ª categoria na profundidade de 1 a 2 m | D20: SICRO | E20: m³ | F20: 5760 | G20: 83.28 | H20: ='BDI_SEM DESON.'!$B$45 -> 0.2389 | I20: =IFERROR(ROUND(IF(G20="","",G20*(1+H20)),2),"") -> 103.18 | J20: =TRUNC(F20*I20,2) -> 594316.8
A21: 4.2 | B21: 4815671 | C21: Reaterro e compactação com soquete vibratório | D21: SICRO | E21: m³ | F21: 5760 | G21: 19.34 | H21: ='BDI_SEM DESON.'!$B$45 -> 0.2389 | I21: =IFERROR(ROUND(IF(G21="","",G21*(1+H21)),2),"") -> 23.96 | J21: =TRUNC(F21*I21,2) -> 138009.6
A22: 4.3 | B22: 1505879 | C22: Enrocamento de pedra arrumada manualmente - pedra de mão comercial - fornecimento e assentamento | D22: SICRO | E22: m³ | F22: 62989.24 | G22: 272.35 | H22: ='BDI_SEM DESON.'!$B$45 -> 0.2389 | I22: =IFERROR(ROUND(IF(G22="","",G22*(1+H22)),2),"") -> 337.41 | J22: =TRUNC(F22*I22,2) -> 21253199
A23: 4.4 | B23: 3806415 | C23: Demolição controlada de concreto com martelete | D23: SICRO | E23: m³ | F23: 960 | G23: 723.71 | H23: ='BDI_SEM DESON.'!$B$45 -> 0.2389 | I23: =IFERROR(ROUND(IF(G23="","",G23*(1+H23)),2),"") -> 896.6 | J23: =TRUNC(F23*I23,2) -> 860736
A24: 4.5 | B24: 3806414 | C24: Remoção de concreto com jateamento d'água sob alta pressão | D24: SICRO | E24: m³ | F24: 480 | G24: 882.27 | H24: ='BDI_SEM DESON.'!$B$45 -> 0.2389 | I24: =IFERROR(ROUND(IF(G24="","",G24*(1+H24)),2),"") -> 1093.04 | J24: =TRUNC(F24*I24,2) -> 524659.2
A25: 4.6 | B25: 3806413 | C25: Apicoamento mecanizado de concreto | D25: SICRO | E25: m² | F25: 9600 | G25: 24.87 | H25: ='BDI_SEM DESON.'!$B$45 -> 0.2389 | I25: =IFERROR(ROUND(IF(G25="","",G25*(1+H25)),2),"") -> 30.81 | J25: =TRUNC(F25*I25,2) -> 295776
A26: 4.7 | B26: 4915639 | C26: Limpeza em superfície de concreto com escova de aço | D26: SICRO | E26: m² | F26: 9600 | G26: 4.75 | H26: ='BDI_SEM DESON.'!$B$45 -> 0.2389 | I26: =IFERROR(ROUND(IF(G26="","",G26*(1+H26)),2),"") -> 5.88 | J26: =TRUNC(F26*I26,2) -> 56448
A27: 4.8 | B27: 407819 | C27: Armação em aço CA-50 - fornecimento, preparo e colocação | D27: SICRO | E27: kg | F27: 96000 | G27: 12.59 | H27: ='BDI_SEM DESON.'!$B$45 -> 0.2389 | I27: =IFERROR(ROUND(IF(G27="","",G27*(1+H27)),2),"") -> 15.6 | J27: =TRUNC(F27*I27,2) -> 1497600
A28: 4.9 | B28: 2419703 | C28: Pintura com tinta anticorrosiva à base de epóxi poliamida de dois componentes com pistola a ar comprimido, uma demão, espessura de 150 µm | D28: SICRO | E28: m² | F28: 9600 | G28: 14.69 | H28: ='BDI_SEM DESON.'!$B$45 -> 0.2389 | I28: =IFERROR(ROUND(IF(G28="","",G28*(1+H28)),2),"") -> 18.2 | J28: =TRUNC(F28*I28,2) -> 174720
A29: 4.10 | B29: 3806402 | C29: Limpeza em superfície de concreto com jateamento d'água sob pressão | D29: SICRO | E29: m² | F29: 9600 | G29: 2.87 | H29: ='BDI_SEM DESON.'!$B$45 -> 0.2389 | I29: =IFERROR(ROUND(IF(G29="","",G29*(1+H29)),2),"") -> 3.56 | J29: =TRUNC(F29*I29,2) -> 34176
A30: 4.11 | B30: 2407972 | C30: Fornecimento e aplicação de adesivo estrutural à base de resina epóxi | D30: SICRO | E30: kg | F30: 19286.4 | G30: 70.74 | H30: ='BDI_SEM DESON.'!$B$45 -> 0.2389 | I30: =IFERROR(ROUND(IF(G30="","",G30*(1+H30)),2),"") -> 87.64 | J30: =TRUNC(F30*I30,2) -> 1690260.1
A31: 4.12 | B31: 3108015 | C31: Fôrmas de compensado plastificado 14 mm - uso geral - utilização de 1 vez - confecção, instalação e retirada | D31: SICRO | E31: m² | F31: 10560 | G31: 178.74 | H31: ='BDI_SEM DESON.'!$B$45 -> 0.2389 | I31: =IFERROR(ROUND(IF(G31="","",G31*(1+H31)),2),"") -> 221.44 | J31: =TRUNC(F31*I31,2) -> 2338406.4
... A39: 4.20 | B39: 3808043 | C39: Pintura manual com nata de cimento - 3 demãos | D39: SICRO | E39: m² | F39: 9600 | G39: 4.76 | H39: ='BDI_SEM DESON.'!$B$45 -> 0.2389 | I39: =IFERROR(ROUND(IF(G39="","",G39*(1+H39)),2),"") -> 5.9 | J39: =TRUNC(F39*I39,2) -> 56640
A40: 5 | C40: MESOESTRUTURA | I40: =IFERROR(ROUND(IF(G40="","",G40*(1+H40)),2),"") | J40: =ROUND(SUM(J41:J62),2) -> 24742462
A41: 5.1 | B41: 3806415 | C41: Demolição controlada de concreto com martelete | D41: SICRO | E41: m³ | F41: 1920 | G41: 723.71 | H41: ='BDI_SEM DESON.'!$B$45 -> 0.2389 | I41: =IFERROR(ROUND(IF(G41="","",G41*(1+H41)),2),"") -> 896.6 | J41: =TRUNC(F41*I41,2) -> 1721472
A42: 5.2 | B42: 3806414 | C42: Remoção de concreto com jateamento d'água sob alta pressão | D42: SICRO | E42: m³ | F42: 960 | G42: 882.27 | H42: ='BDI_SEM DESON.'!$B$45 -> 0.2389 | I42: =IFERROR(ROUND(IF(G42="","",G42*(1+H42)),2),"") -> 1093.04 | J42: =TRUNC(F42*I42,2) -> 1049318.4
A43: 5.3 | B43: 3806413 | C43: Apicoamento mecanizado de concreto | D43: SICRO | E43: m² | F43: 19200 | G43: 24.87 | H43: ='BDI_SEM DESON.'!$B$45 -> 0.2389 | I43: =IFERROR(ROUND(IF(G43="","",G43*(1+H43)),2),"") -> 30.81 | J43: =TRUNC(F43*I43,2) -> 591552
A44: 5.4 | B44: 4915639 | C44: Limpeza em superfície de concreto com escova de aço | D44: SICRO | E44: m² | F44: 19200 | G44: 4.75 | H44: ='BDI_SEM DESON.'!$B$45 -> 0.2389 | I44: =IFERROR(ROUND(IF(G44="","",G44*(1+H44)),2),"") -> 5.88 | J44: =TRUNC(F44*I44,2) -> 112896
A45: 5.5 | B45: 407819 | C45: Armação em aço CA-50 - fornecimento, preparo e colocação | D45: SICRO | E45: kg | F45: 192000 | G45: 12.59 | H45: ='BDI_SEM DESON.'!$B$45 -> 0.2389 | I45: =IFERROR(ROUND(IF(G45="","",G45*(1+H45)),2),"") -> 15.6 | J45: =TRUNC(F45*I45,2) -> 2995200
A46: 5.6 | B46: 1608019 | C46: Perfuração em concreto com martelete elétrico - D = 10 mm | D46: SICRO | E46: m | F46: 3840 | G46: 20.99 | H46: ='BDI_SEM DESON.'!$B$45 -> 0.2389 | I46: =IFERROR(ROUND(IF(G46="","",G46*(1+H46)),2),"") -> 26 | J46: =TRUNC(F46*I46,2) -> 99840
A47: 5.7 | B47: 1608025 | C47: Perfuração em concreto com martelete elétrico - D = 14 mm | D47: SICRO | E47: m | F47: 3840 | G47: 40.3 | H47: ='BDI_SEM DESON.'!$B$45 -> 0.2389 | I47: =IFERROR(ROUND(IF(G47="","",G47*(1+H47)),2),"") -> 49.93 | J47: =TRUNC(F47*I47,2) -> 191731.2
A48: 5.8 | B48: 2407972 | C48: Fornecimento e aplicação de adesivo estrutural à base de resina epóxi | D48: SICRO | E48: kg | F48: 38803.2 | G48: 70.74 | H48: ='BDI_SEM DESON.'!$B$45 -> 0.2389 | I48: =IFERROR(ROUND(IF(G48="","",G48*(1+H48)),2),"") -> 87.64 | J48: =TRUNC(F48*I48,2) -> 3400712.4
A49: 5.9 | B49: 2419703 | C49: Pintura com tinta anticorrosiva à base de epóxi poliamida de dois componentes com pistola a ar comprimido, uma demão, espessura de 150 µm | D49: SICRO | E49: m² | F49: 19200 | G49: 14.69 | H49: ='BDI_SEM DESON.'!$B$45 -> 0.2389 | I49: =IFERROR(ROUND(IF(G49="","",G49*(1+H49)),2),"") -> 18.2 | J49: =TRUNC(F49*I49,2) -> 349440
A50: 5.10 | B50: 3806402 | C50: Limpeza em superfície de concreto com jateamento d'água sob pressão | D50: SICRO | E50: m² | F50: 19200 | G50: 2.87 | H50: ='BDI_SEM DESON.'!$B$45 -> 0.2389 | I50: =IFERROR(ROUND(IF(G50="","",G50*(1+H50)),2),"") -> 3.56 | J50: =TRUNC(F50*I50,2) -> 68352
A51: 5.11 | B51: 3108015 | C51: Fôrmas de compensado plastificado 14 mm - uso geral - utilização de 1 vez - confecção, instalação e retirada | D51: SICRO | E51: m² | F51: 21120 | G51: 178.74 | H51: ='BDI_SEM DESON.'!$B$45 -> 0.2389 | I51: =IFERROR(ROUND(IF(G51="","",G51*(1+H51)),2),"") -> 221.44 | J51: =TRUNC(F51*I51,2) -> 4676812.8
A52: 5.12 | B52: 1207723 | C52: Concreto projetado via seca fck = 40 MPa aplicado em superfícies inclinadas e verticais | D52: SICRO | E52: m³ | F52: 1152 | G52: 1437.15 | H52: ='BDI_SEM DESON.'!$B$45 -> 0.2389 | I52: =IFERROR(ROUND(IF(G52="","",G52*(1+H52)),2),"") -> 1780.49 | J52: =TRUNC(F52*I52,2) -> 2051124.5
... A62: 5.22 | B62: 3808043 | C62: Pintura manual com nata de cimento - 3 demãos | D62: SICRO | E62: m² | F62: 19200 | G62: 4.76 | H62: ='BDI_SEM DESON.'!$B$45 -> 0.2389 | I62: =IFERROR(ROUND(IF(G62="","",G62*(1+H62)),2),"") -> 5.9 | J62: =TRUNC(F62*I62,2) -> 113280
A63: 6 | C63: TABULEIRO | I63: =IFERROR(ROUND(IF(G63="","",G63*(1+H63)),2),"") | J63: =ROUND(SUM(J64:J80),2) -> 32381288
A64: 6.1 | B64: 3806415 | C64: Demolição controlada de concreto com martelete | D64: SICRO | E64: m³ | F64: 3200 | G64: 723.71 | H64: ='BDI_SEM DESON.'!$B$45 -> 0.2389 | I64: =IFERROR(ROUND(IF(G64="","",G64*(1+H64)),2),"") -> 896.6 | J64: =TRUNC(F64*I64,2) -> 2869120
A65: 6.2 | B65: 3806414 | C65: Remoção de concreto com jateamento d'água sob alta pressão | D65: SICRO | E65: m³ | F65: 1600 | G65: 882.27 | H65: ='BDI_SEM DESON.'!$B$45 -> 0.2389 | I65: =IFERROR(ROUND(IF(G65="","",G65*(1+H65)),2),"") -> 1093.04 | J65: =TRUNC(F65*I65,2) -> 1748864
A66: 6.3 | B66: 3806413 | C66: Apicoamento mecanizado de concreto | D66: SICRO | E66: m² | F66: 32000 | G66: 24.87 | H66: ='BDI_SEM DESON.'!$B$45 -> 0.2389 | I66: =IFERROR(ROUND(IF(G66="","",G66*(1+H66)),2),"") -> 30.81 | J66: =TRUNC(F66*I66,2) -> 985920
A67: 6.4 | B67: 4915639 | C67: Limpeza em superfície de concreto com escova de aço | D67: SICRO | E67: m² | F67: 32000 | G67: 4.75 | H67: ='BDI_SEM DESON.'!$B$45 -> 0.2389 | I67: =IFERROR(ROUND(IF(G67="","",G67*(1+H67)),2),"") -> 5.88 | J67: =TRUNC(F67*I67,2) -> 188160
A68: 6.5 | B68: 407819 | C68: Armação em aço CA-50 - fornecimento, preparo e colocação | D68: SICRO | E68: kg | F68: 320000 | G68: 12.59 | H68: ='BDI_SEM DESON.'!$B$45 -> 0.2389 | I68: =IFERROR(ROUND(IF(G68="","",G68*(1+H68)),2),"") -> 15.6 | J68: =TRUNC(F68*I68,2) -> 4992000
A69: 6.6 | B69: 1608025 | C69: Perfuração em concreto com martelete elétrico - D = 14 mm | D69: SICRO | E69: m | F69: 12800 | G69: 40.3 | H69: ='BDI_SEM DESON.'!$B$45 -> 0.2389 | I69: =IFERROR(ROUND(IF(G69="","",G69*(1+H69)),2),"") -> 49.93 | J69: =TRUNC(F69*I69,2) -> 639104
A70: 6.7 | B70: 2407972 | C70: Fornecimento e aplicação de adesivo estrutural à base de resina epóxi | D70: SICRO | E70: kg | F70: 64672 | G70: 70.74 | H70: ='BDI_SEM DESON.'!$B$45 -> 0.2389 | I70: =IFERROR(ROUND(IF(G70="","",G70*(1+H70)),2),"") -> 87.64 | J70: =TRUNC(F70*I70,2) -> 5667854.1
A71: 6.8 | B71: 2419703 | C71: Pintura com tinta anticorrosiva à base de epóxi poliamida de dois componentes com pistola a ar comprimido, uma demão, espessura de 150 µm | D71: SICRO | E71: m² | F71: 32000 | G71: 14.69 | H71: ='BDI_SEM DESON.'!$B$45 -> 0.2389 | I71: =IFERROR(ROUND(IF(G71="","",G71*(1+H71)),2),"") -> 18.2 | J71: =TRUNC(F71*I71,2) -> 582400
A72: 6.9 | B72: 3806402 | C72: Limpeza em superfície de concreto com jateamento d'água sob pressão | D72: SICRO | E72: m² | F72: 32000 | G72: 2.87 | H72: ='BDI_SEM DESON.'!$B$45 -> 0.2389 | I72: =IFERROR(ROUND(IF(G72="","",G72*(1+H72)),2),"") -> 3.56 | J72: =TRUNC(F72*I72,2) -> 113920
A73: 6.10 | B73: 3108015 | C73: Fôrmas de compensado plastificado 14 mm - uso geral - utilização de 1 vez - confecção, instalação e retirada | D73: SICRO | E73: m² | F73: 35200 | G73: 178.74 | H73: ='BDI_SEM DESON.'!$B$45 -> 0.2389 | I73: =IFERROR(ROUND(IF(G73="","",G73*(1+H73)),2),"") -> 221.44 | J73: =TRUNC(F73*I73,2) -> 7794688
A74: 6.11 | B74: 1207725 | C74: Concreto projetado via seca fck = 40 MPa via seca aplicado em teto | D74: SICRO | E74: m³ | F74: 960 | G74: 2156.66 | H74: ='BDI_SEM DESON.'!$B$45 -> 0.2389 | I74: =IFERROR(ROUND(IF(G74="","",G74*(1+H74)),2),"") -> 2671.89 | J74: =TRUNC(F74*I74,2) -> 2565014.4
A75: 6.12 | B75: 1207723 | C75: Concreto projetado via seca fck = 40 MPa aplicado em superfícies inclinadas e verticais | D75: SICRO | E75: m³ | F75: 1920 | G75: 1437.15 | H75: ='BDI_SEM DESON.'!$B$45 -> 0.2389 | I75: =IFERROR(ROUND(IF(G75="","",G75*(1+H75)),2),"") -> 1780.49 | J75: =TRUNC(F75*I75,2) -> 3418540.8
... A80: 6.17 | B80: 3808043 | C80: Pintura manual com nata de cimento - 3 demãos | D80: SICRO | E80: m² | F80: 32000 | G80: 4.76 | H80: ='BDI_SEM DESON.'!$B$45 -> 0.2389 | I80: =IFERROR(ROUND(IF(G80="","",G80*(1+H80)),2),"") -> 5.9 | J80: =TRUNC(F80*I80,2) -> 188800
A81: 7 | C81: JUNTA DE DILATAÇÃO | I81: =IFERROR(ROUND(IF(G81="","",G81*(1+H81)),2),"") | J81: =ROUND(SUM(J82:J87),2) -> 1903177
A82: 7.1 | B82: 5213424 | C82: Placa modulada em aço nº 18 galvanizado com película retrorrefletiva tipo III + III - confecção | D82: SICRO | E82: m² | F82: 681.25 | G82: 629.33 | H82: ='BDI_SEM DESON.'!$B$45 -> 0.2389 | I82: =IFERROR(ROUND(IF(G82="","",G82*(1+H82)),2),"") -> 779.68 | J82: =TRUNC(F82*I82,2) -> 531157
A83: 7.2 | B83: 3806406 | C83: Limpeza em junta de dilatação | D83: SICRO | E83: m | F83: 4000 | G83: 7.18 | H83: ='BDI_SEM DESON.'!$B$45 -> 0.2389 | I83: =IFERROR(ROUND(IF(G83="","",G83*(1+H83)),2),"") -> 8.9 | J83: =TRUNC(F83*I83,2) -> 35600
A84: 7.3 | B84: 307084 | C84: Lábios poliméricos em junta de pavimento de concreto - L = 20 mm e H = 30 mm - confecção e assentamento | D84: SICRO | E84: m | F84: 4000 | G84: 34.54 | H84: ='BDI_SEM DESON.'!$B$45 -> 0.2389 | I84: =IFERROR(ROUND(IF(G84="","",G84*(1+H84)),2),"") -> 42.79 | J84: =TRUNC(F84*I84,2) -> 171160
A85: 7.4 | B85: 3806409 | C85: Restauração de berços de apoio para junta de dilatação - fornecimento e instalação | D85: SICRO | E85: m | F85: 4000 | G85: 68.26 | H85: ='BDI_SEM DESON.'!$B$45 -> 0.2389 | I85: =IFERROR(ROUND(IF(G85="","",G85*(1+H85)),2),"") -> 84.57 | J85: =TRUNC(F85*I85,2) -> 338280
A86: 7.5 | B86: 307733 | C86: Junta de dilatação em elastômero e perfil VV - L = 20 mm e H = 40 mm - fornecimento e instalação | D86: SICRO | E86: m | F86: 2000 | G86: 299.22 | H86: ='BDI_SEM DESON.'!$B$45 -> 0.2389 | I86: =IFERROR(ROUND(IF(G86="","",G86*(1+H86)),2),"") -> 370.7 | J86: =TRUNC(F86*I86,2) -> 741400
A87: 7.6 | B87: 3815602 | C87: Substituição de junta de dilatação e lábios poliméricos - fornecimento e instalação | D87: SICRO | E87: m | F87: 2000 | G87: 34.54 | H87: ='BDI_SEM DESON.'!$B$45 -> 0.2389 | I87: =IFERROR(ROUND(IF(G87="","",G87*(1+H87)),2),"") -> 42.79 | J87: =TRUNC(F87*I87,2) -> 85580
A88: 8 | C88: ELEMENTOS DIVERSOS | I88: =IFERROR(ROUND(IF(G88="","",G88*(1+H88)),2),"") | J88: =ROUND(SUM(J89:J94),2) -> 2245887.2
A89: 8.1 | B89: 2015642 | C89: Dreno em tubo de aço galvanizado D = 100 mm em OAE - fornecimento e instalação | D89: SICRO | E89: m | F89: 800 | G89: 139.58 | H89: ='BDI_SEM DESON.'!$B$45 -> 0.2389 | I89: =IFERROR(ROUND(IF(G89="","",G89*(1+H89)),2),"") -> 172.93 | J89: =TRUNC(F89*I89,2) -> 138344
A90: 8.2 | B90: 3815644 | C90: Recomposição de dreno em tubo de aço galvanizado D = 100 mm em OAE - fornecimento e instalação | D90: SICRO | E90: un | F90: 800 | G90: 97.94 | H90: ='BDI_SEM DESON.'!$B$45 -> 0.2389 | I90: =IFERROR(ROUND(IF(G90="","",G90*(1+H90)),2),"") -> 121.34 | J90: =TRUNC(F90*I90,2) -> 97072
A91: 8.3 | B91: 3816118 | C91: Guarda-corpo de concreto - fabricação - areia e brita comerciais - Guindauto 6,2 t | D91: SICRO | E91: m | F91: 2640 | G91: 97.69 | H91: ='BDI_SEM DESON.'!$B$45 -> 0.2389 | I91: =IFERROR(ROUND(IF(G91="","",G91*(1+H91)),2),"") -> 121.03 | J91: =TRUNC(F91*I91,2) -> 319519.2
A92: 8.4 | B92: 3815706 | C92: Recomposição de guarda-corpo com agregados comerciais - instalação | D92: SICRO | E92: m | F92: 8800 | G92: 134.47 | H92: ='BDI_SEM DESON.'!$B$45 -> 0.2389 | I92: =IFERROR(ROUND(IF(G92="","",G92*(1+H92)),2),"") -> 166.59 | J92: =TRUNC(F92*I92,2) -> 1465992
A93: 8.5 | B93: 3713828 | C93: Barreira dupla de concreto, armada, pré-moldada (perfil New Jersey) - L > 3,00 m e H = 810 mm | D93: SICRO | E93: m | F93: 750 | G93: 237.89 | H93: ='BDI_SEM DESON.'!$B$45 -> 0.2389 | I93: =IFERROR(ROUND(IF(G93="","",G93*(1+H93)),2),"") -> 294.72 | J93: =TRUNC(F93*I93,2) -> 221040
A94: 8.6 | B94: 4915744 | C94: Capina manual | D94: SICRO | E94: m² | F94: 4000 | G94: 0.79 | H94: ='BDI_SEM DESON.'!$B$45 -> 0.2389 | I94: =IFERROR(ROUND(IF(G94="","",G94*(1+H94)),2),"") -> 0.98 | J94: =TRUNC(F94*I94,2) -> 3920
A95: 9 | C95: TRATAMENTO DE FISSURAS | I95: =IFERROR(ROUND(IF(G95="","",G95*(1+H95)),2),"") | J95: =ROUND(SUM(J96:J100),2) -> 479605
A96: 9.1 | B96: 4915650 | C96: Injeção de adesivo estrutural à base de resina epóxi de baixa viscosidade para tratamento de fissuras em estruturas de concreto - fornecimento e aplicação manual | D96: SICRO | E96: kg | F96: 500 | G96: 283.83 | H96: ='BDI_SEM DESON.'!$B$45 -> 0.2389 | I96: =IFERROR(ROUND(IF(G96="","",G96*(1+H96)),2),"") -> 351.64 | J96: =TRUNC(F96*I96,2) -> 175820
A97: 9.2 | B97: 4915645 | C97: Injeção de adesivo estrutural à base de resina epóxi de baixa viscosidade para tratamento de fissuras em estruturas de concreto - fornecimento e aplicação mecanizada | D97: SICRO | E97: kg | F97: 500 | G97: 201.09 | H97: ='BDI_SEM DESON.'!$B$45 -> 0.2389 | I97: =IFERROR(ROUND(IF(G97="","",G97*(1+H97)),2),"") -> 249.13 | J97: =TRUNC(F97*I97,2) -> 124565
A98: 9.3 | B98: 4915653 | C98: Selagem superficial de fissuras com adesivo estrutural à base de resina epóxi de alta viscosidade, inclusive limpeza superficial - fornecimento e aplicação | D98: SICRO | E98: kg | F98: 1000 | G98: 68.72 | H98: ='BDI_SEM DESON.'!$B$45 -> 0.2389 | I98: =IFERROR(ROUND(IF(G98="","",G98*(1+H98)),2),"") -> 85.14 | J98: =TRUNC(F98*I98,2) -> 85140
A99: 9.4 | B99: 4915652 | C99: Bico de adesão para injeção de adesivo estrutural à base de resina epóxi - fornecimento, instalação e retirada | D99: SICRO | E99: un | F99: 4000 | G99: 8.14 | H99: ='BDI_SEM DESON.'!$B$45 -> 0.2389 | I99: =IFERROR(ROUND(IF(G99="","",G99*(1+H99)),2),"") -> 10.08 | J99: =TRUNC(F99*I99,2) -> 40320
A100: 9.5 | B100: 4915651 | C100: Bico de perfuração para injeção de adesivo estrutural à base de resina epóxi - fornecimento, instalação e retirada | D100: SICRO | E100: un | F100: 4000 | G100: 10.85 | H100: ='BDI_SEM DESON.'!$B$45 -> 0.2389 | I100: =IFERROR(ROUND(IF(G100="","",G100*(1+H100)),2),"") -> 13.44 | J100: =TRUNC(F100*I100,2) -> 53760
A101: 10 | C101: PLATAFORMA DE TRABALHO | I101: =IFERROR(ROUND(IF(G101="","",G101*(1+H101)),2),"") | J101: =ROUND(SUM(J102:J105),2) -> 8636052
A102: 10.1 | B102: 2106235 | C102: Escoramento metálico com quadro tubular contraventado - capacidade de carga até 3,8 t/m² - quadro de 1,0 x 1,0 x 1,25 m - utilização de 50 vezes - fornecimento, instalação e retirada | D102: SICRO | E102: m³ | F102: 96000 | G102: 3.42 | H102: ='BDI_SEM DESON.'!$B$45 -> 0.2389 | I102: =IFERROR(ROUND(IF(G102="","",G102*(1+H102)),2),"") -> 4.24 | J102: =TRUNC(F102*I102,2) -> 407040
A103: 10.2 | B103: 3816197 | C103: Plataforma de trabalho em madeira apoiada no solo - altura de até 6 m - utilização de 5 vezes - confecção, instalação e retirada | D103: SICRO | E103: m³ | F103: 57600 | G103: 74.19 | H103: ='BDI_SEM DESON.'!$B$45 -> 0.2389 | I103: =IFERROR(ROUND(IF(G103="","",G103*(1+H103)),2),"") -> 91.91 | J103: =TRUNC(F103*I103,2) -> 5294016
A104: 10.3 | B104: 3806410 | C104: Plataforma de trabalho suspensa sob tabuleiro de pontes com treliças metálicas e tábuas - utilização de 100 vezes - confecção, instalação e retirada | D104: SICRO | E104: m² | F104: 32000 | G104: 67.75 | H104: ='BDI_SEM DESON.'!$B$45 -> 0.2389 | I104: =IFERROR(ROUND(IF(G104="","",G104*(1+H104)),2),"") -> 83.94 | J104: =TRUNC(F104*I104,2) -> 2686080
A105: 10.4 | B105: 3808207 | C105: Escada tubular multidirecional em aço galvanizado - utilização de 100 vezes - fornecimento, instalação e retirada | D105: SICRO | E105: m | F105: 1200 | G105: 167.43 | H105: ='BDI_SEM DESON.'!$B$45 -> 0.2389 | I105: =IFERROR(ROUND(IF(G105="","",G105*(1+H105)),2),"") -> 207.43 | J105: =TRUNC(F105*I105,2) -> 248916
A106: 11 | C106: TRANSPORTES | I106: =IFERROR(ROUND(IF(G106="","",G106*(1+H106)),2),"") | J106: =ROUND(SUM(J107:J108),2) -> 2829956.1
A107: 11.1 | B107: 5915433 | C107: Carga, manobra e descarga de material demolido em caminhão basculante de 6 m³ - carga manual e descarga livre | D107: SICRO | E107: t | F107: 27268.8 | G107: 38.16 | H107: ='BDI_SEM DESON.'!$B$45 -> 0.2389 | I107: =IFERROR(ROUND(IF(G107="","",G107*(1+H107)),2),"") -> 47.28 | J107: =TRUNC(F107*I107,2) -> 1289268.9
A108: 11.2 | B108: 5914344 | C108: Transporte com caminhão basculante de 6 m³ - rodovia pavimentada | D108: SICRO | E108: tkm | F108: 1363440 | G108: 0.91 | H108: ='BDI_SEM DESON.'!$B$45 -> 0.2389 | I108: =IFERROR(ROUND(IF(G108="","",G108*(1+H108)),2),"") -> 1.13 | J108: =TRUNC(F108*I108,2) -> 1540687.2
A109: 12 | C109: PAVIMENTAÇÃO | I109: =IFERROR(ROUND(IF(G109="","",G109*(1+H109)),2),"") | J109: =ROUND(SUM(J110:J128),2) -> 8443949.2
A110: 12.1 | B110: 4011484 | C110: Reciclagem com incorporação do revestimento asfáltico à base e adição de 35% de brita comercial e adição de 3% de cimento - 100% Proctor modificado | D110: SICRO | E110: M³ | F110: 8158.08 | G110: 94.87 | H110: ='BDI_SEM DESON.'!$B$45 -> 0.2389 | I110: =IFERROR(ROUND(IF(G110="","",G110*(1+H110)),2),"") -> 117.53 | J110: =TRUNC(F110*I110,2) -> 958819.14
A111: 12.2 | B111: 4011276 | C111: Base ou sub-base de brita graduada com brita comercial - 100% Proctor modificado | D111: SICRO | E111: M³ | F111: 423.792 | G111: 18.23 | H111: ='BDI_SEM DESON.'!$B$45 -> 0.2389 | I111: =IFERROR(ROUND(IF(G111="","",G111*(1+H111)),2),"") -> 22.59 | J111: =TRUNC(F111*I111,2) -> 9573.46
A112: 12.3 | B112: COMP_63 | C112: COMP_63 Mistura BGS | D112: Composições Próprias | E112: M³ | F112: 423.792 | G112: 519.04 | H112: ='BDI_SEM DESON.'!$B$45 -> 0.2389 | I112: =IFERROR(ROUND(IF(G112="","",G112*(1+H112)),2),"") -> 643.04 | J112: =TRUNC(F112*I112,2) -> 272515.2 | L112: PREÇO ANTERIOR | M112: 241.39
A113: 12.4 | B113: 4011212 | C113: Varredura da superfície para execução de revestimento asfáltico | D113: SICRO | E113: m² | F113: 43144.8 | G113: 0.08 | H113: ='BDI_SEM DESON.'!$B$45 -> 0.2389 | I113: =IFERROR(ROUND(IF(G113="","",G113*(1+H113)),2),"") -> 0.1 | J113: =TRUNC(F113*I113,2) -> 4314.48
A114: 12.5 | B114: 4011352 | C114: Imprimação com emulsão asfáltica | D114: SICRO | E114: m² | F114: 2354.4 | G114: 0.61 | H114: ='BDI_SEM DESON.'!$B$45 -> 0.2389 | I114: =IFERROR(ROUND(IF(G114="","",G114*(1+H114)),2),"") -> 0.76 | J114: =TRUNC(F114*I114,2) -> 1789.34
A115: 12.6 | B115: 4011353 | C115: Pintura de ligação | D115: SICRO | E115: m² | F115: 81580.8 | G115: 0.42 | H115: ='BDI_SEM DESON.'!$B$45 -> 0.2389 | I115: =IFERROR(ROUND(IF(G115="","",G115*(1+H115)),2),"") -> 0.52 | J115: =TRUNC(F115*I115,2) -> 42422.01
A116: 12.7 | B116: 4011463 | C116: Concreto asfáltico - faixa C-12,5 - areia e brita comerciais | D116: SICRO | E116: T | F116: 5177.376 | G116: 190.68 | H116: ='BDI_SEM DESON.'!$B$45 -> 0.2389 | I116: =IFERROR(ROUND(IF(G116="","",G116*(1+H116)),2),"") -> 236.23 | J116: =TRUNC(F116*I116,2) -> 1223051.5
A117: 12.8 | B117: 4011372 | C117: Tratamento superficial duplo com banho diluído - brita comercial | D117: SICRO | E117: M² | F117: 40790.4 | G117: 6.76 | H117: ='BDI_SEM DESON.'!$B$45 -> 0.2389 | I117: =IFERROR(ROUND(IF(G117="","",G117*(1+H117)),2),"") -> 8.37 | J117: =TRUNC(F117*I117,2) -> 341415.64 | L117: PREÇO ANTERIOR | M117: 6.96
A118: 12.9 | B118: 92396/SINAPI | C118: COMP_52 Execução de passeio em piso intertravado, com bloco retangular cor natural de 20 x 10 cm, espessura 6 cm | D118: Composições Próprias | E118: m² | F118: 7765.815 | G118: 83.72 | H118: ='BDI_SEM DESON.'!$B$45 -> 0.2389 | I118: =IFERROR(ROUND(IF(G118="","",G118*(1+H118)),2),"") -> 103.72 | J118: =TRUNC(F118*I118,2) -> 805470.33 | L118: PREÇO ANTERIOR | M118: 81.91
A119: 12.10 | B119: 2003379 | C119: COMP_53 Meio-fio de concreto - MFC 06 - areia e brita comerciais - fôrma de madeira | D119: Composições Próprias | E119: M | F119: 6212.7 | G119: 34.54 | H119: ='BDI_SEM DESON.'!$B$45 -> 0.2389 | I119: =IFERROR(ROUND(IF(G119="","",G119*(1+H119)),2),"") -> 42.79 | J119: =TRUNC(F119*I119,2) -> 265841.43
A120: 12.11 | B120: 5502978 | C120: Compactação de aterros a 100% do Proctor normal | D120: SICRO | E120: m³ | F120: 1553.1 | G120: 5.72 | H120: ='BDI_SEM DESON.'!$B$45 -> 0.2389 | I120: =IFERROR(ROUND(IF(G120="","",G120*(1+H120)),2),"") -> 7.09 | J120: =TRUNC(F120*I120,2) -> 11011.47
A121: 12.12 | B121: ANP01 | C121: ANP Aquisição de Emulsão asfáltica para imprimação | D121: Composições Próprias | E121: t | F121: 2.814 | G121: =TRUNC(EAI!M39,2) -> 2619.87 | H121: ='BDI_SEM DESON.'!$B$45 -> 0.2389 | I121: =IFERROR(ROUND(IF(G121="","",G121*(1+H121)),2),"") -> 3245.76 | J121: =TRUNC(F121*I121,2) -> 9133.56
A122: 12.13 | B122: ANP02 | C122: ANP Aquisição de RR-1C | D122: Composições Próprias | E122: t | F122: 19.413 | G122: ='RR-1C'!M39 -> 3588.71 | H122: ='BDI_SEM DESON.'!$B$45 -> 0.2389 | I122: =IFERROR(ROUND(IF(G122="","",G122*(1+H122)),2),"") -> 4446.05 | J122: =TRUNC(F122*I122,2) -> 86311.16
A123: 12.14 | B123: ANP03 | C123: ANP Aquisição de CAP 50/70 | D123: Composições Próprias | E123: t | F123: 292.8327 | G123: ='CAP5070'!M38 -> 3854.77 | H123: ='BDI_SEM DESON.'!$B$45 -> 0.2389 | I123: =IFERROR(ROUND(IF(G123="","",G123*(1+H123)),2),"") -> 4775.67 | J123: =TRUNC(F123*I123,2) -> 1398472.3
A124: 12.15 | B124: ANP04 | C124: ANP Aquisição de RR-2C | D124: Composições Próprias | E124: t | F124: 212.928 | G124: ='RR-2C'!M39 -> 9971.66 | H124: ='BDI_SEM DESON.'!$B$45 -> 0.2389 | I124: =IFERROR(ROUND(IF(G124="","",G124*(1+H124)),2),"") -> 12353.89 | J124: =TRUNC(F124*I124,2) -> 2630489.1
...

Sheet COMPOSIÇÕES
C1: Composições Analíticas com Preço Unitário | E1: Bancos | G1: B.D.I. | I1: Encargos Sociais
C2: RECUPERAÇÃO E/OU REFORÇO ESTRUTURAL DE OAEs 1° a 8° DISTRITO RODOVIÁRIO | E2: SINAPI - 01/2026 - Pernambuco SICRO3 - 01/2026 - Pernambuco | G2: 23,89% | I2: Não Desonerado: embutido nos preços unitário dos insumos de mão de obra, de acordo com as bases.
A3: Composições Analíticas com Preço Unitário
A4: Composições Principais
A5: 1.1 | B5: Código | C5: Banco | D5: Descrição | E5: Tipo | G5: Und | H5: Quant. | I5: Valor Unit | J5: Total
A6: Composição | B6: CANT.01 | C6: Próprio | D6: Canteiro de Obras - Principal | G6: un | H6: 1 | I6: 130033.23 | J6: 130033.23
A7: Insumo | B7: CP0001 | C7: Próprio | D7: INSTALAÇÃO DO CANTEIRO DE OBRAS | E7: Outros | G7: UN | H7: 130033.23 | I7: 1 | J7: 130033.23
E8: MO sem LS => | F8: 0 | G8: LS => | H8: 0 | I8: MO com LS => | J8: 0
E9: Valor do BDI => | F9: 31064.94 | H9: Valor com BDI => | J9: 161098.17
A11: 1.2 | B11: Código | C11: Banco | D11: Descrição | E11: Tipo | G11: Und | H11: Quant. | I11: Valor Unit | J11: Total
A12: Composição | B12: CANT.02 | C12: Próprio | D12: Canteiro de Obras - Canteiros de apoio | G12: un | H12: 1 | I12: 32308.57 | J12: 32308.57
A13: Insumo | B13: CANT.02 | C13: Próprio | D13: Canteiro de Obras - Canteiros de apoio | E13: Serviços | G13: un | H13: 1 | I13: 32308.57 | J13: 32308.57
E14: MO sem LS => | F14: 0 | G14: LS => | H14: 0 | I14: MO com LS => | J14: 0
E15: Valor do BDI => | F15: 7718.52 | H15: Valor com BDI => | J15: 40027.09
A17: 2.1 | B17: Código | C17: Banco | D17: Descrição | E17: Tipo | G17: Und | H17: Quant. | I17: Valor Unit | J17: Total
A18: Composição | B18: ADM.02 | C18: Próprio | D18: ADMINISTRAÇÃO LOCAL DA OBRA | G18: un | H18: 1 | I18: 2707286.9 | J18: 2707286.9
A19: Insumo | B19: ADM.01 | C19: Próprio | D19: ADMINISTRAÇÃO LOCAL DA OBRA | E19: Serviços | G19: un | H19: 1 | I19: 2707286.9 | J19: 2707286.9
E20: MO sem LS => | F20: 0 | G20: LS => | H20: 0 | I20: MO com LS => | J20: 0
E21: Valor do BDI => | F21: 646770.85 | H21: Valor com BDI => | J21: 3354057.8
A23: 3.1 | B23: Código | C23: Banco | D23: Descrição | E23: Tipo | G23: Und | H23: Quant. | I23: Valor Unit | J23: Total
A24: Composição | B24: MOB.02 | C24: Próprio | D24: Mobilização e desmobilização | G24: un | H24: 1 | I24: 81055.37 | J24: 81055.37
A25: Insumo | B25: MOB.01 | C25: Próprio | D25: MOBILIZAÇÃO E DESMOBILIZAÇÃO DA OBRA | E25: Serviços | G25: un | H25: 1 | I25: 81055.37 | J25: 81055.37
E26: MO sem LS => | F26: 0 | G26: LS => | H26: 0 | I26: MO com LS => | J26: 0
E27: Valor do BDI => | F27: 19364.13 | H27: Valor com BDI => | J27: 100419.5
A29: 4.1 | B29: Código | C29: Banco | D29: Descrição | E29: Tipo | G29: Und | H29: Quant. | I29: Valor Unit | J29: Total
A30: Composição | B30: 4805767 | C30: SICRO3 | D30: Escavação manual em material de 2ª categoria na profundidade de 1 a 2 m | G30: m³ | H30: 1 | I30: 83.28 | J30: 83.28
A31: B | B31: Código | C31: Banco | D31: Mão de Obra | E31: Quantidade | F31: Custo Horário | J31: Custo Horário Total
A32: Insumo | B32: P9824 | C32: SICRO3 | D32: Servente | E32: 1 | I32: 23,45 | J32: 23,45
F33: Adicional de Mão de obra (%) | J33: 0
F34: Custo horário total de mão de obra | J34: 23.4491
F35: Custo horário total de execução | J35: 23.4491
F36: Produção de equipe | J36: 0.28571
F37: Custo unitário de execução | J37: 82.0731
F38: Custo do FIC | J38: 1.2057
F39: Custo do FIT | J39: 0
A40: F | B40: Momento de Transporte | C40: Banco | D40: Descrição | E40: Quantidade | F40: Distância Média de Transporte (DMT) | J40: Custo Horário
F41: LN | G41: RP | H41: P | I41: FE
F42: Custo do FIT | J42: 0
F43: Custo total de transporte | J43: 0
E44: MO sem LS => | F44: 82.07 | G44: LS => | H44: 0 | I44: MO com LS => | J44: 82.07
E45: Valor do BDI => | F45: 19.9 | H45: Valor com BDI => | J45: 103.18
A47: 4.2 | B47: Código | C47: Banco | D47: Descrição | E47: Tipo | G47: Und | H47: Quant. | I47: Valor Unit | J47: Total
A48: Composição | B48: 4815671 | C48: SICRO3 | D48: Reaterro e compactação com soquete vibratório | G48: m³ | H48: 1 | I48: 19.34 | J48: 19.34
A49: A | B49: Código | C49: Banco | D49: Equipamentos | E49: Quantidade | F49: Utilização | H49: Custo Horário | J49: Custo Horário Total
F50: Operativa | G50: Improdutiva | H50: Operativa | I50: Improdutiva
A51: Insumo | B51: E9647 | C51: SICRO3 | D51: Compactador manual com soquete vibratório - 4,10 kW | E51: 1 | F51: 1 | G51: 0 | H51: 12.55 | I51: 2.82 | J51: 12.55
F52: Custo horário total de equipamentos | J52: 12.5532
A53: B | B53: Código | C53: Banco | D53: Mão de Obra | E53: Quantidade | F53: Custo Horário | J53: Custo Horário Total
A54: Insumo | B54: P9824 | C54: SICRO3 | D54: Servente | E54: 2 | I54: 23,45 | J54: 46,90
F55: Adicional de Mão de obra (%) | J55: 0
F56: Custo horário total de mão de obra | J56: 46.8982
F57: Custo horário total de execução | J57: 59.4514
F58: Produção de equipe | J58: 3.1125
F59: Custo unitário de execução | J59: 19.1009
F60: Custo do FIC | J60: 0.2347
F61: Custo do FIT | J61: 0
A62: F | B62: Momento de Transporte | C62: Banco | D62: Descrição | E62: Quantidade | F62: Distância Média de Transporte (DMT) | J62: Custo Horário
F63: LN | G63: RP | H63: P | I63: FE
F64: Custo do FIT | J64: 0
F65: Custo total de transporte | J65: 0
E66: MO sem LS => | F66: 15.067695 | G66: LS => | H66: 0 | I66: MO com LS => | J66: 15.06
E67: Valor do BDI => | F67: 4.62 | H67: Valor com BDI => | J67: 23.96
A69: 4.3 | B69: Código | C69: Banco | D69: Descrição | E69: Tipo | G69: Und | H69: Quant. | I69: Valor Unit | J69: Total
A70: Composição | B70: 1505879 | C70: SICRO3 | D70: Enrocamento de pedra arrumada manualmente - pedra de mão comercial - fornecimento e assentamento | G70: m³ | H70: 1 | I70: 272.35 | J70: 272.35
A71: B | B71: Código | C71: Banco | D71: Mão de Obra | E71: Quantidade | F71: Custo Horário | J71: Custo Horário Total
A72: Insumo | B72: P9824 | C72: SICRO3 | D72: Servente | E72: 10 | I72: 23,45 | J72: 234,49
A73: Insumo | B73: P9821 | C73: SICRO3 | D73: Pedreiro | E73: 1 | I73: 28,87 | J73: 28,87
F74: Adicional de Mão de obra (%) | J74: 0
F75: Custo horário total de mão de obra | J75: 263.361
F76: Custo horário total de execução | J76: 263.361
F77: Produção de equipe | J77: 2
F78: Custo unitário de execução | J78: 131.6805
F79: Custo do FIC | J79: 6.3944
F80: Custo do FIT | J80: 0
A81: C | B81: Código | C81: Banco | D81: MATERIAL | E81: Quantidade | F81: Unidade | G81: Preço Unitário | J81: Custo Horário
A82: Insumo | B82: M1097 | C82: SICRO3 | D82: Pedra de mão ou rachão | E82: 1.2 | F82: m³ | G82: 109,07 | J82: 130,89
F83: Custo unitário total de material | J83: 130.8881
A84: E | B84: Tempo Fixo | C84: Banco | D84: Descrição | E84: Carga | F84: Quantidade | G84: Unidade | H84: Preço Unitário | J84: Custo Horário
A85: Composição | B85: 5914647 | C85: SICRO3 | D85: Carga, manobra e descarga de agregados ou solos em caminhão basculante de 10 m³ - carga com carregadeira de 3,40 m³ (exclusa) e descarga livre | E85: M1097 | F85: 1.8 | G85: t | H85: 1.88 | J85: 3.38
F86: Custo Total dos Tempos Fixos | J86: 3.384
A87: F | B87: Momento de Transporte | C87: Banco | D87: Descrição | E87: Quantidade | F87: Distância Média de Transporte (DMT) | J87: Custo Horário
F88: LN | G88: RP | H88: P | I88: FE
A89: Insumo | B89: M1097 | C89: SICRO3 | D89: Pedra de mão ou rachão | E89: 1.8 | F89: 5914359 0,00 1,27 0,0000 | G89: 5914374 0,00 1,02 0,0000 | H89: 5914389 0,00 0,85 0,0000 | I89: -- | J89: 0
F90: Custo do FIT | J90: 0
F91: Custo total de transporte | J91: 0
E92: MO sem LS => | F92: 131.68 | G92: LS => | H92: 0 | I92: MO com LS => | J92: 131.68
E93: Valor do BDI => | F93: 65.06 | H93: Valor com BDI => | J93: 337.41
A95: 4.4 | B95: Código | C95: Banco | D95: Descrição | E95: Tipo | G95: Und | H95: Quant. | I95: Valor Unit | J95: Total
A96: Composição | B96: 3806415 | C96: SICRO3 | D96: Demolição controlada de concreto com martelete | G96: m³ | H96: 1 | I96: 723.71 | J96: 723.71
A97: A | B97: Código | C97: Banco | D97: Equipamentos | E97: Quantidade | F97: Utilização | H97: Custo Horário | J97: Custo Horário Total
F98: Operativa | G98: Improdutiva | H98: Operativa | I98: Improdutiva
A99: Insumo | B99: E9513 | C99: SICRO3 | D99: Compressor de ar portátil de 160,46 l/s (340 PCM) - 81 kW | E99: 1 | F99: 1 | G99: 0 | H99: 127.74 | I99: 29.68 | J99: 127.74
A100: Insumo | B100: E9706 | C100: SICRO3 | D100: Martelete perfurador/rompedor a ar comprimido de 28 kg para concreto com capacidade de 1.230 gpm | E100: 4 | F100: 1 | G100: 0 | H100: 33.59 | I100: 31.33 | J100: 134.36
A101: Insumo | B101: E9071 | C101: SICRO3 | D101: Transportador manual carrinho de mão com capacidade de 80 l | E101: 1.02922 | F101: 1 | G101: 0 | H101: 0.73 | I101: 0.49 | J101: 0.75
F102: Custo horário total de equipamentos | J102: 262.84
A103: B | B103: Código | C103: Banco | D103: Mão de Obra | E103: Quantidade | F103: Custo Horário | J103: Custo Horário Total
A104: Insumo | B104: P9824 | C104: SICRO3 | D104: Servente | E104: 1.02922 | I104: 23,45 | J104: 24,13
F105: Adicional de Mão de obra (%) | J105: 0
F106: Custo horário total de mão de obra | J106: 24.1343
F107: Custo horário total de execução | J107: 286.9743
...

Sheet CRONOGRAMA 
B1: DEPARTAMENTO DE ESTRADAS DE RODAGEM DE PERNAMBUCO DIRETORIA DE PLANEJAMENTO E PROJETOS RELATÓRIO SINTÉTICO DO ORÇAMENTO
B4: Setor: DIRETORIA DE PLANEJAMENTO E PROJETOS
A6: Serviço: Recuperação e/ou Reforço Estrutural de OAEs | N6: Ano: 2026
A7: Orçamento: Recuperação e/ou Reforço Estrutural de Obras de Arte Especiais (Pontes, Viadutos, Passarelas e Afins) Sob Jurisdição do Departamento de Estradas de Rodagem do Estado de Pernambuco | N7: Rodovia:
A8: Trecho: Do 1º ao 8 Distrito rodoviário | N8: Extensão:
A9: ='ORÇAMENTO_SEM DESONERAÇÃO'!A9 -> BDI: 23,89 % (Geral) e 17,51% (Diferenciado) | K9: Data Base: JAN-2026 | N9: Preço Total: | O9: =VALOR_TOTAL -> 1.1804708e+08
A11: CRONOGRAMA FÍSICO-FINANCEIRO
A12: ITEM | B12: DISCRIMINAÇÃO | C12: PREÇO TOTAL (R$) | D12: MESES
D13: 1 | E13: 2 | F13: 3 | G13: 4 | H13: 5 | I13: 6 | J13: 7 | K13: 8 | L13: 9 | M13: 10 | N13: 11 | O13: 12
A14: 1 | B14: =VLOOKUP(A14,'ORÇAMENTO_SEM DESONERAÇÃO'!$A$12:$J$128,3,0) -> INSTALAÇÃO DO CANTEIRO DA OBRAS | C14: =VLOOKUP(A14,'ORÇAMENTO_SEM DESONERAÇÃO'!$A$12:$J$128,10,0) -> 1527958.1 | D14: =1/12 -> 0.083333333 | E14: =1/12 -> 0.083333333 | F14: =1/12 -> 0.083333333 | G14: =1/12 -> 0.083333333 | H14: =1/12 -> 0.083333333 | I14: =1/12 -> 0.083333333 | J14: =1/12 -> 0.083333333 | K14: =1/12 -> 0.083333333 | ... O14: =1/12 -> 0.083333333
D16: =D14*$C$14 -> 127329.84 | E16: =E14*$C$14 -> 127329.84 | F16: =F14*$C$14 -> 127329.84 | G16: =G14*$C$14 -> 127329.84 | H16: =H14*$C$14 -> 127329.84 | I16: =I14*$C$14 -> 127329.84 | J16: =J14*$C$14 -> 127329.84 | K16: =K14*$C$14 -> 127329.84 | ... O16: =O14*$C$14 -> 127329.84
A17: 2 | B17: =VLOOKUP(A17,'ORÇAMENTO_SEM DESONERAÇÃO'!$A$12:$J$128,3,0) -> ADMINISTRAÇÃO LOCAL DA OBRA | C17: =VLOOKUP(A17,'ORÇAMENTO_SEM DESONERAÇÃO'!$A$12:$J$128,10,0) -> 3354057.8 | D17: =1/12 -> 0.083333333 | E17: =1/12 -> 0.083333333 | F17: =1/12 -> 0.083333333 | G17: =1/12 -> 0.083333333 | H17: =1/12 -> 0.083333333 | I17: =1/12 -> 0.083333333 | J17: =1/12 -> 0.083333333 | K17: =1/12 -> 0.083333333 | ... O17: =1/12 -> 0.083333333
D19: =D17*$C$17 -> 279504.82 | E19: =E17*$C$17 -> 279504.82 | F19: =F17*$C$17 -> 279504.82 | G19: =G17*$C$17 -> 279504.82 | H19: =H17*$C$17 -> 279504.82 | I19: =I17*$C$17 -> 279504.82 | J19: =J17*$C$17 -> 279504.82 | K19: =K17*$C$17 -> 279504.82 | ... O19: =O17*$C$17 -> 279504.82
A20: 3 | B20: =VLOOKUP(A20,'ORÇAMENTO_SEM DESONERAÇÃO'!$A$12:$J$128,3,0) -> MOBILIZAÇÃO E DESMOBILIZAÇÃO | C20: =VLOOKUP(A20,'ORÇAMENTO_SEM DESONERAÇÃO'!$A$12:$J$128,10,0) -> 100419.5 | D20: =1/12 -> 0.083333333 | E20: =1/12 -> 0.083333333 | F20: =1/12 -> 0.083333333 | G20: =1/12 -> 0.083333333 | H20: =1/12 -> 0.083333333 | I20: =1/12 -> 0.083333333 | J20: =1/12 -> 0.083333333 | K20: =1/12 -> 0.083333333 | ... O20: =1/12 -> 0.083333333
D22: =D20*$C$20 -> 8368.2917 | E22: =E20*$C$20 -> 8368.2917 | F22: =F20*$C$20 -> 8368.2917 | G22: =G20*$C$20 -> 8368.2917 | H22: =H20*$C$20 -> 8368.2917 | I22: =I20*$C$20 -> 8368.2917 | J22: =J20*$C$20 -> 8368.2917 | K22: =K20*$C$20 -> 8368.2917 | ... O22: =O20*$C$20 -> 8368.2917
A23: 4 | B23: =VLOOKUP(A23,'ORÇAMENTO_SEM DESONERAÇÃO'!$A$12:$J$128,3,0) -> INFRAESTRUTURA | C23: =VLOOKUP(A23,'ORÇAMENTO_SEM DESONERAÇÃO'!$A$12:$J$128,10,0) -> 31402267 | D23: =1/12 -> 0.083333333 | E23: =1/12 -> 0.083333333 | F23: =1/12 -> 0.083333333 | G23: =1/12 -> 0.083333333 | H23: =1/12 -> 0.083333333 | I23: =1/12 -> 0.083333333 | J23: =1/12 -> 0.083333333 | K23: =1/12 -> 0.083333333 | ... O23: =1/12 -> 0.083333333
D25: =D23*$C$23 -> 2616855.6 | E25: =E23*$C$23 -> 2616855.6 | F25: =F23*$C$23 -> 2616855.6 | G25: =G23*$C$23 -> 2616855.6 | H25: =H23*$C$23 -> 2616855.6 | I25: =I23*$C$23 -> 2616855.6 | J25: =J23*$C$23 -> 2616855.6 | K25: =K23*$C$23 -> 2616855.6 | ... O25: =O23*$C$23 -> 2616855.6
A26: 5 | B26: =VLOOKUP(A26,'ORÇAMENTO_SEM DESONERAÇÃO'!$A$12:$J$128,3,0) -> MESOESTRUTURA | C26: =VLOOKUP(A26,'ORÇAMENTO_SEM DESONERAÇÃO'!$A$12:$J$128,10,0) -> 24742462 | D26: =1/12 -> 0.083333333 | E26: =1/12 -> 0.083333333 | F26: =1/12 -> 0.083333333 | G26: =1/12 -> 0.083333333 | H26: =1/12 -> 0.083333333 | I26: =1/12 -> 0.083333333 | J26: =1/12 -> 0.083333333 | K26: =1/12 -> 0.083333333 | ... O26: =1/12 -> 0.083333333
D28: =D26*$C$26 -> 2061871.8 | E28: =E26*$C$26 -> 2061871.8 | F28: =F26*$C$26 -> 2061871.8 | G28: =G26*$C$26 -> 2061871.8 | H28: =H26*$C$26 -> 2061871.8 | I28: =I26*$C$26 -> 2061871.8 | J28: =J26*$C$26 -> 2061871.8 | K28: =K26*$C$26 -> 2061871.8 | ... O28: =O26*$C$26 -> 2061871.8
A29: 6 | B29: =VLOOKUP(A29,'ORÇAMENTO_SEM DESONERAÇÃO'!$A$12:$J$128,3,0) -> TABULEIRO | C29: =VLOOKUP(A29,'ORÇAMENTO_SEM DESONERAÇÃO'!$A$12:$J$128,10,0) -> 32381288 | D29: =1/12 -> 0.083333333 | E29: =1/12 -> 0.083333333 | F29: =1/12 -> 0.083333333 | G29: =1/12 -> 0.083333333 | H29: =1/12 -> 0.083333333 | I29: =1/12 -> 0.083333333 | J29: =1/12 -> 0.083333333 | K29: =1/12 -> 0.083333333 | ... O29: =1/12 -> 0.083333333
D31: =D29*$C$29 -> 2698440.7 | E31: =E29*$C$29 -> 2698440.7 | F31: =F29*$C$29 -> 2698440.7 | G31: =G29*$C$29 -> 2698440.7 | H31: =H29*$C$29 -> 2698440.7 | I31: =I29*$C$29 -> 2698440.7 | J31: =J29*$C$29 -> 2698440.7 | K31: =K29*$C$29 -> 2698440.7 | ... O31: =O29*$C$29 -> 2698440.7
A32: 7 | B32: =VLOOKUP(A32,'ORÇAMENTO_SEM DESONERAÇÃO'!$A$12:$J$128,3,0) -> JUNTA DE DILATAÇÃO | C32: =VLOOKUP(A32,'ORÇAMENTO_SEM DESONERAÇÃO'!$A$12:$J$128,10,0) -> 1903177 | D32: =1/12 -> 0.083333333 | E32: =1/12 -> 0.083333333 | F32: =1/12 -> 0.083333333 | G32: =1/12 -> 0.083333333 | H32: =1/12 -> 0.083333333 | I32: =1/12 -> 0.083333333 | J32: =1/12 -> 0.083333333 | K32: =1/12 -> 0.083333333 | ... O32: =1/12 -> 0.083333333
D34: =D32*$C$32 -> 158598.08 | E34: =E32*$C$32 -> 158598.08 | F34: =F32*$C$32 -> 158598.08 | G34: =G32*$C$32 -> 158598.08 | H34: =H32*$C$32 -> 158598.08 | I34: =I32*$C$32 -> 158598.08 | J34: =J32*$C$32 -> 158598.08 | K34: =K32*$C$32 -> 158598.08 | ... O34: =O32*$C$32 -> 158598.08
A35: 8 | B35: =VLOOKUP(A35,'ORÇAMENTO_SEM DESONERAÇÃO'!$A$12:$J$128,3,0) -> ELEMENTOS DIVERSOS | C35: =VLOOKUP(A35,'ORÇAMENTO_SEM DESONERAÇÃO'!$A$12:$J$128,10,0) -> 2245887.2 | D35: =1/12 -> 0.083333333 | E35: =1/12 -> 0.083333333 | F35: =1/12 -> 0.083333333 | G35: =1/12 -> 0.083333333 | H35: =1/12 -> 0.083333333 | I35: =1/12 -> 0.083333333 | J35: =1/12 -> 0.083333333 | K35: =1/12 -> 0.083333333 | ... O35: =1/12 -> 0.083333333
D37: =D35*$C$35 -> 187157.27 | E37: =E35*$C$35 -> 187157.27 | F37: =F35*$C$35 -> 187157.27 | G37: =G35*$C$35 -> 187157.27 | H37: =H35*$C$35 -> 187157.27 | I37: =I35*$C$35 -> 187157.27 | J37: =J35*$C$35 -> 187157.27 | K37: =K35*$C$35 -> 187157.27 | ... O37: =O35*$C$35 -> 187157.27
A38: 9 | B38: =VLOOKUP(A38,'ORÇAMENTO_SEM DESONERAÇÃO'!$A$12:$J$128,3,0) -> TRATAMENTO DE FISSURAS | C38: =VLOOKUP(A38,'ORÇAMENTO_SEM DESONERAÇÃO'!$A$12:$J$128,10,0) -> 479605 | D38: =1/12 -> 0.083333333 | E38: =1/12 -> 0.083333333 | F38: =1/12 -> 0.083333333 | G38: =1/12 -> 0.083333333 | H38: =1/12 -> 0.083333333 | I38: =1/12 -> 0.083333333 | J38: =1/12 -> 0.083333333 | K38: =1/12 -> 0.083333333 | ... O38: =1/12 -> 0.083333333
D40: =D38*$C$38 -> 39967.083 | E40: =E38*$C$38 -> 39967.083 | F40: =F38*$C$38 -> 39967.083 | G40: =G38*$C$38 -> 39967.083 | H40: =H38*$C$38 -> 39967.083 | I40: =I38*$C$38 -> 39967.083 | J40: =J38*$C$38 -> 39967.083 | K40: =K38*$C$38 -> 39967.083 | ... O40: =O38*$C$38 -> 39967.083
A41: 10 | B41: =VLOOKUP(A41,'ORÇAMENTO_SEM DESONERAÇÃO'!$A$12:$J$128,3,0) -> PLATAFORMA DE TRABALHO | C41: =VLOOKUP(A41,'ORÇAMENTO_SEM DESONERAÇÃO'!$A$12:$J$128,10,0) -> 8636052 | D41: =1/12 -> 0.083333333 | E41: =1/12 -> 0.083333333 | F41: =1/12 -> 0.083333333 | G41: =1/12 -> 0.083333333 | H41: =1/12 -> 0.083333333 | I41: =1/12 -> 0.083333333 | J41: =1/12 -> 0.083333333 | K41: =1/12 -> 0.083333333 | ... O41: =1/12 -> 0.083333333
D43: =D41*$C$41 -> 719671 | E43: =E41*$C$41 -> 719671 | F43: =F41*$C$41 -> 719671 | G43: =G41*$C$41 -> 719671 | H43: =H41*$C$41 -> 719671 | I43: =I41*$C$41 -> 719671 | J43: =J41*$C$41 -> 719671 | K43: =K41*$C$41 -> 719671 | ... O43: =O41*$C$41 -> 719671
A44: 11 | B44: =VLOOKUP(A44,'ORÇAMENTO_SEM DESONERAÇÃO'!$A$12:$J$128,3,0) -> TRANSPORTES | C44: =VLOOKUP(A44,'ORÇAMENTO_SEM DESONERAÇÃO'!$A$12:$J$128,10,0) -> 2829956.1 | D44: =1/12 -> 0.083333333 | E44: =1/12 -> 0.083333333 | F44: =1/12 -> 0.083333333 | G44: =1/12 -> 0.083333333 | H44: =1/12 -> 0.083333333 | I44: =1/12 -> 0.083333333 | J44: =1/12 -> 0.083333333 | K44: =1/12 -> 0.083333333 | ... O44: =1/12 -> 0.083333333
D46: =D44*$C$44 -> 235829.67 | E46: =E44*$C$44 -> 235829.67 | F46: =F44*$C$44 -> 235829.67 | G46: =G44*$C$44 -> 235829.67 | H46: =H44*$C$44 -> 235829.67 | I46: =I44*$C$44 -> 235829.67 | J46: =J44*$C$44 -> 235829.67 | K46: =K44*$C$44 -> 235829.67 | ... O46: =O44*$C$44 -> 235829.67
A47: 12 | B47: =VLOOKUP(A47,'ORÇAMENTO_SEM DESONERAÇÃO'!$A$12:$J$128,3,0) -> PAVIMENTAÇÃO | C47: =VLOOKUP(A47,'ORÇAMENTO_SEM DESONERAÇÃO'!$A$12:$J$128,10,0) -> 8443949.2 | D47: =1/12 -> 0.083333333 | E47: =1/12 -> 0.083333333 | F47: =1/12 -> 0.083333333 | G47: =1/12 -> 0.083333333 | H47: =1/12 -> 0.083333333 | I47: =1/12 -> 0.083333333 | J47: =1/12 -> 0.083333333 | K47: =1/12 -> 0.083333333 | ... O47: =1/12 -> 0.083333333
D49: =D47*$C$47 -> 703662.44 | E49: =E47*$C$47 -> 703662.44 | F49: =F47*$C$47 -> 703662.44 | G49: =G47*$C$47 -> 703662.44 | H49: =H47*$C$47 -> 703662.44 | I49: =I47*$C$47 -> 703662.44 | J49: =J47*$C$47 -> 703662.44 | K49: =K47*$C$47 -> 703662.44 | ... O49: =O47*$C$47 -> 703662.44
A50: DESEMBOLSO MENSAL (R$) | C50: PARCIAL | D50: =D16+D19+D22+D25+D28+D31+D34+D37+D40+D43+D46+D49 -> 9837256.6 | E50: =E16+E19+E22+E25+E28+E31+E34+E37+E40+E43+E46+E49 -> 9837256.6 | F50: =F16+F19+F22+F25+F28+F31+F34+F37+F40+F43+F46+F49 -> 9837256.6 | G50: =G16+G19+G22+G25+G28+G31+G34+G37+G40+G43+G46+G49 -> 9837256.6 | H50: =H16+H19+H22+H25+H28+H31+H34+H37+H40+H43+H46+H49 -> 9837256.6 | I50: =I16+I19+I22+I25+I28+I31+I34+I37+I40+I43+I46+I49 -> 9837256.6 | J50: =J16+J19+J22+J25+J28+J31+J34+J37+J40+J43+J46+J49 -> 9837256.6 | K50: =K16+K19+K22+K25+K28+K31+K34+K37+K40+K43+K46+K49 -> 9837256.6 | ... O50: =O16+O19+O22+O25+O28+O31+O34+O37+O40+O43+O46+O49 -> 9837256.6
C51: ACUMULADO | D51: =D50 -> 9837256.6 | E51: =E50+D51 -> 19674513 | F51: =F50+E51 -> 29511770 | G51: =G50+F51 -> 39349026 | H51: =H50+G51 -> 49186283 | I51: =I50+H51 -> 59023540 | J51: =J50+I51 -> 68860796 | K51: =K50+J51 -> 78698053 | L51: =L50+K51 -> 88535309 | ... O51: =O50+N51 -> 1.1804708e+08
A52: DESEMBOLSO MENSAL (%) | C52: PARCIAL | D52: =D50/$O$9 -> 0.083333333 | E52: =E50/$O$9 -> 0.083333333 | F52: =F50/$O$9 -> 0.083333333 | G52: =G50/$O$9 -> 0.083333333 | H52: =H50/$O$9 -> 0.083333333 | I52: =I50/$O$9 -> 0.083333333 | J52: =J50/$O$9 -> 0.083333333 | K52: =K50/$O$9 -> 0.083333333 | ... O52: =O50/$O$9 -> 0.083333333
C53: ACUMULADO | D53: =D52 -> 0.083333333 | E53: =E52+D53 -> 0.16666667 | F53: =F52+E53 -> 0.25 | G53: =G52+F53 -> 0.33333333 | H53: =H52+G53 -> 0.41666667 | I53: =I52+H53 -> 0.5 | J53: =J52+I53 -> 0.58333333 | K53: =K52+J53 -> 0.66666667 | L53: =L52+K53 -> 0.75 | ... O53: =O52+N53 -> 1

Sheet CURVA ABC
B1: DEPARTAMENTO DE ESTRADAS DE RODAGEM DE PERNAMBUCO DIRETORIA DE PLANEJAMENTO E PROJETOS RELATÓRIO SINTÉTICO DO ORÇAMENTO
B4: Setor: DIRETORIA DE PLANEJAMENTO E PROJETOS
A6: Serviço: Recuperação e/ou Reforço Estrutural de OAEs | J6: Ano: 2026
A7: Orçamento: Recuperação e/ou Reforço Estrutural de Obras de Arte Especiais (Pontes, Viadutos, Passarelas e Afins) Sob Jurisdição do Departamento de Estradas de Rodagem do Estado de Pernambuco | J7: Rodovia:
A8: Trecho: Do 1º ao 8 Distrito rodoviário | J8: Extensão:
A9: ='ORÇAMENTO_SEM DESONERAÇÃO'!A9 -> BDI: 23,89 % (Geral) e 17,51% (Diferenciado) | H9: Data Base: JAN/2026 | J9: Preço Total: | K9: =VALOR_TOTAL -> 1.1804708e+08
A11: CÓDIGO | B11: FONTE | C11: DESCRIÇÃO | D11: UND. | E11: QUANT. | F11: PREÇO UNITÁRIO SEM BDI R$ | G11: BDI | H11: PREÇO UNITÁRIO COM BDI R$ | I11: PREÇO TOTAL R$ | J11: % INDV. | K11: % ACUM.
A12: 1505879 | B12: Enrocamento de pedra arrumada manualmente - pedra de mão comercial - fornecimento e assentamento | C12: SICRO | D12: m³ | E12: 62989.24 | F12: 272.35 | G12: 0.2389 | H12: =ROUND(F12*(1+G12),2) -> 337.41 | I12: =TRUNC(H12*E12) -> 21253199 | J12: =I12/$I$90 -> 0.18004002 | K12: =J12 -> 0.18004002
A13: 3108015 | B13: Fôrmas de compensado plastificado 14 mm - uso geral - utilização de 1 vez - confecção, instalação e retirada | C13: SICRO | D13: m² | E13: 66880 | F13: 178.74 | G13: 0.2389 | H13: =ROUND(F13*(1+G13),2) -> 221.44 | I13: =TRUNC(H13*E13) -> 14809907 | J13: =I13/$I$90 -> 0.12545763 | K13: =K12+J13 -> 0.30549766
A14: 2407972 | B14: Fornecimento e aplicação de adesivo estrutural à base de resina epóxi | C14: SICRO | D14: kg | E14: 122761.6 | F14: 70.74 | G14: 0.2389 | H14: =ROUND(F14*(1+G14),2) -> 87.64 | I14: =TRUNC(H14*E14) -> 10758826 | J14: =I14/$I$90 -> 0.091140129 | K14: =K13+J14 -> 0.39663779
A15: 407819 | B15: Armação em aço CA-50 - fornecimento, preparo e colocação | C15: SICRO | D15: kg | E15: 608000 | F15: 12.59 | G15: 0.2389 | H15: =ROUND(F15*(1+G15),2) -> 15.6 | I15: =TRUNC(H15*E15) -> 9484800 | J15: =I15/$I$90 -> 0.080347604 | K15: =K14+J15 -> 0.47698539
A16: 1207723 | B16: Concreto projetado via seca fck = 40 MPa aplicado em superfícies inclinadas e verticais | C16: SICRO | D16: m³ | E16: 3744 | F16: 1437.15 | G16: 0.2389 | H16: =ROUND(F16*(1+G16),2) -> 1780.49 | I16: =TRUNC(H16*E16) -> 6666154 | J16: =I16/$I$90 -> 0.0564703 | K16: =K15+J16 -> 0.53345569
A17: 3806415 | B17: Demolição controlada de concreto com martelete | C17: SICRO | D17: m³ | E17: 6080 | F17: 723.71 | G17: 0.2389 | H17: =ROUND(F17*(1+G17),2) -> 896.6 | I17: =TRUNC(H17*E17) -> 5451328 | J17: =I17/$I$90 -> 0.046179271 | K17: =K16+J17 -> 0.57963496
A18: 3816197 | B18: Plataforma de trabalho em madeira apoiada no solo - altura de até 6 m - utilização de 5 vezes - confecção, instalação e retirada | C18: SICRO | D18: m³ | E18: 57600 | F18: 74.19 | G18: 0.2389 | H18: =ROUND(F18*(1+G18),2) -> 91.91 | I18: =TRUNC(H18*E18) -> 5294016 | J18: =I18/$I$90 -> 0.04484665 | K18: =K17+J18 -> 0.62448161
A19: ADM.02 | B19: ADMINISTRAÇÃO LOCAL DA OBRA | C19: Próprio | D19: un | E19: 1 | F19: 2707286.9 | G19: 0.2389 | H19: =ROUND(F19*(1+G19),2) -> 3354057.8 | I19: =TRUNC(H19*E19) -> 3354057 | J19: =I19/$I$90 -> 0.028412876 | K19: =K18+J19 -> 0.65289449
A20: 3806414 | B20: Remoção de concreto com jateamento d'água sob alta pressão | C20: SICRO | D20: m³ | E20: 3040 | F20: 882.27 | G20: 0.2389 | H20: =ROUND(F20*(1+G20),2) -> 1093.04 | I20: =TRUNC(H20*E20) -> 3322841 | J20: =I20/$I$90 -> 0.028148439 | K20: =K19+J20 -> 0.68104292
A21: 3806410 | B21: Plataforma de trabalho suspensa sob tabuleiro de pontes com treliças metálicas e tábuas - utilização de 100 vezes - confecção, instalação e retirada | C21: SICRO | D21: m² | E21: 32000 | F21: 67.75 | G21: 0.2389 | H21: =ROUND(F21*(1+G21),2) -> 83.94 | I21: =TRUNC(H21*E21) -> 2686080 | J21: =I21/$I$90 -> 0.022754311 | K21: =K20+J21 -> 0.70379724
A22: ANP.03 | B22: AQUISIÇÃO DE RR-2C | C22: Próprio | D22: T | E22: 212.928 | F22: 9971.66 | G22: 0.2389 | H22: =ROUND(F22*(1+G22),2) -> 12353.89 | I22: =TRUNC(H22*E22) -> 2630489 | J22: =I22/$I$90 -> 0.022283389 | K22: =K21+J22 -> 0.72608063
A23: 1207725 | B23: Concreto projetado via seca fck = 40 MPa via seca aplicado em teto | C23: SICRO | D23: m³ | E23: 960 | F23: 2156.66 | G23: 0.2389 | H23: =ROUND(F23*(1+G23),2) -> 2671.89 | I23: =TRUNC(H23*E23) -> 2565014 | J23: =I23/$I$90 -> 0.021728738 | K23: =K22+J23 -> 0.74780936
A24: 1109680 | B24: Argamassa para reparos e grauteamento - confecção em misturador e lançamento manual | C24: SICRO | D24: m³ | E24: 384 | F24: 3996.55 | G24: 0.2389 | H24: =ROUND(F24*(1+G24),2) -> 4951.33 | I24: =TRUNC(H24*E24) -> 1901310 | J24: =I24/$I$90 -> 0.016106371 | K24: =K23+J24 -> 0.76391573
A25: 3806413 | B25: Apicoamento mecanizado de concreto | C25: SICRO | D25: m² | E25: 60800 | F25: 24.87 | G25: 0.2389 | H25: =ROUND(F25*(1+G25),2) -> 30.81 | I25: =TRUNC(H25*E25) -> 1873248 | J25: =I25/$I$90 -> 0.015868652 | K25: =K24+J25 -> 0.77978439
A26: 5605945 | B26: Protensão de tirante permanente protendido de aço D = 32 mm, tensão de escoamento = 950 MPa e tensão de ruptura = 1.050 MPa - inclusive ancoragem e grauteamento da cabeça | C26: SICRO | D26: un | E26: 2400 | F26: 594.2 | G26: 0.2389 | H26: =ROUND(F26*(1+G26),2) -> 736.15 | I26: =TRUNC(H26*E26) -> 1766760 | J26: =I26/$I$90 -> 0.014966571 | K26: =K25+J26 -> 0.79475096
A27: 5605882 | B27: Tirante permanente protendido de aço D = 32 mm, tensão de escoamento = 950 MPa e tensão de ruptura = 1.050 MPa - exceto perfuração | C27: SICRO | D27: m | E27: 3600 | F27: 392.39 | G27: 0.2389 | H27: =ROUND(F27*(1+G27),2) -> 486.13 | I27: =TRUNC(H27*E27) -> 1750068 | J27: =I27/$I$90 -> 0.01482517 | K27: =K26+J27 -> 0.80957613
A28: 5914344 | B28: Transporte com caminhão basculante de 6 m³ - rodovia pavimentada | C28: SICRO | D28: tkm | E28: 1363440 | F28: 0.91 | G28: 0.2389 | H28: =ROUND(F28*(1+G28),2) -> 1.13 | I28: =TRUNC(H28*E28) -> 1540687 | J28: =I28/$I$90 -> 0.013051462 | K28: =K27+J28 -> 0.82262759
A29: 3815706 | B29: Recomposição de guarda-corpo com agregados comerciais - instalação | C29: SICRO | D29: m | E29: 8800 | F29: 134.47 | G29: 0.2389 | H29: =ROUND(F29*(1+G29),2) -> 166.59 | I29: =TRUNC(H29*E29) -> 1465992 | J29: =I29/$I$90 -> 0.012418706 | K29: =K28+J29 -> 0.8350463
A30: CPU 010 | B30: AQUISIÇÃO DE CIMENTO ASFÁLTICO CAP 50/70 | C30: Próprio | D30: T | E30: 292.8327 | F30: 3854.77 | G30: 0.2389 | H30: =ROUND(F30*(1+G30),2) -> 4775.67 | I30: =TRUNC(H30*E30) -> 1398472 | J30: =I30/$I$90 -> 0.011846731 | K30: =K29+J30 -> 0.84689303
A31: 5915433 | B31: Carga, manobra e descarga de material demolido em caminhão basculante de 6 m³ - carga manual e descarga livre | C31: SICRO | D31: t | E31: 27268.8 | F31: 38.16 | G31: 0.2389 | H31: =ROUND(F31*(1+G31),2) -> 47.28 | I31: =TRUNC(H31*E31) -> 1289268 | J31: =I31/$I$90 -> 0.010921643 | K31: =K30+J31 -> 0.85781467
A32: 4011463 | B32: Concreto asfáltico - faixa C-12,5 - areia e brita comerciais | C32: SICRO | D32: t | E32: 5177.38 | F32: 190.68 | G32: 0.2389 | H32: =ROUND(F32*(1+G32),2) -> 236.23 | I32: =TRUNC(H32*E32) -> 1223052 | J32: =I32/$I$90 -> 0.010360714 | K32: =K31+J32 -> 0.86817538
A33: CANT.04 | B33: Canteiro de Obras - Principal | C33: Próprio | D33: un | E33: 7 | F33: 130033.23 | G33: 0.2389 | H33: =ROUND(F33*(1+G33),2) -> 161098.17 | I33: =TRUNC(H33*E33) -> 1127687 | J33: =I33/$I$90 -> 0.0095528581 | K33: =K32+J33 -> 0.87772824
A34: 2419703 | B34: Pintura com tinta anticorrosiva à base de epóxi poliamida de dois componentes com pistola a ar comprimido, uma demão, espessura de 150 µm | C34: SICRO | D34: m² | E34: 60800 | F34: 14.69 | G34: 0.2389 | H34: =ROUND(F34*(1+G34),2) -> 18.2 | I34: =TRUNC(H34*E34) -> 1106560 | J34: =I34/$I$90 -> 0.0093738872 | K34: =K33+J34 -> 0.88710213
A35: 4011484 | B35: Reciclagem com incorporação do revestimento asfáltico à base e adição de brita comercial - 100% Proctor modificado | C35: SICRO | D35: m³ | E35: 8158.08 | F35: 94.87 | G35: 0.2389 | H35: =ROUND(F35*(1+G35),2) -> 117.53 | I35: =TRUNC(H35*E35) -> 958819 | J35: =I35/$I$90 -> 0.0081223441 | K35: =K34+J35 -> 0.89522447
A36: 1608144 | B36: Perfuração em concreto com coroa diamantada - D = 44 mm | C36: SICRO | D36: m | E36: 7200 | F36: 103.7 | G36: 0.2389 | H36: =ROUND(F36*(1+G36),2) -> 128.47 | I36: =TRUNC(H36*E36) -> 924984 | J36: =I36/$I$90 -> 0.0078357212 | K36: =K35+J36 -> 0.90306019
A37: 1608025 | B37: Perfuração em concreto com martelete elétrico - D = 14 mm | C37: SICRO | D37: m | E37: 16640 | F37: 40.3 | G37: 0.2389 | H37: =ROUND(F37*(1+G37),2) -> 49.93 | I37: =TRUNC(H37*E37) -> 830835 | J37: =I37/$I$90 -> 0.0070381665 | K37: =K36+J37 -> 0.91009836
A38: COMP_PPE_02 | B38: Execução de passeio em piso intertravado, com bloco retangular cor natural de 20 x 10 cm, espessura 6 cm (m²) | C38: Próprio | D38: m² | E38: 7765.82 | F38: 83.72 | G38: 0.2389 | H38: =ROUND(F38*(1+G38),2) -> 103.72 | I38: =TRUNC(H38*E38) -> 805470 | J38: =I38/$I$90 -> 0.0068232946 | K38: =K37+J38 -> 0.91692165
A39: 307733 | B39: Junta de dilatação em elastômero e perfil VV - L = 20 mm e H = 40 mm - fornecimento e instalação | C39: SICRO | D39: m | E39: 2000 | F39: 299.22 | G39: 0.2389 | H39: =ROUND(F39*(1+G39),2) -> 370.7 | I39: =TRUNC(H39*E39) -> 741400 | J39: =I39/$I$90 -> 0.0062805451 | K39: =K38+J39 -> 0.9232022
A40: 307731 | B40: Aparelho de apoio de neoprene fretado para estruturas moldadas no local - fornecimento e instalação | C40: SICRO | D40: dm³ | E40: 3600 | F40: 153.25 | G40: 0.2389 | H40: =ROUND(F40*(1+G40),2) -> 189.86 | I40: =TRUNC(H40*E40) -> 683496 | J40: =I40/$I$90 -> 0.0057900289 | K40: =K39+J40 -> 0.92899223
A41: 4805767 | B41: Escavação manual em material de 2ª categoria na profundidade de 1 a 2 m | C41: SICRO | D41: m³ | E41: 5760 | F41: 83.28 | G41: 0.2389 | H41: =ROUND(F41*(1+G41),2) -> 103.18 | I41: =TRUNC(H41*E41) -> 594316 | J41: =I41/$I$90 -> 0.0050345676 | K41: =K40+J41 -> 0.9340268
A42: 5213424 | B42: Placa modulada em aço nº 18 galvanizado com película retrorrefletiva tipo III + III - confecção | C42: SICRO | D42: m² | E42: 681.25 | F42: 629.33 | G42: 0.2389 | H42: =ROUND(F42*(1+G42),2) -> 779.68 | I42: =TRUNC(H42*E42) -> 531157 | J42: =I42/$I$90 -> 0.0044995353 | K42: =K41+J42 -> 0.93852633
A43: 1106165 | B43: Concreto ciclópico fck = 20 MPa - confecção em betoneira e lançamento manual - areia, brita e pedra de mão comerciais | C43: SICRO | D43: m³ | E43: 960 | F43: 399.22 | G43: 0.2389 | H43: =ROUND(F43*(1+G43),2) -> 494.59 | I43: =TRUNC(H43*E43) -> 474806 | J43: =I43/$I$90 -> 0.0040221749 | K43: =K42+J43 -> 0.94254851
A44: 3806420 | B44: Lançamento de viga pré-moldada de até 500 kN com utilização de guindaste | C44: SICRO | D44: un | E44: 80 | F44: 4155.66 | G44: 0.2389 | H44: =ROUND(F44*(1+G44),2) -> 5148.45 | I44: =TRUNC(H44*E44) -> 411876 | J44: =I44/$I$90 -> 0.0034890825 | K44: =K43+J44 -> 0.94603759
A45: 2106235 | B45: Escoramento metálico com quadro tubular contraventado - capacidade de carga até 3,8 t/m² - quadro de 1,0 x 1,0 x 1,25 m - utilização de 50 vezes - fornecimento, instalação e retirada | C45: SICRO | D45: m³ | E45: 96000 | F45: 3.42 | G45: 0.2389 | H45: =ROUND(F45*(1+G45),2) -> 4.24 | I45: =TRUNC(H45*E45) -> 407040 | J45: =I45/$I$90 -> 0.0034481158 | K45: =K44+J45 -> 0.9494857
A46: CANT.06 | B46: Canteiro de Obras - Canteiros de apoio | C46: Próprio | D46: un | E46: 10 | F46: 32308.57 | G46: 0.2389 | H46: =ROUND(F46*(1+G46),2) -> 40027.09 | I46: =TRUNC(H46*E46) -> 400270 | J46: =I46/$I$90 -> 0.0033907658 | K46: =K45+J46 -> 0.95287647
A47: 3808043 | B47: Pintura manual com nata de cimento - 3 demãos | C47: SICRO | D47: m² | E47: 60800 | F47: 4.76 | G47: 0.2389 | H47: =ROUND(F47*(1+G47),2) -> 5.9 | I47: =TRUNC(H47*E47) -> 358720 | J47: =I47/$I$90 -> 0.0030387876 | K47: =K46+J47 -> 0.95591526
A48: 4915639 | B48: Limpeza em superfície de concreto com escova de aço | C48: SICRO | D48: m² | E48: 60800 | F48: 4.75 | G48: 0.2389 | H48: =ROUND(F48*(1+G48),2) -> 5.88 | I48: =TRUNC(H48*E48) -> 357504 | J48: =I48/$I$90 -> 0.0030284866 | K48: =K47+J48 -> 0.95894374
A49: 4011372 | B49: Tratamento superficial duplo com banho diluído - brita comercial | C49: SICRO | D49: m² | E49: 40790.4 | F49: 6.76 | G49: 0.2389 | H49: =ROUND(F49*(1+G49),2) -> 8.37 | I49: =TRUNC(H49*E49) -> 341415 | J49: =I49/$I$90 -> 0.0028921935 | K49: =K48+J49 -> 0.96183594
A50: 3806409 | B50: Restauração de berços de apoio para junta de dilatação - fornecimento e instalação | C50: SICRO | D50: m | E50: 4000 | F50: 68.26 | G50: 0.2389 | H50: =ROUND(F50*(1+G50),2) -> 84.57 | I50: =TRUNC(H50*E50) -> 338280 | J50: =I50/$I$90 -> 0.0028656363 | K50: =K49+J50 -> 0.96470157
A51: 3816118 | B51: Guarda-corpo de concreto - fabricação - areia e brita comerciais | C51: SICRO | D51: m | E51: 2640 | F51: 97.69 | G51: 0.2389 | H51: =ROUND(F51*(1+G51),2) -> 121.03 | I51: =TRUNC(H51*E51) -> 319519 | J51: =I51/$I$90 -> 0.0027067082 | K51: =K50+J51 -> 0.96740828
A52: 1106280 | B52: Concreto para bombeamento fck = 30 MPa - confecção em central dosadora de 30 m³/h - areia e brita comerciais | C52: SICRO | D52: m³ | E52: 512 | F52: 472.39 | G52: 0.2389 | H52: =ROUND(F52*(1+G52),2) -> 585.24 | I52: =TRUNC(H52*E52) -> 299642 | J52: =I52/$I$90 -> 0.0025383263 | K52: =K51+J52 -> 0.96994661
A53: COMP_015 | B53: Mistura BGS | C53: Próprio | D53: m³ | E53: 423.79 | F53: 519.04 | G53: 0.2389 | H53: =ROUND(F53*(1+G53),2) -> 643.04 | I53: =TRUNC(H53*E53) -> 272513 | J53: =I53/$I$90 -> 0.0023085112 | K53: =K52+J53 -> 0.97225512
A54: 2003379 | B54: Meio-fio de concreto - MFC 06 - areia e brita comerciais - fôrma de madeira | C54: SICRO | D54: m | E54: 6212.7 | F54: 34.54 | G54: 0.2389 | H54: =ROUND(F54*(1+G54),2) -> 42.79 | I54: =TRUNC(H54*E54) -> 265841 | J54: =I54/$I$90 -> 0.0022519913 | K54: =K53+J54 -> 0.97450711
A55: 1106282 | B55: Concreto para bombeamento fck = 40 MPa - confecção em central dosadora de 30 m³/h - areia e brita comerciais | C55: SICRO | D55: m³ | E55: 384 | F55: 537.02 | G55: 0.2389 | H55: =ROUND(F55*(1+G55),2) -> 665.31 | I55: =TRUNC(H55*E55) -> 255479 | J55: =I55/$I$90 -> 0.0021642128 | K55: =K54+J55 -> 0.97667132
A56: 3808207 | B56: Escada tubular multidirecional em aço galvanizado - utilização de 100 vezes - fornecimento, instalação e retirada | C56: SICRO | D56: m | E56: 1200 | F56: 167.43 | G56: 0.2389 | H56: =ROUND(F56*(1+G56),2) -> 207.43 | I56: =TRUNC(H56*E56) -> 248916 | J56: =I56/$I$90 -> 0.0021086163 | K56: =K55+J56 -> 0.97877994
A57: CPU 013 | B57: TRANSPORTE DE CAP 50/70 | C57: Próprio | D57: T | E57: 292.8327 | F57: 617.82 | G57: 0.1751 | H57: =ROUND(F57*(1+G57),2) -> 726 | I57: =TRUNC(H57*E57) -> 212596 | J57: =I57/$I$90 -> 0.0018009425 | K57: =K56+J57 -> 0.98058088
A58: 3713828 | B58: Barreira dupla de concreto, armada, pré-moldada (perfil New Jersey) - L > 3,00 m e H = 810 mm | C58: SICRO | D58: m | E58: 750 | F58: 237.89 | G58: 0.2389 | H58: =ROUND(F58*(1+G58),2) -> 294.72 | I58: =TRUNC(H58*E58) -> 221040 | J58: =I58/$I$90 -> 0.0018724733 | K58: =K57+J58 -> 0.98245336
A59: 3806402 | B59: Limpeza em superfície de concreto com jateamento d'água sob pressão | C59: SICRO | D59: m² | E59: 60800 | F59: 2.87 | G59: 0.2389 | H59: =ROUND(F59*(1+G59),2) -> 3.56 | I59: =TRUNC(H59*E59) -> 216448 | J59: =I59/$I$90 -> 0.0018335735 | K59: =K58+J59 -> 0.98428693
A60: 4915650 | B60: Injeção de adesivo estrutural à base de resina epóxi de baixa viscosidade para tratamento de fissuras em estruturas de concreto - fornecimento e aplicação manual | C60: SICRO | D60: kg | E60: 500 | F60: 283.83 | G60: 0.2389 | H60: =ROUND(F60*(1+G60),2) -> 351.64 | I60: =TRUNC(H60*E60) -> 175820 | J60: =I60/$I$90 -> 0.0014894058 | K60: =K59+J60 -> 0.98577634
A61: 307084 | B61: Lábios poliméricos em junta de pavimento de concreto - L = 20 mm e H = 30 mm - confecção e assentamento | C61: SICRO | D61: m | E61: 4000 | F61: 34.54 | G61: 0.2389 | H61: =ROUND(F61*(1+G61),2) -> 42.79 | I61: =TRUNC(H61*E61) -> 171160 | J61: =I61/$I$90 -> 0.00144993 | K61: =K60+J61 -> 0.98722627
A62: TRA.03 | B62: TRANSPORTE DE RR-2C | C62: Próprio | D62: T | E62: 212.928 | F62: 617.82 | G62: 0.1751 | H62: =ROUND(F62*(1+G62),2) -> 726 | I62: =TRUNC(H62*E62) -> 154585 | J62: =I62/$I$90 -> 0.0013095199 | K62: =K61+J62 -> 0.98853579
A63: 2015642 | B63: Dreno em tubo de aço galvanizado D = 100 mm em OAE - fornecimento e instalação | C63: SICRO | D63: m | E63: 800 | F63: 139.58 | G63: 0.2389 | H63: =ROUND(F63*(1+G63),2) -> 172.93 | I63: =TRUNC(H63*E63) -> 138344 | J63: =I63/$I$90 -> 0.0011719392 | K63: =K62+J63 -> 0.98970772
A64: 4815671 | B64: Reaterro e compactação com soquete vibratório | C64: SICRO | D64: m³ | E64: 5760 | F64: 19.34 | G64: 0.2389 | H64: =ROUND(F64*(1+G64),2) -> 23.96 | I64: =TRUNC(H64*E64) -> 138009 | J64: =I64/$I$90 -> 0.0011691014 | K64: =K63+J64 -> 0.99087683
A65: 4915645 | B65: Injeção de adesivo estrutural à base de resina epóxi de baixa viscosidade para tratamento de fissuras em estruturas de concreto - fornecimento e aplicação mecanizada | C65: SICRO | D65: kg | E65: 500 | F65: 201.09 | G65: 0.2389 | H65: =ROUND(F65*(1+G65),2) -> 249.13 | I65: =TRUNC(H65*E65) -> 124565 | J65: =I65/$I$90 -> 0.0010552146 | K65: =K64+J65 -> 0.99193204
A66: MOB.02 | B66: Mobilização e desmobilização | C66: Próprio | D66: un | E66: 1 | F66: 81055.37 | G66: 0.2389 | H66: =ROUND(F66*(1+G66),2) -> 100419.5 | I66: =TRUNC(H66*E66) -> 100419 | J66: =I66/$I$90 -> 0.00085066908 | K66: =K65+J66 -> 0.99278271
A67: 1608019 | B67: Perfuração em concreto com martelete elétrico - D = 10 mm | C67: SICRO | D67: m | E67: 3840 | F67: 20.99 | G67: 0.2389 | H67: =ROUND(F67*(1+G67),2) -> 26 | I67: =TRUNC(H67*E67) -> 99840 | J67: =I67/$I$90 -> 0.00084576426 | K67: =K66+J67 -> 0.99362847
A68: 3815644 | B68: Recomposição de dreno em tubo de aço galvanizado D = 100 mm em OAE - fornecimento e instalação | C68: SICRO | D68: un | E68: 800 | F68: 97.94 | G68: 0.2389 | H68: =ROUND(F68*(1+G68),2) -> 121.34 | I68: =TRUNC(H68*E68) -> 97072 | J68: =I68/$I$90 -> 0.00082231598 | K68: =K67+J68 -> 0.99445079
A69: ANP.02 | B69: AQUISIÇÃO DE RR-1C | C69: Próprio | D69: T | E69: 19.413 | F69: 3588.71 | G69: 0.2389 | H69: =ROUND(F69*(1+G69),2) -> 4446.05 | I69: =TRUNC(H69*E69) -> 86311 | J69: =I69/$I$90 -> 0.00073115744 | K69: =K68+J69 -> 0.99518195
A70: 3815602 | B70: Substituição de junta de dilatação e lábios poliméricos - fornecimento e instalação | C70: SICRO | D70: m | E70: 2000 | F70: 34.54 | G70: 0.2389 | H70: =ROUND(F70*(1+G70),2) -> 42.79 | I70: =TRUNC(H70*E70) -> 85580 | J70: =I70/$I$90 -> 0.00072496499 | K70: =K69+J70 -> 0.99590691
A71: 4915653 | B71: Selagem superficial de fissuras com adesivo estrutural à base de resina epóxi de alta viscosidade, inclusive limpeza superficial - fornecimento e aplicação | C71: SICRO | D71: kg | E71: 1000 | F71: 68.72 | G71: 0.2389 | H71: =ROUND(F71*(1+G71),2) -> 85.14 | I71: =TRUNC(H71*E71) -> 85140 | J71: =I71/$I$90 -> 0.00072123767 | K71: =K70+J71 -> 0.99662815
A72: 1106061 | B72: Lançamento manual de concreto usinado - confecção em central dosadora de 30 m³/h | C72: SICRO | D72: m³ | E72: 896 | F72: 66.4 | G72: 0.2389 | H72: =ROUND(F72*(1+G72),2) -> 82.26 | I72: =TRUNC(H72*E72) -> 73704 | J72: =I72/$I$90 -> 0.00062436107 | K72: =K71+J72 -> 0.99725251
A73: 1108118 | B73: Concreto submerso fck = 30 MPa - confecção em central dosadora de 30 m³/h - areia e brita comerciais | C73: SICRO | D73: m³ | E73: 96 | F73: 504.76 | G73: 0.2389 | H73: =ROUND(F73*(1+G73),2) -> 625.35 | I73: =TRUNC(H73*E73) -> 60033 | J73: =I73/$I$90 -> 0.00050855134 | K73: =K72+J73 -> 0.99776106
A74: 4915651 | B74: Bico de perfuração para injeção de adesivo estrutural à base de resina epóxi - fornecimento, instalação e retirada | C74: SICRO | D74: un | E74: 4000 | F74: 10.85 | G74: 0.2389 | H74: =ROUND(F74*(1+G74),2) -> 13.44 | I74: =TRUNC(H74*E74) -> 53760 | J74: =I74/$I$90 -> 0.00045541152 | K74: =K73+J74 -> 0.99821647
A75: 4011353 | B75: Pintura de ligação | C75: SICRO | D75: m² | E75: 81580.8 | F75: 0.42 | G75: 0.2389 | H75: =ROUND(F75*(1+G75),2) -> 0.52 | I75: =TRUNC(H75*E75) -> 42422 | J75: =I75/$I$90 -> 0.0003593651 | K75: =K74+J75 -> 0.99857584
A76: 4915652 | B76: Bico de adesão para injeção de adesivo estrutural à base de resina epóxi - fornecimento, instalação e retirada | C76: SICRO | D76: un | E76: 4000 | F76: 8.14 | G76: 0.2389 | H76: =ROUND(F76*(1+G76),2) -> 10.08 | I76: =TRUNC(H76*E76) -> 40320 | J76: =I76/$I$90 -> 0.00034155864 | K76: =K75+J76 -> 0.9989174
A77: 3806406 | B77: Limpeza em junta de dilatação | C77: SICRO | D77: m | E77: 4000 | F77: 7.18 | G77: 0.2389 | H77: =ROUND(F77*(1+G77),2) -> 8.9 | I77: =TRUNC(H77*E77) -> 35600 | J77: =I77/$I$90 -> 0.00030157459 | K77: =K76+J77 -> 0.99921897
A78: 1106057 | B78: Concreto magro - confecção em betoneira e lançamento manual - areia e brita comerciais | C78: SICRO | D78: m³ | E78: 48 | F78: 453.59 | G78: 0.2389 | H78: =ROUND(F78*(1+G78),2) -> 561.95 | I78: =TRUNC(H78*E78) -> 26973 | J78: =I78/$I$90 -> 0.00022849358 | K78: =K77+J78 -> 0.99944747
A79: TRA.02 | B79: TRANSPORTE DE RR-1C | C79: Próprio | D79: T | E79: 19.413 | F79: 617.82 | G79: 0.1751 | H79: =ROUND(F79*(1+G79),2) -> 726 | I79: =TRUNC(H79*E79) -> 14093 | J79: =I79/$I$90 -> 0.00011938457 | K79: =K78+J79 -> 0.99956685
A80: 5502978 | B80: Compactação de aterros a 100% do Proctor normal | C80: SICRO | D80: m³ | E80: 1553.1 | F80: 5.72 | G80: 0.2389 | H80: =ROUND(F80*(1+G80),2) -> 7.09 | I80: =TRUNC(H80*E80) -> 11011 | J80: =I80/$I$90 -> 9.3276344e-05 | K80: =K79+J80 -> 0.99966013
A81: 4011276 | B81: Base ou sub-base de brita graduada com brita comercial - 100% Proctor modificado | C81: SICRO | D81: m³ | E81: 423.79 | F81: 18.23 | G81: 0.2389 | H81: =ROUND(F81*(1+G81),2) -> 22.59 | I81: =TRUNC(H81*E81) -> 9573 | J81: =I81/$I$90 -> 8.1094764e-05 | K81: =K80+J81 -> 0.99974122
A82: CP 005 (PB-262) | B82: AQUISIÇÃO DE EMULSÃO ASFÁLTICA PARA SERVIÇO DE IMPRIMAÇÃO | C82: Próprio | D82: t | E82: 2.814 | F82: 2619.87 | G82: 0.2389 | H82: =ROUND(F82*(1+G82),2) -> 3245.76 | I82: =TRUNC(H82*E82) -> 9133 | J82: =I82/$I$90 -> 7.7367437e-05 | K82: =K81+J82 -> 0.99981859
A83: 3806418 | B83: Elevação de estruturas de 929 a 1.390 kN para substituição de aparelho de apoio com a utilização de macaco hidráulico | C83: SICRO | D83: un | E83: 40 | F83: 107.6 | G83: 0.2389 | H83: =ROUND(F83*(1+G83),2) -> 133.31 | I83: =TRUNC(H83*E83) -> 5332 | J83: =I83/$I$90 -> 4.516842e-05 | K83: =K82+J83 -> 0.99986376
A84: 4011212 | B84: Varredura da superfície para execução de revestimento asfáltico | C84: SICRO | D84: m² | E84: 43144.8 | F84: 0.08 | G84: 0.2389 | H84: =ROUND(F84*(1+G84),2) -> 0.1 | I84: =TRUNC(H84*E84) -> 4314 | J84: =I84/$I$90 -> 3.6544742e-05 | K84: =K83+J84 -> 0.9999003
A85: 1100657 | B85: Adensamento de concreto por vibrador de imersão | C85: SICRO | D85: m³ | E85: 896 | F85: 3.6 | G85: 0.2389 | H85: =ROUND(F85*(1+G85),2) -> 4.46 | I85: =TRUNC(H85*E85) -> 3996 | J85: =I85/$I$90 -> 3.3850901e-05 | K85: =K84+J85 -> 0.99993415
A86: 4915744 | B86: Capina manual | C86: SICRO | D86: m² | E86: 4000 | F86: 0.79 | G86: 0.2389 | H86: =ROUND(F86*(1+G86),2) -> 0.98 | I86: =TRUNC(H86*E86) -> 3920 | J86: =I86/$I$90 -> 3.320709e-05 | K86: =K85+J86 -> 0.99996736
A87: CP 006 (PB-262) | B87: TRANSPORTE DE EMULSÃO ASFÁLTICA PARA SERVIÇO DE IMPRIMAÇÃO | C87: Próprio | D87: t | E87: 2.814 | F87: 617.82 | G87: 0.1751 | H87: =ROUND(F87*(1+G87),2) -> 726 | I87: =TRUNC(H87*E87) -> 2042 | J87: =I87/$I$90 -> 1.7298183e-05 | K87: =K86+J87 -> 0.99998466
A88: 4011352 | B88: Imprimação com emulsão asfáltica | C88: SICRO | D88: m² | E88: 2354.4 | F88: 0.61 | G88: 0.2389 | H88: =ROUND(F88*(1+G88),2) -> 0.76 | I88: =TRUNC(H88*E88) -> 1789 | J88: =I88/$I$90 -> 1.515497e-05 | K88: =K87+J88 -> 0.99999981
A90: VALOR TOTAL: | I90: =SUM(I12:I89)+22.05 -> 1.1804708e+08
K94: {='RESUMO DO ORÇAMENTO'!K26:L26} -> 1.1804708e+08 | L94: 0
K96: =I90-K94 -> 0

Sheet LÓGICA
B1: DEPARTAMENTO DE ESTRADAS DE RODAGEM DE PERNAMBUCO DIRETORIA DE PLANEJAMENTO E PROJETOS RELATÓRIO SINTÉTICO DO ORÇAMENTO
B4: Setor: DIRETORIA DE PLANEJAMENTO E PROJETOS
A6: Serviço: Recuperação e/ou Reforço Estrutural de OAEs | I6: Ano: 2025
A7: Orçamento: Recuperação e/ou Reforço Estrutural de Obras de Arte Especiais (Pontes, Viadutos, Passarelas e Afins) Sob Jurisdição do Departamento de Estradas de Rodagem do Estado de Pernambuco | I7: Rodovia:
A8: Trecho: Do 1º ao 8 Distrito rodoviário | I8: Extensão:
A9: BDI: 23,89 % (Geral) e 17,51% (Diferenciado) | G9: Data Base: Jul/2025 | I9: Preço Total: | J9: =VALOR_TOTAL -> 1.1804708e+08
A11: ITEM | B11: CÓDIGO | C11: FONTE | D11: DESCRIÇÃO | E11: UND. | F11: QUANT. | G11: PREÇO UNITÁRIO SEM BDI R$ | H11: BDI | I11: PREÇO UNITÁRIO COM BDI R$ | J11: PREÇO TOTAL R$
A12: 1.1 | B12: =VLOOKUP(A12,'ORÇAMENTO_SEM DESONERAÇÃO'!A12:J128,2,0) -> CANTEIRO | C12: =VLOOKUP(A12,'ORÇAMENTO_SEM DESONERAÇÃO'!A12:J128,3,0) -> Canteiro de Obras - Principal | D12: =VLOOKUP(A12,'ORÇAMENTO_SEM DESONERAÇÃO'!A12:J128,4,0) -> COMP | E12: =VLOOKUP(A12,'ORÇAMENTO_SEM DESONERAÇÃO'!A12:J128,5,0) -> und | F12: =VLOOKUP(A12,'ORÇAMENTO_SEM DESONERAÇÃO'!A12:J128,6,0) -> 7 | G12: =VLOOKUP(A12,'ORÇAMENTO_SEM DESONERAÇÃO'!A12:J128,7,0) -> 130033.23 | H12: =VLOOKUP(A12,'ORÇAMENTO_SEM DESONERAÇÃO'!A12:J128,8,0) -> 0.2389 | I12: =IFERROR(ROUND(IF(G12="","",G12*(1+H12)),2),"") -> 161098.17 | J12: =TRUNC(F12*I12,2) -> 1127687.2
A13: 1.2 | B13: =VLOOKUP(A13,'ORÇAMENTO_SEM DESONERAÇÃO'!A13:J129,2,0) -> CANTEIRO | C13: =VLOOKUP(A13,'ORÇAMENTO_SEM DESONERAÇÃO'!A13:J129,3,0) -> Canteiro de Obras - Canteiros de apoio | D13: =VLOOKUP(A13,'ORÇAMENTO_SEM DESONERAÇÃO'!A13:J129,4,0) -> COMP | E13: =VLOOKUP(A13,'ORÇAMENTO_SEM DESONERAÇÃO'!A13:J129,5,0) -> und | F13: =VLOOKUP(A13,'ORÇAMENTO_SEM DESONERAÇÃO'!A13:J129,6,0) -> 10 | G13: =VLOOKUP(A13,'ORÇAMENTO_SEM DESONERAÇÃO'!A13:J129,7,0) -> 32308.575 | H13: =VLOOKUP(A13,'ORÇAMENTO_SEM DESONERAÇÃO'!A13:J129,8,0) -> 0.2389 | I13: =IFERROR(ROUND(IF(G13="","",G13*(1+H13)),2),"") -> 40027.09 | J13: =TRUNC(F13*I13,2) -> 400270.9
A14: 2.1 | B14: =VLOOKUP(A14,'ORÇAMENTO_SEM DESONERAÇÃO'!A14:J130,2,0) -> ADM | C14: =VLOOKUP(A14,'ORÇAMENTO_SEM DESONERAÇÃO'!A14:J130,3,0) -> Administração Local da Obra | D14: =VLOOKUP(A14,'ORÇAMENTO_SEM DESONERAÇÃO'!A14:J130,4,0) -> COMP | E14: =VLOOKUP(A14,'ORÇAMENTO_SEM DESONERAÇÃO'!A14:J130,5,0) -> und | F14: =VLOOKUP(A14,'ORÇAMENTO_SEM DESONERAÇÃO'!A14:J130,6,0) -> 1 | G14: =VLOOKUP(A14,'ORÇAMENTO_SEM DESONERAÇÃO'!A14:J130,7,0) -> 2707286.9 | H14: =VLOOKUP(A14,'ORÇAMENTO_SEM DESONERAÇÃO'!A14:J130,8,0) -> 0.2389 | I14: =IFERROR(ROUND(IF(G14="","",G14*(1+H14)),2),"") -> 3354057.8 | J14: =TRUNC(F14*I14,2) -> 3354057.8
A15: 3.1 | B15: =VLOOKUP(A15,'ORÇAMENTO_SEM DESONERAÇÃO'!A15:J131,2,0) -> MOB/DESM | C15: =VLOOKUP(A15,'ORÇAMENTO_SEM DESONERAÇÃO'!A15:J131,3,0) -> Mobilização e Mesmobilização | D15: =VLOOKUP(A15,'ORÇAMENTO_SEM DESONERAÇÃO'!A15:J131,4,0) -> COMP | E15: =VLOOKUP(A15,'ORÇAMENTO_SEM DESONERAÇÃO'!A15:J131,5,0) -> und | F15: =VLOOKUP(A15,'ORÇAMENTO_SEM DESONERAÇÃO'!A15:J131,6,0) -> 1 | G15: =VLOOKUP(A15,'ORÇAMENTO_SEM DESONERAÇÃO'!A15:J131,7,0) -> 81055.37 | H15: =VLOOKUP(A15,'ORÇAMENTO_SEM DESONERAÇÃO'!A15:J131,8,0) -> 0.2389 | I15: =IFERROR(ROUND(IF(G15="","",G15*(1+H15)),2),"") -> 100419.5 | J15: =TRUNC(F15*I15,2) -> 100419.5
A16: 4.1 | B16: =VLOOKUP(A16,'ORÇAMENTO_SEM DESONERAÇÃO'!A16:J132,2,0) -> 4805767 | C16: =VLOOKUP(A16,'ORÇAMENTO_SEM DESONERAÇÃO'!A16:J132,3,0) -> Escavação manual em material de 2ª categoria na profundidade de 1 a 2 m | D16: =VLOOKUP(A16,'ORÇAMENTO_SEM DESONERAÇÃO'!A16:J132,4,0) -> SICRO | E16: =VLOOKUP(A16,'ORÇAMENTO_SEM DESONERAÇÃO'!A16:J132,5,0) -> m³ | F16: =VLOOKUP(A16,'ORÇAMENTO_SEM DESONERAÇÃO'!A16:J132,6,0) -> 5760 | G16: =VLOOKUP(A16,'ORÇAMENTO_SEM DESONERAÇÃO'!A16:J132,7,0) -> 83.28 | H16: =VLOOKUP(A16,'ORÇAMENTO_SEM DESONERAÇÃO'!A16:J132,8,0) -> 0.2389 | I16: =IFERROR(ROUND(IF(G16="","",G16*(1+H16)),2),"") -> 103.18 | J16: =TRUNC(F16*I16,2) -> 594316.8
A17: 4.2 | B17: =VLOOKUP(A17,'ORÇAMENTO_SEM DESONERAÇÃO'!A17:J133,2,0) -> 4815671 | C17: =VLOOKUP(A17,'ORÇAMENTO_SEM DESONERAÇÃO'!A17:J133,3,0) -> Reaterro e compactação com soquete vibratório | D17: =VLOOKUP(A17,'ORÇAMENTO_SEM DESONERAÇÃO'!A17:J133,4,0) -> SICRO | E17: =VLOOKUP(A17,'ORÇAMENTO_SEM DESONERAÇÃO'!A17:J133,5,0) -> m³ | F17: =VLOOKUP(A17,'ORÇAMENTO_SEM DESONERAÇÃO'!A17:J133,6,0) -> 5760 | G17: =VLOOKUP(A17,'ORÇAMENTO_SEM DESONERAÇÃO'!A17:J133,7,0) -> 19.34 | H17: =VLOOKUP(A17,'ORÇAMENTO_SEM DESONERAÇÃO'!A17:J133,8,0) -> 0.2389 | I17: =IFERROR(ROUND(IF(G17="","",G17*(1+H17)),2),"") -> 23.96 | J17: =TRUNC(F17*I17,2) -> 138009.6
A18: 4.3 | B18: =VLOOKUP(A18,'ORÇAMENTO_SEM DESONERAÇÃO'!A18:J134,2,0) -> 1505879 | C18: =VLOOKUP(A18,'ORÇAMENTO_SEM DESONERAÇÃO'!A18:J134,3,0) -> Enrocamento de pedra arrumada manualmente - pedra de mão comercial - fornecimento e assentamento | D18: =VLOOKUP(A18,'ORÇAMENTO_SEM DESONERAÇÃO'!A18:J134,4,0) -> SICRO | E18: =VLOOKUP(A18,'ORÇAMENTO_SEM DESONERAÇÃO'!A18:J134,5,0) -> m³ | F18: =VLOOKUP(A18,'ORÇAMENTO_SEM DESONERAÇÃO'!A18:J134,6,0) -> 62989.24 | G18: =VLOOKUP(A18,'ORÇAMENTO_SEM DESONERAÇÃO'!A18:J134,7,0) -> 272.35 | H18: =VLOOKUP(A18,'ORÇAMENTO_SEM DESONERAÇÃO'!A18:J134,8,0) -> 0.2389 | I18: =IFERROR(ROUND(IF(G18="","",G18*(1+H18)),2),"") -> 337.41 | J18: =TRUNC(F18*I18,2) -> 21253199
A19: 4.4 | B19: =VLOOKUP(A19,'ORÇAMENTO_SEM DESONERAÇÃO'!A19:J135,2,0) -> 3806415 | C19: =VLOOKUP(A19,'ORÇAMENTO_SEM DESONERAÇÃO'!A19:J135,3,0) -> Demolição controlada de concreto com martelete | D19: =VLOOKUP(A19,'ORÇAMENTO_SEM DESONERAÇÃO'!A19:J135,4,0) -> SICRO | E19: =VLOOKUP(A19,'ORÇAMENTO_SEM DESONERAÇÃO'!A19:J135,5,0) -> m³ | F19: =VLOOKUP(A19,'ORÇAMENTO_SEM DESONERAÇÃO'!A19:J135,6,0) -> 960 | G19: =VLOOKUP(A19,'ORÇAMENTO_SEM DESONERAÇÃO'!A19:J135,7,0) -> 723.71 | H19: =VLOOKUP(A19,'ORÇAMENTO_SEM DESONERAÇÃO'!A19:J135,8,0) -> 0.2389 | I19: =IFERROR(ROUND(IF(G19="","",G19*(1+H19)),2),"") -> 896.6 | J19: =TRUNC(F19*I19,2) -> 860736
A20: 4.5 | B20: =VLOOKUP(A20,'ORÇAMENTO_SEM DESONERAÇÃO'!A20:J136,2,0) -> 3806414 | C20: =VLOOKUP(A20,'ORÇAMENTO_SEM DESONERAÇÃO'!A20:J136,3,0) -> Remoção de concreto com jateamento d'água sob alta pressão | D20: =VLOOKUP(A20,'ORÇAMENTO_SEM DESONERAÇÃO'!A20:J136,4,0) -> SICRO | E20: =VLOOKUP(A20,'ORÇAMENTO_SEM DESONERAÇÃO'!A20:J136,5,0) -> m³ | F20: =VLOOKUP(A20,'ORÇAMENTO_SEM DESONERAÇÃO'!A20:J136,6,0) -> 480 | G20: =VLOOKUP(A20,'ORÇAMENTO_SEM DESONERAÇÃO'!A20:J136,7,0) -> 882.27 | H20: =VLOOKUP(A20,'ORÇAMENTO_SEM DESONERAÇÃO'!A20:J136,8,0) -> 0.2389 | I20: =IFERROR(ROUND(IF(G20="","",G20*(1+H20)),2),"") -> 1093.04 | J20: =TRUNC(F20*I20,2) -> 524659.2
A21: 4.6 | B21: =VLOOKUP(A21,'ORÇAMENTO_SEM DESONERAÇÃO'!A21:J137,2,0) -> 3806413 | C21: =VLOOKUP(A21,'ORÇAMENTO_SEM DESONERAÇÃO'!A21:J137,3,0) -> Apicoamento mecanizado de concreto | D21: =VLOOKUP(A21,'ORÇAMENTO_SEM DESONERAÇÃO'!A21:J137,4,0) -> SICRO | E21: =VLOOKUP(A21,'ORÇAMENTO_SEM DESONERAÇÃO'!A21:J137,5,0) -> m² | F21: =VLOOKUP(A21,'ORÇAMENTO_SEM DESONERAÇÃO'!A21:J137,6,0) -> 9600 | G21: =VLOOKUP(A21,'ORÇAMENTO_SEM DESONERAÇÃO'!A21:J137,7,0) -> 24.87 | H21: =VLOOKUP(A21,'ORÇAMENTO_SEM DESONERAÇÃO'!A21:J137,8,0) -> 0.2389 | I21: =IFERROR(ROUND(IF(G21="","",G21*(1+H21)),2),"") -> 30.81 | J21: =TRUNC(F21*I21,2) -> 295776
A22: 4.7 | B22: =VLOOKUP(A22,'ORÇAMENTO_SEM DESONERAÇÃO'!A22:J138,2,0) -> 4915639 | C22: =VLOOKUP(A22,'ORÇAMENTO_SEM DESONERAÇÃO'!A22:J138,3,0) -> Limpeza em superfície de concreto com escova de aço | D22: =VLOOKUP(A22,'ORÇAMENTO_SEM DESONERAÇÃO'!A22:J138,4,0) -> SICRO | E22: =VLOOKUP(A22,'ORÇAMENTO_SEM DESONERAÇÃO'!A22:J138,5,0) -> m² | F22: =VLOOKUP(A22,'ORÇAMENTO_SEM DESONERAÇÃO'!A22:J138,6,0) -> 9600 | G22: =VLOOKUP(A22,'ORÇAMENTO_SEM DESONERAÇÃO'!A22:J138,7,0) -> 4.75 | H22: =VLOOKUP(A22,'ORÇAMENTO_SEM DESONERAÇÃO'!A22:J138,8,0) -> 0.2389 | I22: =IFERROR(ROUND(IF(G22="","",G22*(1+H22)),2),"") -> 5.88 | J22: =TRUNC(F22*I22,2) -> 56448
A23: 4.8 | B23: =VLOOKUP(A23,'ORÇAMENTO_SEM DESONERAÇÃO'!A23:J139,2,0) -> 407819 | C23: =VLOOKUP(A23,'ORÇAMENTO_SEM DESONERAÇÃO'!A23:J139,3,0) -> Armação em aço CA-50 - fornecimento, preparo e colocação | D23: =VLOOKUP(A23,'ORÇAMENTO_SEM DESONERAÇÃO'!A23:J139,4,0) -> SICRO | E23: =VLOOKUP(A23,'ORÇAMENTO_SEM DESONERAÇÃO'!A23:J139,5,0) -> kg | F23: =VLOOKUP(A23,'ORÇAMENTO_SEM DESONERAÇÃO'!A23:J139,6,0) -> 96000 | G23: =VLOOKUP(A23,'ORÇAMENTO_SEM DESONERAÇÃO'!A23:J139,7,0) -> 12.59 | H23: =VLOOKUP(A23,'ORÇAMENTO_SEM DESONERAÇÃO'!A23:J139,8,0) -> 0.2389 | I23: =IFERROR(ROUND(IF(G23="","",G23*(1+H23)),2),"") -> 15.6 | J23: =TRUNC(F23*I23,2) -> 1497600
... A104: 12.7 | B104: =VLOOKUP(A104,'ORÇAMENTO_SEM DESONERAÇÃO'!A104:J220,2,0) -> 4011463 | C104: =VLOOKUP(A104,'ORÇAMENTO_SEM DESONERAÇÃO'!A104:J220,3,0) -> Concreto asfáltico - faixa C-12,5 - areia e brita comerciais | D104: =VLOOKUP(A104,'ORÇAMENTO_SEM DESONERAÇÃO'!A104:J220,4,0) -> SICRO | E104: =VLOOKUP(A104,'ORÇAMENTO_SEM DESONERAÇÃO'!A104:J220,5,0) -> T | F104: =VLOOKUP(A104,'ORÇAMENTO_SEM DESONERAÇÃO'!A104:J220,6,0) -> 5177.376 | G104: =VLOOKUP(A104,'ORÇAMENTO_SEM DESONERAÇÃO'!A104:J220,7,0) -> 190.68 | H104: =VLOOKUP(A104,'ORÇAMENTO_SEM DESONERAÇÃO'!A104:J220,8,0) -> 0.2389 | I104: =IFERROR(ROUND(IF(G104="","",G104*(1+H104)),2),"") -> 236.23 | J104: =TRUNC(F104*I104,2) -> 1223051.5
A105: 12.8 | B105: 4011372 | C105: Tratamento superficial duplo com banho diluído - brita comercial | D105: =VLOOKUP(A105,'ORÇAMENTO_SEM DESONERAÇÃO'!A105:J221,4,0) -> SICRO | E105: =VLOOKUP(A105,'ORÇAMENTO_SEM DESONERAÇÃO'!A105:J221,5,0) -> M² | F105: =VLOOKUP(A105,'ORÇAMENTO_SEM DESONERAÇÃO'!A105:J221,6,0) -> 40790.4 | G105: =VLOOKUP(A105,'ORÇAMENTO_SEM DESONERAÇÃO'!A105:J221,7,0) -> 6.76 | H105: =VLOOKUP(A105,'ORÇAMENTO_SEM DESONERAÇÃO'!A105:J221,8,0) -> 0.2389 | I105: =IFERROR(ROUND(IF(G105="","",G105*(1+H105)),2),"") -> 8.37 | J105: =TRUNC(F105*I105,2) -> 341415.64
A106: 12.9 | B106: =VLOOKUP(A106,'ORÇAMENTO_SEM DESONERAÇÃO'!A106:J222,2,0) -> 92396/SINAPI | C106: =VLOOKUP(A106,'ORÇAMENTO_SEM DESONERAÇÃO'!A106:J222,3,0) -> COMP_52 Execução de passeio em piso intertravado, com bloco retangular cor natural de 20 x 10 cm, espessura 6 cm | D106: =VLOOKUP(A106,'ORÇAMENTO_SEM DESONERAÇÃO'!A106:J222,4,0) -> Composições Próprias | E106: =VLOOKUP(A106,'ORÇAMENTO_SEM DESONERAÇÃO'!A106:J222,5,0) -> m² | F106: =VLOOKUP(A106,'ORÇAMENTO_SEM DESONERAÇÃO'!A106:J222,6,0) -> 7765.815 | G106: =VLOOKUP(A106,'ORÇAMENTO_SEM DESONERAÇÃO'!A106:J222,7,0) -> 83.72 | H106: =VLOOKUP(A106,'ORÇAMENTO_SEM DESONERAÇÃO'!A106:J222,8,0) -> 0.2389 | I106: =IFERROR(ROUND(IF(G106="","",G106*(1+H106)),2),"") -> 103.72 | J106: =TRUNC(F106*I106,2) -> 805470.33
A107: 12.10 | B107: =VLOOKUP(A107,'ORÇAMENTO_SEM DESONERAÇÃO'!A107:J223,2,0) -> 2003379 | C107: =VLOOKUP(A107,'ORÇAMENTO_SEM DESONERAÇÃO'!A107:J223,3,0) -> COMP_53 Meio-fio de concreto - MFC 06 - areia e brita comerciais - fôrma de madeira | D107: =VLOOKUP(A107,'ORÇAMENTO_SEM DESONERAÇÃO'!A107:J223,4,0) -> Composições Próprias | E107: =VLOOKUP(A107,'ORÇAMENTO_SEM DESONERAÇÃO'!A107:J223,5,0) -> M | F107: =VLOOKUP(A107,'ORÇAMENTO_SEM DESONERAÇÃO'!A107:J223,6,0) -> 6212.7 | G107: =VLOOKUP(A107,'ORÇAMENTO_SEM DESONERAÇÃO'!A107:J223,7,0) -> 34.54 | H107: =VLOOKUP(A107,'ORÇAMENTO_SEM DESONERAÇÃO'!A107:J223,8,0) -> 0.2389 | I107: =IFERROR(ROUND(IF(G107="","",G107*(1+H107)),2),"") -> 42.79 | J107: =TRUNC(F107*I107,2) -> 265841.43
A108: 12.11 | B108: =VLOOKUP(A108,'ORÇAMENTO_SEM DESONERAÇÃO'!A108:J224,2,0) -> 5502978 | C108: =VLOOKUP(A108,'ORÇAMENTO_SEM DESONERAÇÃO'!A108:J224,3,0) -> Compactação de aterros a 100% do Proctor normal | D108: =VLOOKUP(A108,'ORÇAMENTO_SEM DESONERAÇÃO'!A108:J224,4,0) -> SICRO | E108: =VLOOKUP(A108,'ORÇAMENTO_SEM DESONERAÇÃO'!A108:J224,5,0) -> m³ | F108: =VLOOKUP(A108,'ORÇAMENTO_SEM DESONERAÇÃO'!A108:J224,6,0) -> 1553.1 | G108: =VLOOKUP(A108,'ORÇAMENTO_SEM DESONERAÇÃO'!A108:J224,7,0) -> 5.72 | H108: =VLOOKUP(A108,'ORÇAMENTO_SEM DESONERAÇÃO'!A108:J224,8,0) -> 0.2389 | I108: =IFERROR(ROUND(IF(G108="","",G108*(1+H108)),2),"") -> 7.09 | J108: =TRUNC(F108*I108,2) -> 11011.47
A109: 12.12 | B109: =VLOOKUP(A109,'ORÇAMENTO_SEM DESONERAÇÃO'!A109:J225,2,0) -> ANP01 | C109: =VLOOKUP(A109,'ORÇAMENTO_SEM DESONERAÇÃO'!A109:J225,3,0) -> ANP Aquisição de Emulsão asfáltica para imprimação | D109: =VLOOKUP(A109,'ORÇAMENTO_SEM DESONERAÇÃO'!A109:J225,4,0) -> Composições Próprias | E109: =VLOOKUP(A109,'ORÇAMENTO_SEM DESONERAÇÃO'!A109:J225,5,0) -> t | F109: =VLOOKUP(A109,'ORÇAMENTO_SEM DESONERAÇÃO'!A109:J225,6,0) -> 2.814 | G109: =VLOOKUP(A109,'ORÇAMENTO_SEM DESONERAÇÃO'!A109:J225,7,0) -> 2619.87 | H109: =VLOOKUP(A109,'ORÇAMENTO_SEM DESONERAÇÃO'!A109:J225,8,0) -> 0.2389 | I109: =IFERROR(ROUND(IF(G109="","",G109*(1+H109)),2),"") -> 3245.76 | J109: =TRUNC(F109*I109,2) -> 9133.56
A110: 12.13 | B110: =VLOOKUP(A110,'ORÇAMENTO_SEM DESONERAÇÃO'!A110:J226,2,0) -> ANP02 | C110: =VLOOKUP(A110,'ORÇAMENTO_SEM DESONERAÇÃO'!A110:J226,3,0) -> ANP Aquisição de RR-1C | D110: =VLOOKUP(A110,'ORÇAMENTO_SEM DESONERAÇÃO'!A110:J226,4,0) -> Composições Próprias | E110: =VLOOKUP(A110,'ORÇAMENTO_SEM DESONERAÇÃO'!A110:J226,5,0) -> t | F110: =VLOOKUP(A110,'ORÇAMENTO_SEM DESONERAÇÃO'!A110:J226,6,0) -> 19.413 | G110: =VLOOKUP(A110,'ORÇAMENTO_SEM DESONERAÇÃO'!A110:J226,7,0) -> 3588.71 | H110: =VLOOKUP(A110,'ORÇAMENTO_SEM DESONERAÇÃO'!A110:J226,8,0) -> 0.2389 | I110: =IFERROR(ROUND(IF(G110="","",G110*(1+H110)),2),"") -> 4446.05 | J110: =TRUNC(F110*I110,2) -> 86311.16
A111: 12.14 | B111: =VLOOKUP(A111,'ORÇAMENTO_SEM DESONERAÇÃO'!A111:J227,2,0) -> ANP03 | C111: =VLOOKUP(A111,'ORÇAMENTO_SEM DESONERAÇÃO'!A111:J227,3,0) -> ANP Aquisição de CAP 50/70 | D111: =VLOOKUP(A111,'ORÇAMENTO_SEM DESONERAÇÃO'!A111:J227,4,0) -> Composições Próprias | E111: =VLOOKUP(A111,'ORÇAMENTO_SEM DESONERAÇÃO'!A111:J227,5,0) -> t | F111: =VLOOKUP(A111,'ORÇAMENTO_SEM DESONERAÇÃO'!A111:J227,6,0) -> 292.8327 | G111: =VLOOKUP(A111,'ORÇAMENTO_SEM DESONERAÇÃO'!A111:J227,7,0) -> 3854.77 | H111: =VLOOKUP(A111,'ORÇAMENTO_SEM DESONERAÇÃO'!A111:J227,8,0) -> 0.2389 | I111: =IFERROR(ROUND(IF(G111="","",G111*(1+H111)),2),"") -> 4775.67 | J111: =TRUNC(F111*I111,2) -> 1398472.3
A112: 12.15 | B112: =VLOOKUP(A112,'ORÇAMENTO_SEM DESONERAÇÃO'!A112:J228,2,0) -> ANP04 | C112: =VLOOKUP(A112,'ORÇAMENTO_SEM DESONERAÇÃO'!A112:J228,3,0) -> ANP Aquisição de RR-2C | D112: =VLOOKUP(A112,'ORÇAMENTO_SEM DESONERAÇÃO'!A112:J228,4,0) -> Composições Próprias | E112: =VLOOKUP(A112,'ORÇAMENTO_SEM DESONERAÇÃO'!A112:J228,5,0) -> t | F112: =VLOOKUP(A112,'ORÇAMENTO_SEM DESONERAÇÃO'!A112:J228,6,0) -> 212.928 | G112: =VLOOKUP(A112,'ORÇAMENTO_SEM DESONERAÇÃO'!A112:J228,7,0) -> 9971.66 | H112: =VLOOKUP(A112,'ORÇAMENTO_SEM DESONERAÇÃO'!A112:J228,8,0) -> 0.2389 | I112: =IFERROR(ROUND(IF(G112="","",G112*(1+H112)),2),"") -> 12353.89 | J112: =TRUNC(F112*I112,2) -> 2630489.1
A113: 12.16 | B113: =VLOOKUP(A113,'ORÇAMENTO_SEM DESONERAÇÃO'!A113:J229,2,0) -> ANP05 | C113: =VLOOKUP(A113,'ORÇAMENTO_SEM DESONERAÇÃO'!A113:J229,3,0) -> ANP Transporte de Emulsão asfáltica para imprimação | D113: =VLOOKUP(A113,'ORÇAMENTO_SEM DESONERAÇÃO'!A113:J229,4,0) -> Composições Próprias | E113: =VLOOKUP(A113,'ORÇAMENTO_SEM DESONERAÇÃO'!A113:J229,5,0) -> t | F113: =VLOOKUP(A113,'ORÇAMENTO_SEM DESONERAÇÃO'!A113:J229,6,0) -> 2.814 | G113: =VLOOKUP(A113,'ORÇAMENTO_SEM DESONERAÇÃO'!A113:J229,7,0) -> 617.82 | H113: =VLOOKUP(A113,'ORÇAMENTO_SEM DESONERAÇÃO'!A113:J229,8,0) -> 0.1751 | I113: =IFERROR(ROUND(IF(G113="","",G113*(1+H113)),2),"") -> 726 | J113: =TRUNC(F113*I113,2) -> 2042.96
A114: 12.17 | B114: =VLOOKUP(A114,'ORÇAMENTO_SEM DESONERAÇÃO'!A114:J230,2,0) -> ANP06 | C114: =VLOOKUP(A114,'ORÇAMENTO_SEM DESONERAÇÃO'!A114:J230,3,0) -> ANP Transporte de RR-1C | D114: =VLOOKUP(A114,'ORÇAMENTO_SEM DESONERAÇÃO'!A114:J230,4,0) -> Composições Próprias | E114: =VLOOKUP(A114,'ORÇAMENTO_SEM DESONERAÇÃO'!A114:J230,5,0) -> t | F114: =VLOOKUP(A114,'ORÇAMENTO_SEM DESONERAÇÃO'!A114:J230,6,0) -> 19.413 | G114: =VLOOKUP(A114,'ORÇAMENTO_SEM DESONERAÇÃO'!A114:J230,7,0) -> 617.82 | H114: =VLOOKUP(A114,'ORÇAMENTO_SEM DESONERAÇÃO'!A114:J230,8,0) -> 0.1751 | I114: =IFERROR(ROUND(IF(G114="","",G114*(1+H114)),2),"") -> 726 | J114: =TRUNC(F114*I114,2) -> 14093.83
A115: 12.18 | B115: =VLOOKUP(A115,'ORÇAMENTO_SEM DESONERAÇÃO'!A115:J231,2,0) -> ANP07 | C115: =VLOOKUP(A115,'ORÇAMENTO_SEM DESONERAÇÃO'!A115:J231,3,0) -> ANP Transporte de CAP 50/70 | D115: =VLOOKUP(A115,'ORÇAMENTO_SEM DESONERAÇÃO'!A115:J231,4,0) -> Composições Próprias | E115: =VLOOKUP(A115,'ORÇAMENTO_SEM DESONERAÇÃO'!A115:J231,5,0) -> t | F115: =VLOOKUP(A115,'ORÇAMENTO_SEM DESONERAÇÃO'!A115:J231,6,0) -> 292.8327 | G115: =VLOOKUP(A115,'ORÇAMENTO_SEM DESONERAÇÃO'!A115:J231,7,0) -> 617.82 | H115: =VLOOKUP(A115,'ORÇAMENTO_SEM DESONERAÇÃO'!A115:J231,8,0) -> 0.1751 | I115: =IFERROR(ROUND(IF(G115="","",G115*(1+H115)),2),"") -> 726 | J115: =TRUNC(F115*I115,2) -> 212596.54
A116: 12.19 | B116: =VLOOKUP(A116,'ORÇAMENTO_SEM DESONERAÇÃO'!A116:J232,2,0) -> ANP08 | C116: =VLOOKUP(A116,'ORÇAMENTO_SEM DESONERAÇÃO'!A116:J232,3,0) -> ANP Transporte de RR-2C | D116: =VLOOKUP(A116,'ORÇAMENTO_SEM DESONERAÇÃO'!A116:J232,4,0) -> Composições Próprias | E116: =VLOOKUP(A116,'ORÇAMENTO_SEM DESONERAÇÃO'!A116:J232,5,0) -> t | F116: =VLOOKUP(A116,'ORÇAMENTO_SEM DESONERAÇÃO'!A116:J232,6,0) -> 212.928 | G116: =VLOOKUP(A116,'ORÇAMENTO_SEM DESONERAÇÃO'!A116:J232,7,0) -> 617.82 | H116: =VLOOKUP(A116,'ORÇAMENTO_SEM DESONERAÇÃO'!A116:J232,8,0) -> 0.1751 | I116: =IFERROR(ROUND(IF(G116="","",G116*(1+H116)),2),"") -> 726 | J116: =TRUNC(F116*I116,2) -> 154585.72
I117: VALOR TOTAL: | J117: =SUM(J12:J116) -> 1.1804708e+08
B119: CÓDIGO | C119: FONTE | D119: DESCRIÇÃO | E119: UND. | F119: QUANT. | G119: PREÇO UNITÁRIO SEM BDI R$ | H119: BDI | I119: PREÇO UNITÁRIO COM BDI R$ | J119: PREÇO TOTAL R$
A120: =J120 -> 1127687.2 | B120: CANTEIRO | C120: Canteiro de Obras - Principal | D120: COMP | E120: und | F120: =SUMIF(LÓGICA!$C$12:$C$116,C120,LÓGICA!$F$12:$F$116) -> 7 | G120: =VLOOKUP(C120,LÓGICA!$C$12:$J$116,5,0) -> 130033.23 | H120: =VLOOKUP(B120,B12:J116,7,0) -> 0.2389 | I120: =IFERROR(ROUND(IF(G120="","",G120*(1+H120)),2),"") -> 161098.17 | J120: =TRUNC(F120*I120,2) -> 1127687.2
A121: =J121 -> 400270.9 | B121: CANTEIRO | C121: Canteiro de Obras - Canteiros de apoio | D121: COMP | E121: und | F121: =SUMIF(LÓGICA!$C$12:$C$116,C121,LÓGICA!$F$12:$F$116) -> 10 | G121: =VLOOKUP(C121,LÓGICA!$C$12:$J$116,5,0) -> 32308.575 | H121: =VLOOKUP(B121,B13:J117,7,0) -> 0.2389 | I121: =IFERROR(ROUND(IF(G121="","",G121*(1+H121)),2),"") -> 40027.09 | J121: =TRUNC(F121*I121,2) -> 400270.9
A122: =J122 -> 3354057.8 | B122: ADM | C122: Administração Local da Obra | D122: COMP | E122: und | F122: =SUMIF(LÓGICA!$C$12:$C$116,C122,LÓGICA!$F$12:$F$116) -> 1 | G122: =VLOOKUP(C122,LÓGICA!$C$12:$J$116,5,0) -> 2707286.9 | H122: =VLOOKUP(B122,B14:J118,7,0) -> 0.2389 | I122: =IFERROR(ROUND(IF(G122="","",G122*(1+H122)),2),"") -> 3354057.8 | J122: =TRUNC(F122*I122,2) -> 3354057.8
A123: =J123 -> 100419.5 | B123: MOB/DESM | C123: Mobilização e Mesmobilização | D123: COMP | E123: und | F123: =SUMIF(LÓGICA!$C$12:$C$116,C123,LÓGICA!$F$12:$F$116) -> 1 | G123: =VLOOKUP(C123,LÓGICA!$C$12:$J$116,5,0) -> 81055.37 | H123: =VLOOKUP(B123,B15:J119,7,0) -> 0.2389 | I123: =IFERROR(ROUND(IF(G123="","",G123*(1+H123)),2),"") -> 100419.5 | J123: =TRUNC(F123*I123,2) -> 100419.5
A124: =J124 -> 594316.8 | B124: 4805767 | C124: Escavação manual em material de 2ª categoria na profundidade de 1 a 2 m | D124: SICRO | E124: m³ | F124: =SUMIF(LÓGICA!$C$12:$C$116,C124,LÓGICA!$F$12:$F$116) -> 5760 | G124: =VLOOKUP(C124,LÓGICA!$C$12:$J$116,5,0) -> 83.28 | H124: =VLOOKUP(B124,B16:J120,7,0) -> 0.2389 | I124: =IFERROR(ROUND(IF(G124="","",G124*(1+H124)),2),"") -> 103.18 | J124: =TRUNC(F124*I124,2) -> 594316.8
A125: =J125 -> 138009.6 | B125: 4815671 | C125: Reaterro e compactação com soquete vibratório | D125: SICRO | E125: m³ | F125: =SUMIF(LÓGICA!$C$12:$C$116,C125,LÓGICA!$F$12:$F$116) -> 5760 | G125: =VLOOKUP(C125,LÓGICA!$C$12:$J$116,5,0) -> 19.34 | H125: =VLOOKUP(B125,B17:J121,7,0) -> 0.2389 | I125: =IFERROR(ROUND(IF(G125="","",G125*(1+H125)),2),"") -> 23.96 | J125: =TRUNC(F125*I125,2) -> 138009.6
A126: =J126 -> 21253199 | B126: 1505879 | C126: Enrocamento de pedra arrumada manualmente - pedra de mão comercial - fornecimento e assentamento | D126: SICRO | E126: m³ | F126: =SUMIF(LÓGICA!$C$12:$C$116,C126,LÓGICA!$F$12:$F$116) -> 62989.24 | G126: =VLOOKUP(C126,LÓGICA!$C$12:$J$116,5,0) -> 272.35 | H126: =VLOOKUP(B126,B18:J122,7,0) -> 0.2389 | I126: =IFERROR(ROUND(IF(G126="","",G126*(1+H126)),2),"") -> 337.41 | J126: =TRUNC(F126*I126,2) -> 21253199
A127: =J127 -> 26973.6 | B127: 1106057 | C127: Concreto magro - confecção em betoneira e lançamento manual - areia e brita comerciais | D127: SICRO | E127: m³ | F127: =SUMIF(LÓGICA!$C$12:$C$116,C127,LÓGICA!$F$12:$F$116) -> 48 | G127: =VLOOKUP(C127,LÓGICA!$C$12:$J$116,5,0) -> 453.59 | H127: =VLOOKUP(B127,B19:J123,7,0) -> 0.2389 | I127: =IFERROR(ROUND(IF(G127="","",G127*(1+H127)),2),"") -> 561.95 | J127: =TRUNC(F127*I127,2) -> 26973.6
A128: =J128 -> 60033.6 | B128: 1108118 | C128: Concreto submerso fck = 30 MPa - confecção em central dosadora de 30 m³/h - areia e brita comerciais | D128: SICRO | E128: m³ | F128: =SUMIF(LÓGICA!$C$12:$C$116,C128,LÓGICA!$F$12:$F$116) -> 96 | G128: =VLOOKUP(C128,LÓGICA!$C$12:$J$116,5,0) -> 504.76 | H128: =VLOOKUP(B128,B20:J124,7,0) -> 0.2389 | I128: =IFERROR(ROUND(IF(G128="","",G128*(1+H128)),2),"") -> 625.35 | J128: =TRUNC(F128*I128,2) -> 60033.6
A129: =J129 -> 474806.4 | B129: 1106165 | C129: Concreto ciclópico fck = 20 MPa - confecção em betoneira e lançamento manual - areia, brita e pedra de mão comerciais | D129: SICRO | E129: m³ | F129: =SUMIF(LÓGICA!$C$12:$C$116,C129,LÓGICA!$F$12:$F$116) -> 960 | G129: =VLOOKUP(C129,LÓGICA!$C$12:$J$116,5,0) -> 399.22 | H129: =VLOOKUP(B129,B21:J125,7,0) -> 0.2389 | I129: =IFERROR(ROUND(IF(G129="","",G129*(1+H129)),2),"") -> 494.59 | J129: =TRUNC(F129*I129,2) -> 474806.4
A130: =J130 -> 99840 | B130: 1608019 | C130: Perfuração em concreto com martelete elétrico - D = 10 mm | D130: SICRO | E130: m | F130: =SUMIF(LÓGICA!$C$12:$C$116,C130,LÓGICA!$F$12:$F$116) -> 3840 | G130: =VLOOKUP(C130,LÓGICA!$C$12:$J$116,5,0) -> 20.99 | H130: =VLOOKUP(B130,B22:J126,7,0) -> 0.2389 | I130: =IFERROR(ROUND(IF(G130="","",G130*(1+H130)),2),"") -> 26 | J130: =TRUNC(F130*I130,2) -> 99840
A131: =J131 -> 255479.04 | B131: 1106282 | C131: Concreto para bombeamento fck = 40 MPa - confecção em central dosadora de 30 m³/h - areia e brita comerciais - Caminhão betoneira 8 m³ | D131: SICRO | E131: m³ | F131: =SUMIF(LÓGICA!$C$12:$C$116,C131,LÓGICA!$F$12:$F$116) -> 384 | G131: =VLOOKUP(C131,LÓGICA!$C$12:$J$116,5,0) -> 537.02 | H131: =VLOOKUP(B131,B23:J127,7,0) -> 0.2389 | I131: =IFERROR(ROUND(IF(G131="","",G131*(1+H131)),2),"") -> 665.31 | J131: =TRUNC(F131*I131,2) -> 255479.04
A132: =J132 -> 1901310.7 | B132: 1109680 | C132: Argamassa para reparos e grauteamento - confecção em misturador e lançamento manual | D132: SICRO | E132: m³ | F132: =SUMIF(LÓGICA!$C$12:$C$116,C132,LÓGICA!$F$12:$F$116) -> 384 | G132: =VLOOKUP(C132,LÓGICA!$C$12:$J$116,5,0) -> 3996.55 | H132: =VLOOKUP(B132,B24:J128,7,0) -> 0.2389 | I132: =IFERROR(ROUND(IF(G132="","",G132*(1+H132)),2),"") -> 4951.33 | J132: =TRUNC(F132*I132,2) -> 1901310.7
A133: =J133 -> 5332.4 | B133: 3806418 | C133: Elevação de estruturas de 929 a 1.390 kN para substituição de aparelho de apoio com a utilização de macaco hidráulico | D133: SICRO | E133: un | F133: =SUMIF(LÓGICA!$C$12:$C$116,C133,LÓGICA!$F$12:$F$116) -> 40 | G133: =VLOOKUP(C133,LÓGICA!$C$12:$J$116,5,0) -> 107.6 | H133: =VLOOKUP(B133,B25:J129,7,0) -> 0.2389 | I133: =IFERROR(ROUND(IF(G133="","",G133*(1+H133)),2),"") -> 133.31 | J133: =TRUNC(F133*I133,2) -> 5332.4
A134: =J134 -> 683496 | B134: 307731 | C134: Aparelho de apoio de neoprene fretado para estruturas moldadas no local - fornecimento e instalação | D134: SICRO | E134: dm³ | F134: =SUMIF(LÓGICA!$C$12:$C$116,C134,LÓGICA!$F$12:$F$116) -> 3600 | G134: =VLOOKUP(C134,LÓGICA!$C$12:$J$116,5,0) -> 153.25 | H134: =VLOOKUP(B134,B26:J130,7,0) -> 0.2389 | I134: =IFERROR(ROUND(IF(G134="","",G134*(1+H134)),2),"") -> 189.86 | J134: =TRUNC(F134*I134,2) -> 683496
A135: =J135 -> 924984 | B135: 1608144 | C135: Perfuração em concreto com coroa diamantada - D = 44 mm | D135: SICRO | E135: m | F135: =SUMIF(LÓGICA!$C$12:$C$116,C135,LÓGICA!$F$12:$F$116) -> 7200 | G135: =VLOOKUP(C135,LÓGICA!$C$12:$J$116,5,0) -> 103.7 | H135: =VLOOKUP(B135,B27:J131,7,0) -> 0.2389 | I135: =IFERROR(ROUND(IF(G135="","",G135*(1+H135)),2),"") -> 128.47 | J135: =TRUNC(F135*I135,2) -> 924984
... A179: =J179 -> 9573.46 | B179: 4011276 | C179: Base ou sub-base de brita graduada com brita comercial - 100% Proctor modificado | D179: Composições Próprias | E179: M³ | F179: =SUMIF(LÓGICA!$C$12:$C$116,C179,LÓGICA!$F$12:$F$116) -> 423.792 | G179: =VLOOKUP(C179,LÓGICA!$C$12:$J$116,5,0) -> 18.23 | H179: =VLOOKUP(B179,B71:J175,7,0) -> 0.2389 | I179: =IFERROR(ROUND(IF(G179="","",G179*(1+H179)),2),"") -> 22.59 | J179: =TRUNC(F179*I179,2) -> 9573.46
A180: =J180 -> 272515.2 | B180: COMP_63 | C180: COMP_63 Mistura BGS | D180: Composições Próprias | E180: M³ | F180: =SUMIF(LÓGICA!$C$12:$C$116,C180,LÓGICA!$F$12:$F$116) -> 423.792 | G180: =VLOOKUP(C180,LÓGICA!$C$12:$J$116,5,0) -> 519.04 | H180: =VLOOKUP(B180,B72:J176,7,0) -> 0.2389 | I180: =IFERROR(ROUND(IF(G180="","",G180*(1+H180)),2),"") -> 643.04 | J180: =TRUNC(F180*I180,2) -> 272515.2
A181: =J181 -> 4314.48 | B181: 4011212 | C181: Varredura da superfície para execução de revestimento asfáltico | D181: SICRO | E181: m² | F181: =SUMIF(LÓGICA!$C$12:$C$116,C181,LÓGICA!$F$12:$F$116) -> 43144.8 | G181: =VLOOKUP(C181,LÓGICA!$C$12:$J$116,5,0) -> 0.08 | H181: =VLOOKUP(B181,B73:J177,7,0) -> 0.2389 | I181: =IFERROR(ROUND(IF(G181="","",G181*(1+H181)),2),"") -> 0.1 | J181: =TRUNC(F181*I181,2) -> 4314.48
A182: =J182 -> 1789.34 | B182: 4011352 | C182: Imprimação com emulsão asfáltica | D182: SICRO | E182: m² | F182: =SUMIF(LÓGICA!$C$12:$C$116,C182,LÓGICA!$F$12:$F$116) -> 2354.4 | G182: =VLOOKUP(C182,LÓGICA!$C$12:$J$116,5,0) -> 0.61 | H182: =VLOOKUP(B182,B74:J178,7,0) -> 0.2389 | I182: =IFERROR(ROUND(IF(G182="","",G182*(1+H182)),2),"") -> 0.76 | J182: =TRUNC(F182*I182,2) -> 1789.34
A183: =J183 -> 42422.01 | B183: 4011353 | C183: Pintura de ligação | D183: SICRO | E183: m² | F183: =SUMIF(LÓGICA!$C$12:$C$116,C183,LÓGICA!$F$12:$F$116) -> 81580.8 | G183: =VLOOKUP(C183,LÓGICA!$C$12:$J$116,5,0) -> 0.42 | H183: =VLOOKUP(B183,B75:J179,7,0) -> 0.2389 | I183: =IFERROR(ROUND(IF(G183="","",G183*(1+H183)),2),"") -> 0.52 | J183: =TRUNC(F183*I183,2) -> 42422.01
A184: =J184 -> 1223051.5 | B184: 4011463 | C184: Concreto asfáltico - faixa C-12,5 - areia e brita comerciais | D184: Composições Próprias | E184: T | F184: =SUMIF(LÓGICA!$C$12:$C$116,C184,LÓGICA!$F$12:$F$116) -> 5177.376 | G184: =VLOOKUP(C184,LÓGICA!$C$12:$J$116,5,0) -> 190.68 | H184: =VLOOKUP(B184,B76:J180,7,0) -> 0.2389 | I184: =IFERROR(ROUND(IF(G184="","",G184*(1+H184)),2),"") -> 236.23 | J184: =TRUNC(F184*I184,2) -> 1223051.5
A185: =J185 -> 341415.64 | B185: 4011372 | C185: Tratamento superficial duplo com banho diluído - brita comercial | D185: Composições Próprias | E185: M² | F185: =SUMIF(LÓGICA!$C$12:$C$116,C185,LÓGICA!$F$12:$F$116) -> 40790.4 | G185: =VLOOKUP(C185,LÓGICA!$C$12:$J$116,5,0) -> 6.76 | H185: =VLOOKUP(B185,B77:J181,7,0) -> 0.2389 | I185: =IFERROR(ROUND(IF(G185="","",G185*(1+H185)),2),"") -> 8.37 | J185: =TRUNC(F185*I185,2) -> 341415.64
A186: =J186 -> 805470.33 | B186: 92396/SINAPI | C186: COMP_52 Execução de passeio em piso intertravado, com bloco retangular cor natural de 20 x 10 cm, espessura 6 cm | D186: Composições Próprias | E186: m² | F186: =SUMIF(LÓGICA!$C$12:$C$116,C186,LÓGICA!$F$12:$F$116) -> 7765.815 | G186: =VLOOKUP(C186,LÓGICA!$C$12:$J$116,5,0) -> 83.72 | H186: =VLOOKUP(B186,B78:J182,7,0) -> 0.2389 | I186: =IFERROR(ROUND(IF(G186="","",G186*(1+H186)),2),"") -> 103.72 | J186: =TRUNC(F186*I186,2) -> 805470.33
A187: =J187 -> 265841.43 | B187: 2003379 | C187: COMP_53 Meio-fio de concreto - MFC 06 - areia e brita comerciais - fôrma de madeira | D187: Composições Próprias | E187: M | F187: =SUMIF(LÓGICA!$C$12:$C$116,C187,LÓGICA!$F$12:$F$116) -> 6212.7 | G187: =VLOOKUP(C187,LÓGICA!$C$12:$J$116,5,0) -> 34.54 | H187: =VLOOKUP(B187,B79:J183,7,0) -> 0.2389 | I187: =IFERROR(ROUND(IF(G187="","",G187*(1+H187)),2),"") -> 42.79 | J187: =TRUNC(F187*I187,2) -> 265841.43
A188: =J188 -> 11011.47 | B188: 5502978 | C188: Compactação de aterros a 100% do Proctor normal | D188: SICRO | E188: m³ | F188: =SUMIF(LÓGICA!$C$12:$C$116,C188,LÓGICA!$F$12:$F$116) -> 1553.1 | G188: =VLOOKUP(C188,LÓGICA!$C$12:$J$116,5,0) -> 5.72 | H188: =VLOOKUP(B188,B80:J184,7,0) -> 0.2389 | I188: =IFERROR(ROUND(IF(G188="","",G188*(1+H188)),2),"") -> 7.09 | J188: =TRUNC(F188*I188,2) -> 11011.47
A189: =J189 -> 9133.56 | B189: ANP01 | C189: ANP Aquisição de Emulsão asfáltica para imprimação | D189: Composições Próprias | E189: t | F189: =SUMIF(LÓGICA!$C$12:$C$116,C189,LÓGICA!$F$12:$F$116) -> 2.814 | G189: =VLOOKUP(C189,LÓGICA!$C$12:$J$116,5,0) -> 2619.87 | H189: =VLOOKUP(B189,B81:J185,7,0) -> 0.2389 | I189: =IFERROR(ROUND(IF(G189="","",G189*(1+H189)),2),"") -> 3245.76 | J189: =TRUNC(F189*I189,2) -> 9133.56
A190: =J190 -> 86311.16 | B190: ANP02 | C190: ANP Aquisição de RR-1C | D190: Composições Próprias | E190: t | F190: =SUMIF(LÓGICA!$C$12:$C$116,C190,LÓGICA!$F$12:$F$116) -> 19.413 | G190: =VLOOKUP(C190,LÓGICA!$C$12:$J$116,5,0) -> 3588.71 | H190: =VLOOKUP(B190,B82:J186,7,0) -> 0.2389 | I190: =IFERROR(ROUND(IF(G190="","",G190*(1+H190)),2),"") -> 4446.05 | J190: =TRUNC(F190*I190,2) -> 86311.16
A191: =J191 -> 1398472.3 | B191: ANP03 | C191: ANP Aquisição de CAP 50/70 | D191: Composições Próprias | E191: t | F191: =SUMIF(LÓGICA!$C$12:$C$116,C191,LÓGICA!$F$12:$F$116) -> 292.8327 | G191: =VLOOKUP(C191,LÓGICA!$C$12:$J$116,5,0) -> 3854.77 | H191: =VLOOKUP(B191,B83:J187,7,0) -> 0.2389 | I191: =IFERROR(ROUND(IF(G191="","",G191*(1+H191)),2),"") -> 4775.67 | J191: =TRUNC(F191*I191,2) -> 1398472.3
A192: =J192 -> 2630489.1 | B192: ANP04 | C192: ANP Aquisição de RR-2C | D192: Composições Próprias | E192: t | F192: =SUMIF(LÓGICA!$C$12:$C$116,C192,LÓGICA!$F$12:$F$116) -> 212.928 | G192: =VLOOKUP(C192,LÓGICA!$C$12:$J$116,5,0) -> 9971.66 | H192: =VLOOKUP(B192,B84:J188,7,0) -> 0.2389 | I192: =IFERROR(ROUND(IF(G192="","",G192*(1+H192)),2),"") -> 12353.89 | J192: =TRUNC(F192*I192,2) -> 2630489.1
A193: =J193 -> 2042.96 | B193: ANP05 | C193: ANP Transporte de Emulsão asfáltica para imprimação | D193: Composições Próprias | E193: t | F193: =SUMIF(LÓGICA!$C$12:$C$116,C193,LÓGICA!$F$12:$F$116) -> 2.814 | G193: =VLOOKUP(C193,LÓGICA!$C$12:$J$116,5,0) -> 617.82 | H193: =VLOOKUP(B193,B85:J189,7,0) -> 0.1751 | I193: =IFERROR(ROUND(IF(G193="","",G193*(1+H193)),2),"") -> 726 | J193: =TRUNC(F193*I193,2) -> 2042.96
A194: =J194 -> 14093.83 | B194: ANP06 | C194: ANP Transporte de RR-1C | D194: Composições Próprias | E194: t | F194: =SUMIF(LÓGICA!$C$12:$C$116,C194,LÓGICA!$F$12:$F$116) -> 19.413 | G194: =VLOOKUP(C194,LÓGICA!$C$12:$J$116,5,0) -> 617.82 | H194: =VLOOKUP(B194,B86:J190,7,0) -> 0.1751 | I194: =IFERROR(ROUND(IF(G194="","",G194*(1+H194)),2),"") -> 726 | J194: =TRUNC(F194*I194,2) -> 14093.83
A195: =J195 -> 212596.54 | B195: ANP07 | C195: ANP Transporte de CAP 50/70 | D195: Composições Próprias | E195: t | F195: =SUMIF(LÓGICA!$C$12:$C$116,C195,LÓGICA!$F$12:$F$116) -> 292.8327 | G195: =VLOOKUP(C195,LÓGICA!$C$12:$J$116,5,0) -> 617.82 | H195: =VLOOKUP(B195,B87:J191,7,0) -> 0.1751 | I195: =IFERROR(ROUND(IF(G195="","",G195*(1+H195)),2),"") -> 726 | J195: =TRUNC(F195*I195,2) -> 212596.54
A196: =J196 -> 154585.72 | B196: ANP08 | C196: ANP Transporte de RR-2C | D196: Composições Próprias | E196: t | F196: =SUMIF(LÓGICA!$C$12:$C$116,C196,LÓGICA!$F$12:$F$116) -> 212.928 | G196: =VLOOKUP(C196,LÓGICA!$C$12:$J$116,5,0) -> 617.82 | H196: =VLOOKUP(B196,B88:J196,7,0) -> 0.1751 | I196: =IFERROR(ROUND(IF(G196="","",G196*(1+H196)),2),"") -> 726 | J196: =TRUNC(F196*I196,2) -> 154585.72
I197: VALOR TOTAL: | J197: =SUM(J120:J196) -> 1.1804708e+08

Sheet CURVA ABC_INSUMO
A1: CÓDIGO | B1: DESCRIÇÃO | C1: FONTE | D1: TIPO | E1: UNIDADE | F1: QUANTIDADE | G1: PREÇO UNITÁRIO | H1: PREÇO TOTAL | I1: % | J1: ACUMUL. % | K1: CL
A2: M1387 | B2: Adesivo estrutural à base de resina epóxi de média viscosidade - Caminhão carroceria 5 t | C2: SICRO | D2: Material | E2: kg | F2: =SUMIF($A$2:$A$227,A2,$F$234:$F$539) -> 122761.6 | G2: =VLOOKUP(A2,$A$234:$K$539,7,0) -> 62.44 | H2: =ROUND(F2*G2,2) -> 7665234.3 | I2: =H2 / VALOR_TOTAL * 100 -> 8.4086104 | J2: =I2 -> 8.4086104 | K2: =IF(J2<=50,"A",IF(J2<=80,"B","C")) -> A
A3: M0004 | B3: Aço CA 50 - Caminhão carroceria 15 t | C3: SICRO | D3: Material | E3: kg | F3: =SUMIF($A$2:$A$227,A3,$F$234:$F$539) -> 732567.78 | G3: =VLOOKUP(A3,$A$234:$K$539,7,0) -> 6.96 | H3: =ROUND(F3*G3,2) -> 5098671.8 | I3: =H3 / VALOR_TOTAL * 100 -> 5.5931421 | J3: =I3 -> 5.5931421 | K3: =IF(J3<=50,"A",IF(J3<=80,"B","C")) -> A
A4: P9824 | B4: Servente | C4: SICRO | D4: Mão de Obra | E4: h | F4: =SUMIF($A$2:$A$227,A4,$F$234:$F$539) -> 211951.5 | G4: =VLOOKUP(A4,$A$234:$K$539,7,0) -> 22.23 | H4: =ROUND(F4*G4,2) -> 4711681.9 | I4: =H4 / VALOR_TOTAL * 100 -> 5.1686218 | J4: =I4 -> 5.1686218 | K4: =IF(J4<=50,"A",IF(J4<=80,"B","C")) -> A
A5: M0459 | B5: Compensado plastificado - E = 14 mm - Caminhão carroceria 15 t | C5: SICRO | D5: Material | E5: m² | F5: =SUMIF($A$2:$A$227,A5,$F$234:$F$539) -> 73568 | G5: =VLOOKUP(A5,$A$234:$K$539,7,0) -> 51.34 | H5: =ROUND(F5*G5,2) -> 3776981.1 | I5: =H5 / VALOR_TOTAL * 100 -> 4.1432736 | J5: =I5 -> 4.1432736 | K5: =IF(J5<=50,"A",IF(J5<=80,"B","C")) -> A
A6: P9801 | B6: Ajudante | C6: SICRO | D6: Mão de Obra | E6: h | F6: =SUMIF($A$2:$A$227,A6,$F$234:$F$539) -> 153044.42 | G6: =VLOOKUP(A6,$A$234:$K$539,7,0) -> 22.6 | H6: =ROUND(F6*G6,2) -> 3458803.9 | I6: =H6 / VALOR_TOTAL * 100 -> 3.7942394 | J6: =I6 -> 3.7942394 | K6: =IF(J6<=50,"A",IF(J6<=80,"B","C")) -> A
A7: M0424 | B7: Cimento Portland CP II - 32 - saco - Caminhão carroceria 15 t | C7: SICRO | D7: Material | E7: kg | F7: =SUMIF($A$2:$A$227,A7,$F$234:$F$539) -> 4443643.6 | G7: =VLOOKUP(A7,$A$234:$K$539,7,0) -> 0.65 | H7: =ROUND(F7*G7,2) -> 2888368.4 | I7: =H7 / VALOR_TOTAL * 100 -> 3.168483 | J7: =I7 -> 3.168483 | K7: =IF(J7<=50,"A",IF(J7<=80,"B","C")) -> A
A8: M0284 | B8: Caibro de pinho - L = 7,5 cm e E = 7,5 cm - Caminhão carroceria 15 t | C8: SICRO | D8: Material | E8: m | F8: =SUMIF($A$2:$A$227,A8,$F$234:$F$539) -> 143353.24 | G8: =VLOOKUP(A8,$A$234:$K$539,7,0) -> 18.23 | H8: =ROUND(F8*G8,2) -> 2613329.6 | I8: =H8 / VALOR_TOTAL * 100 -> 2.8667709 | J8: =I8 -> 2.8667709 | K8: =IF(J8<=50,"A",IF(J8<=80,"B","C")) -> A
A9: M1391 | B9: Ponteiro para martelete - D = 22 mm e C = 1,00 m | C9: SICRO | D9: Material | E9: un | F9: =SUMIF($A$2:$A$227,A9,$F$234:$F$539) -> 5395.1617 | G9: =VLOOKUP(A9,$A$234:$K$539,7,0) -> 445.81 | H9: =ROUND(F9*G9,2) -> 2405217 | I9: =H9 / VALOR_TOTAL * 100 -> 2.6384755 | J9: =I9 -> 2.6384755 | K9: =IF(J9<=50,"A",IF(J9<=80,"B","C")) -> A
A10: M0290 | B10: Tábua - E = 2,5 cm e L = 10 cm - Caminhão carroceria 15 t | C10: SICRO | D10: Material | E10: m | F10: =SUMIF($A$2:$A$227,A10,$F$234:$F$539) -> 382348.42 | G10: =VLOOKUP(A10,$A$234:$K$539,7,0) -> 5.78 | H10: =ROUND(F10*G10,2) -> 2209973.9 | I10: =H10 / VALOR_TOTAL * 100 -> 2.4242976 | J10: =I10 -> 2.4242976 | K10: =IF(J10<=50,"A",IF(J10<=80,"B","C")) -> A
A11: M0286 | B11: Tábua - E = 2,5 cm e L = 30 cm - Caminhão carroceria 15 t | C11: SICRO | D11: Material | E11: m | F11: =SUMIF($A$2:$A$227,A11,$F$234:$F$539) -> 93708.707 | G11: =VLOOKUP(A11,$A$234:$K$539,7,0) -> 22.92 | H11: =ROUND(F11*G11,2) -> 2147803.6 | I11: =H11 / VALOR_TOTAL * 100 -> 2.356098 | J11: =I11 -> 2.356098 | K11: =IF(J11<=50,"A",IF(J11<=80,"B","C")) -> A
A12: P9808 | B12: Carpinteiro | C12: SICRO | D12: Mão de Obra | E12: h | F12: =SUMIF($A$2:$A$227,A12,$F$234:$F$539) -> 70438.245 | G12: =VLOOKUP(A12,$A$234:$K$539,7,0) -> 27.95 | H12: =ROUND(F12*G12,2) -> 1968748.9 | I12: =H12 / VALOR_TOTAL * 100 -> 2.1596787 | J12: =I12 -> 2.1596787 | K12: =IF(J12<=50,"A",IF(J12<=80,"B","C")) -> A
A13: P9805 | B13: Armador | C13: SICRO | D13: Mão de Obra | E13: h | F13: =SUMIF($A$2:$A$227,A13,$F$234:$F$539) -> 61958.661 | G13: =VLOOKUP(A13,$A$234:$K$539,7,0) -> 30.74 | H13: =ROUND(F13*G13,2) -> 1904609.2 | I13: =H13 / VALOR_TOTAL * 100 -> 2.0893187 | J13: =I13 -> 2.0893187 | K13: =IF(J13<=50,"A",IF(J13<=80,"B","C")) -> A
... A227: E9706 | B227: Martelete perfurador/rompedor a ar comprimido de 28 kg para concreto com capacidade de 1.230 gpm (IMPRODUTIVO) | C227: SICRO | D227: Equipamento Custo Horário | E227: CHI | F227: =SUMIF($A$2:$A$227,A227,$F$234:$F$539) -> 4.4321522 | G227: =VLOOKUP(A227,$A$234:$K$539,7,0) -> 31.95 | H227: =ROUND(F227*G227,2) -> 141.61 | I227: =H227 / VALOR_TOTAL * 100 -> 0.00015534337 | J227: =I227 -> 0.00015534337 | K227: =IF(J227<=50,"A",IF(J227<=80,"B","C")) -> A
G229: ="Subtotal até "&TRUNC(J227,2)&"%" -> Subtotal até 0% | I229: =SUM(H2:H227) -> 1.3045281e+12
G230: Outros: | I230: =I231-I229 -> -1.3044369e+12
G231: Valor total do Orçamento: | I231: 91159346
A233: CÓDIGO | B233: DESCRIÇÃO | C233: FONTE | D233: TIPO | E233: UNIDADE | F233: QUANTIDADE | G233: PREÇO UNITÁRIO | H233: PREÇO TOTAL | I233: % | J233: ACUMUL. % | K233: CL
A234: M1387 | B234: Adesivo estrutural à base de resina epóxi de média viscosidade - Caminhão carroceria 5 t | C234: SICRO | D234: Material | E234: kg | F234: 122761.6 | G234: 62.44 | H234: =ROUND(F234*G234,2) -> 7665234.3 | I234: =H234 / VALOR_TOTAL * 100 -> 8.4086104 | J234: =I234 -> 8.4086104 | K234: =IF(J234<=50,"A",IF(J234<=80,"B","C")) -> A
A235: M0004 | B235: Aço CA 50 - Caminhão carroceria 15 t | C235: SICRO | D235: Material | E235: kg | F235: 732567.78 | G235: 6.96 | H235: =ROUND(F235*G235,2) -> 5098671.8 | I235: =H235 / VALOR_TOTAL * 100 -> 5.5931421 | J235: =I235+J234 -> 14.001752 | K235: =IF(J235<=50,"A",IF(J235<=80,"B","C")) -> A
A236: P9824 | B236: Servente | C236: SICRO | D236: Mão de Obra | E236: h | F236: 211951.5 | G236: 22.23 | H236: =ROUND(F236*G236,2) -> 4711681.9 | I236: =H236 / VALOR_TOTAL * 100 -> 5.1686218 | J236: =I236+J235 -> 19.170374 | K236: =IF(J236<=50,"A",IF(J236<=80,"B","C")) -> A
A237: M0459 | B237: Compensado plastificado - E = 14 mm - Caminhão carroceria 15 t | C237: SICRO | D237: Material | E237: m² | F237: 73568 | G237: 51.34 | H237: =ROUND(F237*G237,2) -> 3776981.1 | I237: =H237 / VALOR_TOTAL * 100 -> 4.1432736 | J237: =I237+J236 -> 23.313648 | K237: =IF(J237<=50,"A",IF(J237<=80,"B","C")) -> A
A238: P9801 | B238: Ajudante | C238: SICRO | D238: Mão de Obra | E238: h | F238: 153044.42 | G238: 22.6 | H238: =ROUND(F238*G238,2) -> 3458803.9 | I238: =H238 / VALOR_TOTAL * 100 -> 3.7942394 | J238: =I238+J237 -> 27.107887 | K238: =IF(J238<=50,"A",IF(J238<=80,"B","C")) -> A
A239: M0424 | B239: Cimento Portland CP II - 32 - saco - Caminhão carroceria 15 t | C239: SICRO | D239: Material | E239: kg | F239: 4443643.6 | G239: 0.65 | H239: =ROUND(F239*G239,2) -> 2888368.4 | I239: =H239 / VALOR_TOTAL * 100 -> 3.168483 | J239: =I239+J238 -> 30.27637 | K239: =IF(J239<=50,"A",IF(J239<=80,"B","C")) -> A
A240: M0284 | B240: Caibro de pinho - L = 7,5 cm e E = 7,5 cm - Caminhão carroceria 15 t | C240: SICRO | D240: Material | E240: m | F240: 143353.24 | G240: 18.23 | H240: =ROUND(F240*G240,2) -> 2613329.6 | I240: =H240 / VALOR_TOTAL * 100 -> 2.8667709 | J240: =I240+J239 -> 33.143141 | K240: =IF(J240<=50,"A",IF(J240<=80,"B","C")) -> A
A241: M1391 | B241: Ponteiro para martelete - D = 22 mm e C = 1,00 m | C241: SICRO | D241: Material | E241: un | F241: 5395.1617 | G241: 445.81 | H241: =ROUND(F241*G241,2) -> 2405217 | I241: =H241 / VALOR_TOTAL * 100 -> 2.6384755 | J241: =I241+J240 -> 35.781617 | K241: =IF(J241<=50,"A",IF(J241<=80,"B","C")) -> A
A242: M0290 | B242: Tábua - E = 2,5 cm e L = 10 cm - Caminhão carroceria 15 t | C242: SICRO | D242: Material | E242: m | F242: 382348.42 | G242: 5.78 | H242: =ROUND(F242*G242,2) -> 2209973.9 | I242: =H242 / VALOR_TOTAL * 100 -> 2.4242976 | J242: =I242+J241 -> 38.205914 | K242: =IF(J242<=50,"A",IF(J242<=80,"B","C")) -> A
A243: M0286 | B243: Tábua - E = 2,5 cm e L = 30 cm - Caminhão carroceria 15 t | C243: SICRO | D243: Material | E243: m | F243: 93708.707 | G243: 22.92 | H243: =ROUND(F243*G243,2) -> 2147803.6 | I243: =H243 / VALOR_TOTAL * 100 -> 2.356098 | J243: =I243+J242 -> 40.562012 | K243: =IF(J243<=50,"A",IF(J243<=80,"B","C")) -> A
A244: P9808 | B244: Carpinteiro | C244: SICRO | D244: Mão de Obra | E244: h | F244: 70438.245 | G244: 27.95 | H244: =ROUND(F244*G244,2) -> 1968748.9 | I244: =H244 / VALOR_TOTAL * 100 -> 2.1596787 | J244: =I244+J243 -> 42.721691 | K244: =IF(J244<=50,"A",IF(J244<=80,"B","C")) -> A
A245: P9805 | B245: Armador | C245: SICRO | D245: Mão de Obra | E245: h | F245: 61958.661 | G245: 30.74 | H245: =ROUND(F245*G245,2) -> 1904609.2 | I245: =H245 / VALOR_TOTAL * 100 -> 2.0893187 | J245: =I245+J244 -> 44.81101 | K245: =IF(J245<=50,"A",IF(J245<=80,"B","C")) -> A
A246: E9506 | B246: Caminhão basculante com capacidade de 6 m³ - 136 kW (PRODUTIVO) | C246: SICRO | D246: Equipamento Custo Horário | E246: CHP | F246: 9772.3631 | G246: 186.78 | H246: =ROUND(F246*G246,2) -> 1825282 | I246: =H246 / VALOR_TOTAL * 100 -> 2.0022982 | J246: =I246+J245 -> 46.813308 | K246: =IF(J246<=50,"A",IF(J246<=80,"B","C")) -> A
... A539: E9706 | B539: Martelete perfurador/rompedor a ar comprimido de 28 kg para concreto com capacidade de 1.230 gpm (IMPRODUTIVO) | C539: SICRO | D539: Equipamento Custo Horário | E539: CHI | F539: 0 | G539: 29.8 | H539: =ROUND(F539*G539,2) -> 0 | I539: =H539 / VALOR_TOTAL * 100 -> 0 | J539: =I539+J538 -> 83.354613 | K539: =IF(J539<=50,"A",IF(J539<=80,"B","C")) -> C

Sheet MEMÓRIA
A1: DER-PE
A5: MEMÓRIA DE CÁLCULO
A6: RECUPERAÇÃO E REFORÇO ESRUTURAL DE OAES NO ESTADO DO PERNAMBUCO
A7: SICRO 2026/01 | O7: 96 | P7: total de pontes
A9: Canteiro de Obras | L9: =SUM(L12) -> 1 | M9: und
B11: comp. med. | D11: larg. med. | F11: dias | H11: horas | J11: quantidade
C12: X | E12: X | G12: X | I12: X | J12: 1 | K12: = | L12: =J12 -> 1 | M12: =M9 -> und
A14: ADMINISTRAÇÃO LOCAL DA OBRA | L14: =SUM(L17) -> 1 | M14: und
B16: comp. med. | D16: larg. med. | F16: dias | H16: horas | J16: período
C17: X | E17: X | G17: X | I17: X | J17: 1 | K17: = | L17: =J17 -> 1 | M17: =M14 -> und
A19: MOBILIZAÇÃO E DESMOBILIZAÇÃO | L19: =SUM(L22) -> 1 | M19: und
B21: comp. med. | D21: larg. med. | F21: dias | H21: horas | J21: período
C22: X | E22: X | G22: X | I22: X | J22: 1 | K22: = | L22: =J22 -> 1 | M22: =M19 -> und
A24: INFRAESTRUTURA
A26: Escavação manual em material de 2ª categoria na profundidade de 1 a 2 m | L26: =SUM(L29) -> 5529.6 | M26: m³
B28: comp. med. | D28: larg. med. | F28: altura escavação | H28: larg. Escavação | J28: quantidade
B29: =40*0.3 -> 12 | C29: X | D29: 8 | E29: X | F29: 2 | G29: X | H29: 0.3 | I29: X | J29: =$O$7 -> 96 | K29: = | L29: =B29*D29*F29*H29*J29 -> 5529.6 | M29: =M26 -> m³
A31: Reaterro e compactação com soquete vibratório | L31: =SUM(L34) -> 5529.6 | M31: m³
B33: comp. med. | D33: larg. med. | F33: altura escavação | H33: larg. Escavação | J33: quantidade
B34: =B29 -> 12 | C34: X | D34: =D29 -> 8 | E34: X | F34: =F29 -> 2 | G34: X | H34: =H29 -> 0.3 | I34: X | J34: =J29 -> 96 | K34: = | L34: =B34*D34*F34*H34*J34 -> 5529.6 | M34: =M31 -> m³
A36: Enrocamento de pedra arrumada manualmente - pedra de mão comercial - fornecimento e assentamento | L36: =SUM(L39) -> 1105.92 | M36: m³
B38: comp. med. | D38: larg. med. | F38: altura | H38: largura | J38: quantidade
B39: =B29 -> 12 | C39: X | D39: =D29 -> 8 | E39: X | F39: 1.2 | G39: X | H39: 0.1 | I39: X | J39: =J29 -> 96 | K39: = | L39: =B39*D39*F39*H39*J39 -> 1105.92 | M39: =M36 -> m³
A41: Demolição controlada de concreto com martelete | L41: =SUM(L44) -> 921.6 | M41: m³
B43: comp. med. | D43: larg. med. | F43: espessura | H43: repetição | J43: quantidade
B44: =B29 -> 12 | C44: X | D44: =D29 -> 8 | E44: X | F44: 0.1 | G44: X | I44: X | J44: =J29 -> 96 | K44: = | L44: =B44*D44*F44*J44 -> 921.6 | M44: =M41 -> m³
A46: Remoção de concreto com jateamento d'água sob alta pressão | L46: =SUM(L49) -> 230.4 | M46: m³
B48: comp. med. | D48: larg. med. | F48: espessura | H48: repetição | J48: quantidade
B49: =B29 -> 12 | C49: X | D49: =D29 -> 8 | E49: X | F49: 0.025 | G49: X | I49: X | J49: =J29 -> 96 | K49: = | L49: =B49*D49*F49*J49 -> 230.4 | M49: =M46 -> m³
A51: Apicoamento mecanizado de concreto | L51: =SUM(L54) -> 9216 | M51: m²
B53: comp. med. | D53: larg. med. | F53: altura | H53: repetição | J53: quantidade
B54: =B29 -> 12 | C54: X | D54: =D29 -> 8 | E54: X | G54: X | I54: X | J54: =J29 -> 96 | K54: = | L54: =B54*D54*J54 -> 9216 | M54: =M51 -> m²
A56: Limpeza em superfície de concreto com escova de aço | L56: =SUM(L59) -> 9216 | M56: m²
B58: comp. med. | D58: larg. med. | F58: altura | H58: repetição | J58: quantidade
B59: =B29 -> 12 | C59: X | D59: =D29 -> 8 | E59: X | G59: X | I59: X | J59: =J29 -> 96 | K59: = | L59: =B59*D59*J59 -> 9216 | M59: =M56 -> m²
A61: Armação em aço CA-50 - fornecimento, preparo e colocação | L61: =SUM(L64) -> 115200 | M61: kg
B63: comp. med. | D63: larg. med. | F63: altura | H63: taxa de aço | J63: vol. concreto
A64: taxa de aço = 100 kg/m³ | C64: X | E64: X | G64: X | H64: 100 | I64: X | J64: =L91+L96+L111 -> 1152 | K64: = | L64: =H64*J64 -> 115200 | M64: =M61 -> kg
A66: Pintura com tinta anticorrosiva à base de epóxi poliamida de dois componentes com pistola a ar comprimido, uma demão, espessura de 150 µm | L66: =SUM(L69) -> 9216 | M66: m²
B68: comp. med. | D68: larg. med. | F68: altura | H68: repetição | J68: quantidade
B69: =B29 -> 12 | C69: X | D69: =D29 -> 8 | E69: X | G69: X | I69: X | J69: =J29 -> 96 | K69: = | L69: =B69*D69*J69 -> 9216 | M69: =M66 -> m²
A71: Limpeza em superfície de concreto com jateamento d'água sob pressão | L71: =SUM(L74) -> 9216 | M71: m²
B73: comp. med. | D73: larg. med. | F73: altura | H73: repetição | J73: quantidade
B74: =B29 -> 12 | C74: X | D74: =D29 -> 8 | E74: X | G74: X | I74: X | J74: =J29 -> 96 | K74: = | L74: =B74*D74*J74 -> 9216 | M74: =M71 -> m²
A76: Fornecimento e aplicação de adesivo estrutural à base de resina epóxi | L76: =SUM(L79) -> 18514.944 | M76: kg
B78: comp. med. | D78: larg. med. | F78: altura | H78: kg/m² | J78: quantidade
A79: ponte de aderência | B79: =B29 -> 12 | C79: X | D79: =D29 -> 8 | E79: X | G79: X | H79: 2.009 | I79: X | J79: =J29 -> 96 | K79: = | L79: =B79*D79*H79*J79 -> 18514.944 | M79: =M76 -> kg
A81: Fôrmas de compensado plastificado 14 mm - uso geral - utilização de 1 vez - confecção, instalação e retirada | L81: =SUM(L84) -> 10137.6 | M81: m²
B83: comp. med. | D83: larg. med. | F83: altura | H83: taxa | J83: quantidade
B84: =B29 -> 12 | C84: X | D84: =D29 -> 8 | E84: X | G84: X | H84: 1.1 | I84: X | J84: =J29 -> 96 | K84: = | L84: =B84*D84*H84*J84 -> 10137.6 | M84: =M81 -> m²
A86: Concreto magro - confecção em betoneira e lançamento manual - areia e brita comerciais | L86: =SUM(L89) -> 46.08 | M86: m³
B88: comp. med. | D88: larg. med. | F88: espessura | H88: % | J88: quantidade
B89: =B29 -> 12 | C89: X | D89: =D29 -> 8 | E89: X | F89: 0.05 | G89: X | H89: 0.1 | I89: X | J89: =J29 -> 96 | K89: = | L89: =B89*D89*F89*H89*J89 -> 46.08 | M89: =M86 -> m³
A91: Concreto projetado via seca fck = 40 MPa aplicado em superfícies inclinadas e verticais | L91: =SUM(L94) -> 806.4 | M91: m³
B93: comp. med. | D93: larg. med. | F93: espessura | H93: % | J93: quantidade
B94: =B29 -> 12 | C94: X | D94: =D29 -> 8 | E94: X | F94: =F44+F49 -> 0.125 | G94: X | H94: 0.7 | I94: X | J94: =J29 -> 96 | K94: = | L94: =B94*D94*F94*H94*J94 -> 806.4 | M94: =M91 -> m³
A96: Concreto para bombeamento fck = 30 MPa - confecção em central dosadora de 30 m³/h - areia e brita comerciais | L96: =SUM(L99) -> 230.4 | M96: m³
B98: comp. med. | D98: larg. med. | F98: espessura | H98: % | J98: quantidade
B99: =B29 -> 12 | C99: X | D99: =D29 -> 8 | E99: X | F99: =F94 -> 0.125 | G99: X | H99: 0.2 | I99: X | J99: =J29 -> 96 | K99: = | L99: =B99*D99*F99*H99*J99 -> 230.4 | M99: =M96 -> m³
A101: Lançamento manual de concreto usinado - confecção em central dosadora de 30 m³/h | L101: =SUM(L104) -> 230.4 | M101: m³
B103: comp. med. | D103: larg. med. | F103: espessura | H103: % | J103: quantidade
B104: =B99 -> 12 | C104: X | D104: =D99 -> 8 | E104: X | F104: =F99 -> 0.125 | G104: X | H104: =H99 -> 0.2 | I104: X | J104: =J99 -> 96 | K104: = | L104: =B104*D104*F104*H104*J104 -> 230.4 | M104: =M101 -> m³
A106: Adensamento de concreto por vibrador de imersão | L106: =SUM(L109) -> 230.4 | M106: m³
B108: comp. med. | D108: larg. med. | F108: espessura | H108: % | J108: quantidade
B109: =B99 -> 12 | C109: X | D109: =D99 -> 8 | E109: X | F109: =F99 -> 0.125 | G109: X | H109: =H99 -> 0.2 | I109: X | J109: =J99 -> 96 | K109: = | L109: =B109*D109*F109*H109*J109 -> 230.4 | M109: =M106 -> m³
A111: Concreto submerso fck = 30 MPa - confecção em central dosadora de 30 m³/h - areia e brita comerciais | L111: =SUM(L114) -> 115.2 | M111: m³
B113: comp. med. | D113: larg. med. | F113: espessura | H113: % | J113: quantidade
B114: =B29 -> 12 | C114: X | D114: =D29 -> 8 | E114: X | F114: =F94 -> 0.125 | G114: X | H114: 0.1 | I114: X | J114: =J29 -> 96 | K114: = | L114: =B114*D114*F114*H114*J114 -> 115.2 | M114: =M111 -> m³
A116: Concreto ciclópico fck = 20 MPa - confecção em betoneira e lançamento manual - areia, brita e pedra de mão comerciais | L116: =SUM(L119) -> 921.6 | M116: m³
B118: comp. med. | D118: larg. med. | F118: espessura | H118: % | J118: quantidade
B119: =B29 -> 12 | C119: X | D119: =D29 -> 8 | E119: X | F119: 1 | G119: X | H119: 0.1 | I119: X | J119: =J29 -> 96 | K119: = | L119: =B119*D119*F119*H119*J119 -> 921.6 | M119: =M116 -> m³
A121: Pintura manual com nata de cimento - 3 demãos | L121: =SUM(L124) -> 9216 | M121: m²
B123: comp. med. | D123: larg. med. | F123: altura | H123: repetição | J123: quantidade
B124: =B29 -> 12 | C124: X | D124: =D29 -> 8 | E124: X | G124: X | I124: X | J124: =J29 -> 96 | K124: = | L124: =B124*D124*J124 -> 9216 | M124: =M121 -> m²
A126: MESOESTRUTURA
A128: Demolição controlada de concreto com martelete | L128: =SUM(L131) -> 1843.2 | M128: m³
B130: comp. med. | D130: larg. med. | F130: espessura | H130: repetição | J130: quantidade
B131: =40*0.6 -> 24 | C131: X | D131: 8 | E131: X | F131: 0.1 | G131: X | I131: X | J131: =$O$7 -> 96 | K131: = | L131: =B131*D131*F131*J131 -> 1843.2 | M131: =M128 -> m³
A133: Remoção de concreto com jateamento d'água sob alta pressão | L133: =SUM(L136) -> 460.8 | M133: m³
B135: comp. med. | D135: larg. med. | F135: espessura | H135: repetição | J135: quantidade
B136: =B131 -> 24 | C136: X | D136: =D131 -> 8 | E136: X | F136: 0.025 | G136: X | I136: X | J136: =J131 -> 96 | K136: = | L136: =B136*D136*F136*J136 -> 460.8 | M136: =M133 -> m³
A138: Apicoamento mecanizado de concreto | L138: =SUM(L141) -> 18432 | M138: m²
B140: comp. med. | D140: larg. med. | F140: altura | H140: repetição | J140: quantidade
B141: =B131 -> 24 | C141: X | D141: =D131 -> 8 | E141: X | G141: X | I141: X | J141: =J131 -> 96 | K141: = | L141: =B141*D141*J141 -> 18432 | M141: =M138 -> m²
A143: Limpeza em superfície de concreto com escova de aço | L143: =SUM(L146) -> 18432 | M143: m²
B145: comp. med. | D145: larg. med. | F145: espessura | H145: repetição | J145: quantidade
B146: =B131 -> 24 | C146: X | D146: =D131 -> 8 | E146: X | G146: X | I146: X | J146: =J131 -> 96 | K146: = | L146: =B146*D146*J146 -> 18432 | M146: =M143 -> m²
A148: Armação em aço CA-50 - fornecimento, preparo e colocação | L148: =SUM(L151) -> 230400 | M148: kg
B150: comp. med. | D150: larg. med. | F150: espessura | H150: taxa de aço | J150: vol. concreto
A151: taxa de aço = 100 kg/m³ | C151: X | E151: X | G151: X | H151: 100 | I151: X | J151: =L184+L189+L199 -> 2304 | K151: = | L151: =H151*J151 -> 230400 | M151: =M148 -> kg
A153: Perfuração em concreto com martelete elétrico - D = 10 mm | L153: =SUM(L156) -> 3686.4 | M153: m
B155: comp. med. | D155: larg. med. | F155: altura | H155: taxa | J155: quantidade
A156: prof. perfuração = 0,20 m | B156: =B131 -> 24 | C156: X | D156: =D131 -> 8 | E156: X | F156: 0.2 | G156: X | H156: =2*0.5 -> 1 | I156: X | J156: =J131 -> 96 | K156: = | L156: =B156*D156*F156*H156*J156 -> 3686.4 | M156: =M153 -> m
A158: Perfuração em concreto com martelete elétrico - D = 14 mm | L158: =SUM(L161) -> 3686.4 | M158: m
B160: comp. med. | D160: larg. med. | F160: altura | H160: repetição | J160: quantidade
A161: prof. perfuração = 0,20 m | B161: =B156 -> 24 | C161: X | D161: =D156 -> 8 | E161: X | F161: =F156 -> 0.2 | G161: X | H161: =2*0.5 -> 1 | I161: X | J161: =J156 -> 96 | K161: = | L161: =B161*D161*F161*H161*J161 -> 3686.4 | M161: =M158 -> m
A163: Fornecimento e aplicação de adesivo estrutural à base de resina epóxi | L163: =SUM(L166:L167) -> 37251.072 | M163: kg
B165: comp. med. | D165: larg. med. | F165: altura | H165: taxa | J165: quantidade
A166: ponte de aderência | B166: =B131 -> 24 | C166: X | D166: =D131 -> 8 | E166: X | G166: X | H166: 2.009 | I166: X | J166: =J131 -> 96 | K166: = | L166: =B166*D166*H166*J166 -> 37029.888 | M166: =M163 -> kg
A167: ancoragem | C167: X | E167: X | G167: X | H167: 0.006 | I167: X | J167: =(B156*D156*H156*J156)+(B161*D161*H161*J161) -> 36864 | L167: =H167*J167 -> 221.184 | M167: =M166 -> kg
...

Sheet BDI_SEM DESON.
A1: DER-PE
A6: COMPOSIÇÃO DA PARCELA DE BDI
A7: (Bonificação e Despesas Indiretas)
A8: SEM DESONERAÇÃO
A11: ITENS RELATIVOS À ADMINISTRAÇÃO DA OBRA | B11: % sobre CD
A14: A - Administração Central | B14: 0.038
A16: B – Seguros e Garantias Contratuais | B16: 0.0032
A18: C – Risco | B18: 0.005
A20: D – Despesa Financeira | B20: 0.0102
A22: LUCRO | B22: % sobre CD
A25: E – Lucro Operacional | B25: 0.07084
A27: TAXAS E IMPOSTOS | B27: % sobre CD
A30: PIS | B30: 0.0065
A31: COFINS | B31: 0.03
A32: ISS | B32: 0.05
A33: CPRB
A34: I ( Impostos) | B34: =SUM(B30:B33) -> 0.0865
A43: BDI = (((1 + A + B + C ) * (1 + D) * (1 + E)) / (1 - I)) - 1
A45: BDI COM IMPOSTOS (%) | B45: =TRUNC(((((1+B14+B16+B18)*(1+B20)*(1+B25))/(1-B34))-1),4) -> 0.2389
A47: CD – Custo Direto

Sheet BDI DIFER_SEM DESON.
A1: DER-PE
A6: COMPOSIÇÃO DA PARCELA DE BDI - DIFERENCIADO
A7: (Bonificação e Despesas Indiretas)
A8: SEM DESONERAÇÃO
A11: ITENS RELATIVOS À ADMINISTRAÇÃO DA OBRA | B11: % sobre CD
A14: A - Administração Central | B14: 0.015
A16: B – Seguros e Garantias Contratuais | B16: 0.003
A18: C – Risco | B18: 0.0056
A20: D – Despesa Financeira | B20: 0.0085
A22: LUCRO | B22: % sobre CD
A25: E – Lucro Operacional | B25: 0.0399
A27: TAXAS E IMPOSTOS | B27: % sobre CD
A30: PIS | B30: 0.0065
A31: COFINS | B31: 0.03
A32: ISS | B32: 0.05
A33: CPRB
A34: I ( Impostos) | B34: =SUM(B30:B33) -> 0.0865
A37: BDI = (((1 + A + B + C ) * (1 + D) * (1 + E)) / (1 - I)) - 1
A39: BDI COM IMPOSTOS (%) | B39: =TRUNC(((((1+B14+B16+B18)*(1+B20)*(1+B25))/(1-B34))-1),4) -> 0.1751
A41: CD – Custo Direto

Sheet EAI
A1: DER-PE
G6: EAI
L7: MÊS BASE: | M7: 46023
A8: AQUISIÇÃO E TRANSPORTE DE MATERIAIS BETUMINOSOS
A9: COMPARATIVO DE TRANSPORTE
A10: ORIGEM | B10: DESTINO | C10: EQUAÇÃO TARIFÁRIA DE TRANSPORTE (R$) (26,939 + 0,253 x D) | I10: Custo direto sem ICMS | J10: Custo c/ ICMS 20,50% Jul/14 | K10: Custo c/ ICMS 20,50% Jan/26 | L10: Custo s/ BDI (Onerado) | M10: Custo s/ BDI (Desonerado)
L11: 0 | M11: 0
A12: =P13 -> Ceará | B12: CANTEIRO | C12: 26.939 | D12: + | E12: 0.253 | F12: x | G12: =$Q$13 -> 778 | H12: = | I12: =TRUNC(C12+(E12*G12),2) -> 223.77 | J12: =TRUNC(I12/(1-0.205),2) -> 281.47 | K12: =TRUNC(J12*$L$22,2) -> 617.82 | L12: =TRUNC(K12*(1+$L$11),2) -> 617.82 | M12: =TRUNC(K12*(1+$M$11),2) -> 617.82 | P12: FORNECEDORES | Q12: DISTÂNCIA
A13: =P14 -> Rio Grande do Sul | B13: CANTEIRO | C13: 26.939 | D13: + | E13: 0.253 | F13: x | G13: =Q14 -> 3796 | H13: = | I13: =TRUNC(C13+(E13*G13),2) -> 987.32 | J13: =TRUNC(I13/(1-0.205),2) -> 1241.91 | K13: =TRUNC(J13*$L$22,2) -> 2725.97 | L13: =TRUNC(K13*(1+$L$11),2) -> 2725.97 | M13: =TRUNC(K13*(1+$M$11),2) -> 2725.97 | P13: =ANP!C16 -> Ceará | Q13: =ANP!F16 -> 778
A14: =P15 -> Mato Grosso | B14: CANTEIRO | C14: 26.939 | D14: + | E14: 0.253 | F14: x | G14: =Q15 -> 3312 | H14: = | I14: =TRUNC(C14+(E14*G14),2) -> 864.87 | J14: =TRUNC(I14/(1-0.205),2) -> 1087.88 | K14: =TRUNC(J14*$L$22,2) -> 2387.88 | L14: =TRUNC(K14*(1+$L$11),2) -> 2387.88 | M14: =TRUNC(K14*(1+$M$11),2) -> 2387.88 | P14: =ANP!C17 -> Rio Grande do Sul | Q14: =ANP!F17 -> 3796
P15: =ANP!C18 -> Mato Grosso | Q15: =ANP!F18 -> 3312
P17: =C12*L22 -> 59.130785 | Q17: =P17+((P18*G12)+(P20*G13)) -> 2599.2193
L18: ATUALIZAÇÃO | P18: =E12*L22 -> 0.55533199 | Q18: =Q17/(1-0.18) -> 3169.7796
L19: índice FGV Pavimentação | P19: =C13*L22 -> 59.130785 | Q19: =Q18*1.15 -> 3645.2466
L20: 41821 | M20: 46023 | P20: =E13*L22 -> 0.55533199
L21: 270.237 | M21: 593.167
L22: =M21/L21 -> 2.1949881
A23: *PORTARIA Nº 1.977, DE 25 DE OUTUBRO DE 2017 | C23: (Implanta nova equação de transportes) | G23: **MEMORANDO CIRCULAR Nº.03/2016/DIREX | K23: ***MEMORANDO CIRCULAR Nº.12/2012/DIREX | Q23: =L27/1.15 -> 2278.1478 | R23: =M27/1.2124 -> 2160.8957
Q24: =L28/1.15 -> 2791 | R24: =M28/1.2124 -> 2647.3524
A25: AQUISIÇÃO
A26: LOCALIDADE | C26: MATERIAL | E26: DATA-BASE | F26: (R$/ton) ANP | H26: ICMS (%) | J26: PIS (%) | K26: COFINS (%) | L26: TOTAL (R$/ton) Onerado sem BDI | M26: TOTAL (R$/ton) Desonerado sem BDI | P26: 44197 | R26: ANP
A27: ANP | C27: =P27 -> EAI | E27: =M7 -> 46023 | F27: =TRUNC(1000*B33,2) -> 2006.78 | H27: 0.205 | J27: 0.0065 | K27: 0.03 | L27: =(TRUNC((F27/(1-($H$27+$J$27+$K$27-(J27+K27)*H27)))*(1+$L$11),2)) -> 2619.87 | M27: =(TRUNC((F27/(1-($H$27+$J$27+$K$27-(J27+K27)*H27)))*(1+$M$11),2)) -> 2619.87 | P27: =G6 -> EAI | R27: R$/kg | S27: CEARA
C28: =P28 -> EAI | F28: =TRUNC(1000*B34,2) -> 2458.54 | L28: =(TRUNC((F28/(1-($H$27+$J$27+$K$27-(J27+K27)*H27)))*(1+$L$11),2)) -> 3209.65 | M28: =(TRUNC((F28/(1-($H$27+$J$27+$K$27-(J27+K27)*H27)))*(1+$M$11),2)) -> 3209.65 | P28: =G6 -> EAI | R28: R$/kg | S28: CEARA
C29: =P29 -> EAI | F29: =TRUNC(1000*B35,2) -> 2480.97 | L29: =(TRUNC((F29/(1-($H$27+$J$27+$K$27-(J27+K27)*H27)))*(1+$L$11),2)) -> 3238.93 | M29: =(TRUNC((F29/(1-($H$27+$J$27+$K$27-(J27+K27)*H27)))*(1+$M$11),2)) -> 3238.93 | P29: =G6 -> EAI | R29: R$/kg | S29: CEARA
A30: Consulta em https://www.gov.br/anp/pt-br/assuntos/precos-e-defesa-da-concorrencia/precos/precos-de-distribuicao-de-produtos-asfalticos
A32: INSUMO | B32: R$/kg
A33: =P27 -> EAI | B33: =ANP!D16 -> 2.0067851 | C33: =P13 -> Ceará
A34: =P28 -> EAI | B34: =ANP!D17 -> 2.4585402 | C34: =P14 -> Rio Grande do Sul
A35: =P29 -> EAI | B35: =ANP!D18 -> 2.4809706 | C35: =P15 -> Mato Grosso
A36: BINÔMIO (AQUISIÇÃO + TRANSPORTE) | P36: SEM BDI
A38: LOCALIDADE | C38: MATERIAL | E38: DATA-BASE | F38: TRANSPORTE (R$/ton) Desonerado sem BDI | H38: AQUISIÇÃO (R$/ton) Desonerado sem BDI | J38: TOTAL AQUISIÇÃO + TRANSPORTE (R$/ton) Desonerado sem BDI | L38: TRANSPORTE (R$/ton) Onerado sem BDI | M38: AQUISIÇÃO (R$/ton) Onerado sem BDI | N38: TOTAL AQUISIÇÃO + TRANSPORTE (R$/ton) Onerado sem BDI | P38: TRANSPORTE (R$/ton) Onerado | Q38: AQUISIÇÃO (R$/ton) Onerado | T38: TRANSPORTE (R$/ton) Desonerado | U38: AQUISIÇÃO (R$/ton) Desonerado
A39: ANP | B39: =P13 -> Ceará | C39: =C27 -> EAI | E39: =E27 -> 46023 | F39: =M12 -> 617.82 | H39: =M27 -> 2619.87 | J39: =H39+F39 -> 3237.69 | L39: =L12 -> 617.82 | M39: =L27 -> 2619.87 | N39: =L39+M39 -> 3237.69 | P39: =L39/(1+$L$11) -> 617.82 | Q39: =L27/(1+$L$11) -> 2619.87 | R39: =C39 -> EAI | U39: =M27/(1+$M$11) -> 2619.87 | V39: =R39 -> EAI
B40: =P14 -> Rio Grande do Sul | C40: =C28 -> EAI | F40: =M13 -> 2725.97 | H40: =M28 -> 3209.65 | J40: =H40+F40 -> 5935.62 | L40: =L13 -> 2725.97 | M40: =L28 -> 3209.65 | N40: =L40+M40 -> 5935.62 | P40: =L40/(1+$L$11) -> 2725.97 | Q40: =L28/(1+$L$11) -> 3209.65 | R40: =C40 -> EAI | U40: =M28/(1+$M$11) -> 3209.65 | V40: =R40 -> EAI
B41: =P15 -> Mato Grosso | C41: =C29 -> EAI | F41: =M14 -> 2387.88 | H41: =M29 -> 3238.93 | J41: =H41+F41 -> 5626.81 | L41: =L14 -> 2387.88 | M41: =L29 -> 3238.93 | N41: =L41+M41 -> 5626.81 | P41: =L41/(1+$L$11) -> 2387.88 | Q41: =L29/(1+$L$11) -> 3238.93 | R41: =C41 -> EAI | U41: =M29/(1+$L$11) -> 3238.93 | V41: =R41 -> EAI
G47: =F39/(100%+$M$11) -> 617.82 | I47: =H39/(100%+$M$11) -> 2619.87 | L47: =F39/1.1961 -> 516.52872 | M47: =H39/1.1961 -> 2190.3436

Sheet RR-1C
A1: DER-PE
G6: RR-1C
L7: MÊS BASE: | M7: 46023
A8: AQUISIÇÃO E TRANSPORTE DE MATERIAIS BETUMINOSOS
A9: COMPARATIVO DE TRANSPORTE
A10: ORIGEM | B10: DESTINO | C10: EQUAÇÃO TARIFÁRIA DE TRANSPORTE (R$) (26,939 + 0,253 x D) | I10: Custo direto sem ICMS | J10: Custo c/ ICMS 20,50% Jul/14 | K10: Custo c/ ICMS 20,50% Jan/26 | L10: Custo s/ BDI (Onerado) | M10: Custo s/ BDI (Desonerado)
L11: 0 | M11: 0
A12: =P13 -> Ceará | B12: CANTEIRO | C12: 26.939 | D12: + | E12: 0.253 | F12: x | G12: =$Q$13 -> 778 | H12: = | I12: =TRUNC(C12+(E12*G12),2) -> 223.77 | J12: =TRUNC(I12/(1-0.205),2) -> 281.47 | K12: =TRUNC(J12*$L$22,2) -> 617.82 | L12: =TRUNC(K12*(1+$L$11),2) -> 617.82 | M12: =TRUNC(K12*(1+$M$11),2) -> 617.82 | P12: FORNECEDORES | Q12: DISTÂNCIA
A13: =P14 -> Rio Grande do Sul | B13: CANTEIRO | C13: 26.939 | D13: + | E13: 0.253 | F13: x | G13: =Q14 -> 3796 | H13: = | I13: =TRUNC(C13+(E13*G13),2) -> 987.32 | J13: =TRUNC(I13/(1-0.205),2) -> 1241.91 | K13: =TRUNC(J13*$L$22,2) -> 2725.97 | L13: =TRUNC(K13*(1+$L$11),2) -> 2725.97 | M13: =TRUNC(K13*(1+$M$11),2) -> 2725.97 | P13: =ANP!C13 -> Ceará | Q13: =ANP!F13 -> 778
A14: =P15 -> Minas Gerais | B14: CANTEIRO | C14: 26.939 | D14: + | E14: 0.253 | F14: x | G14: =Q15 -> 2087 | H14: = | I14: =TRUNC(C14+(E14*G14),2) -> 554.95 | J14: =TRUNC(I14/(1-0.205),2) -> 698.05 | K14: =TRUNC(J14*$L$22,2) -> 1532.21 | L14: =TRUNC(K14*(1+$L$11),2) -> 1532.21 | M14: =TRUNC(K14*(1+$M$11),2) -> 1532.21 | P14: =ANP!C14 -> Rio Grande do Sul | Q14: =ANP!F14 -> 3796
P15: =ANP!C15 -> Minas Gerais | Q15: =ANP!F15 -> 2087
P17: =C12*L22 -> 59.130785 | Q17: =P17+((P18*G12)+(P20*G13)) -> 2599.2193
L18: ATUALIZAÇÃO | P18: =E12*L22 -> 0.55533199 | Q18: =Q17/(1-0.18) -> 3169.7796
L19: índice FGV Pavimentação | P19: =C13*L22 -> 59.130785 | Q19: =Q18*1.15 -> 3645.2466
L20: 41821 | M20: 46023 | P20: =E13*L22 -> 0.55533199
L21: 270.237 | M21: 593.167
L22: =M21/L21 -> 2.1949881
A23: *PORTARIA Nº 1.977, DE 25 DE OUTUBRO DE 2017 | C23: (Implanta nova equação de transportes) | G23: **MEMORANDO CIRCULAR Nº.03/2016/DIREX | K23: ***MEMORANDO CIRCULAR Nº.12/2012/DIREX | Q23: =L27/1.15 -> 3120.6174 | R23: =M27/1.2124 -> 2960.0049
Q24: =L28/1.15 -> 2877.0087 | R24: =M28/1.2124 -> 2728.9343
A25: AQUISIÇÃO
A26: LOCALIDADE | C26: MATERIAL | E26: DATA-BASE | F26: (R$/ton) ANP | H26: ICMS (%) | J26: PIS (%) | K26: COFINS (%) | L26: TOTAL (R$/ton) Onerado sem BDI | M26: TOTAL (R$/ton) Desonerado sem BDI | P26: 44197 | R26: ANP
A27: ANP | C27: =P27 -> RR-1C | E27: =M7 -> 46023 | F27: =TRUNC(1000*B33,2) -> 2748.89 | H27: 0.205 | J27: 0.0065 | K27: 0.03 | L27: =(TRUNC((F27/(1-($H$27+$J$27+$K$27-(J27+K27)*H27)))*(1+$L$11),2)) -> 3588.71 | M27: =(TRUNC((F27/(1-($H$27+$J$27+$K$27-(J27+K27)*H27)))*(1+$M$11),2)) -> 3588.71 | P27: RR-1C | R27: R$/kg | S27: CEARA
C28: =P28 -> RR-1C | F28: =TRUNC(1000*B34,2) -> 2534.3 | L28: =(TRUNC((F28/(1-($H$27+$J$27+$K$27-(J27+K27)*H27)))*(1+$L$11),2)) -> 3308.56 | M28: =(TRUNC((F28/(1-($H$27+$J$27+$K$27-(J27+K27)*H27)))*(1+$M$11),2)) -> 3308.56 | P28: RR-1C | R28: R$/kg | S28: CEARA
C29: =P29 -> RR-1C | F29: =TRUNC(1000*B35,2) -> 2408.85 | L29: =(TRUNC((F29/(1-($H$27+$J$27+$K$27-(J27+K27)*H27)))*(1+$L$11),2)) -> 3144.78 | M29: =(TRUNC((F29/(1-($H$27+$J$27+$K$27-(J27+K27)*H27)))*(1+$M$11),2)) -> 3144.78 | P29: RR-1C | R29: R$/kg | S29: CEARA
A30: Consulta em https://www.gov.br/anp/pt-br/assuntos/precos-e-defesa-da-concorrencia/precos/precos-de-distribuicao-de-produtos-asfalticos
A32: INSUMO | B32: R$/kg
A33: =P27 -> RR-1C | B33: =ANP!D13 -> 2.7488923 | C33: =P13 -> Ceará
A34: =P28 -> RR-1C | B34: =ANP!D14 -> 2.5343072 | C34: =P14 -> Rio Grande do Sul
A35: =P29 -> RR-1C | B35: =ANP!D15 -> 2.408851 | C35: =P15 -> Minas Gerais
A36: BINÔMIO (AQUISIÇÃO + TRANSPORTE) | P36: SEM BDI
A38: LOCALIDADE | C38: MATERIAL | E38: DATA-BASE | F38: TRANSPORTE (R$/ton) Desonerado sem BDI | H38: AQUISIÇÃO (R$/ton) Desonerado sem BDI | J38: TOTAL AQUISIÇÃO + TRANSPORTE (R$/ton) Desonerado sem BDI | L38: TRANSPORTE (R$/ton) Onerado sem BDI | M38: AQUISIÇÃO (R$/ton) Onerado sem BDI | N38: TOTAL AQUISIÇÃO + TRANSPORTE (R$/ton) Onerado sem BDI | P38: TRANSPORTE (R$/ton) Onerado | Q38: AQUISIÇÃO (R$/ton) Onerado | T38: TRANSPORTE (R$/ton) Desonerado | U38: AQUISIÇÃO (R$/ton) Desonerado
A39: ANP | B39: =P13 -> Ceará | C39: =C27 -> RR-1C | E39: =E27 -> 46023 | F39: =M12 -> 617.82 | H39: =M27 -> 3588.71 | J39: =H39+F39 -> 4206.53 | L39: =L12 -> 617.82 | M39: =L27 -> 3588.71 | N39: =L39+M39 -> 4206.53 | P39: =L39/(1+$L$11) -> 617.82 | Q39: =L27/(1+$L$11) -> 3588.71 | R39: =C39 -> RR-1C | U39: =M27/(1+$M$11) -> 3588.71 | V39: =R39 -> RR-1C
B40: =P14 -> Rio Grande do Sul | C40: =C28 -> RR-1C | F40: =M13 -> 2725.97 | H40: =M28 -> 3308.56 | J40: =H40+F40 -> 6034.53 | L40: =L13 -> 2725.97 | M40: =L28 -> 3308.56 | N40: =L40+M40 -> 6034.53 | P40: =L40/(1+$L$11) -> 2725.97 | Q40: =L28/(1+$L$11) -> 3308.56 | R40: =C40 -> RR-1C | U40: =M28/(1+$M$11) -> 3308.56 | V40: =R40 -> RR-1C
B41: =P15 -> Minas Gerais | C41: =C29 -> RR-1C | F41: =M14 -> 1532.21 | H41: =M29 -> 3144.78 | J41: =H41+F41 -> 4676.99 | L41: =L14 -> 1532.21 | M41: =L29 -> 3144.78 | N41: =L41+M41 -> 4676.99 | P41: =L41/(1+$L$11) -> 1532.21 | Q41: =L29/(1+$L$11) -> 3144.78 | R41: =C41 -> RR-1C | U41: =M29/(1+$L$11) -> 3144.78 | V41: =R41 -> RR-1C
G45: =F39/(100%+$M$11) -> 617.82 | I45: =H39/(100%+$M$11) -> 3588.71
L47: =F39/1.1961 -> 516.52872 | M47: =H39/1.1961 -> 3000.3428

Sheet CAP5070
A1: DER-PE
F6: CAP-50-70
L7: MÊS BASE: | M7: 46023
A8: AQUISIÇÃO E TRANSPORTE DE MATERIAIS BETUMINOSOS
A9: COMPARATIVO DE TRANSPORTE
A10: ORIGEM | B10: DESTINO | C10: EQUAÇÃO TARIFÁRIA DE TRANSPORTE (R$) (26,939 + 0,253 x D) | I10: Custo direto sem ICMS | J10: Custo c/ ICMS 20,50% Jul/14 | K10: Custo c/ ICMS 20,50% Jan/26 | L10: Custo c/ BDI (Onerado) | M10: Custo c/ BDI (Desonerado) | S10: =C12*L21 -> 59.130785 | T10: =S10+((S11*G12)+(S13*G13)) -> 942.10865
L11: 0 | M11: 0 | S11: =E12*L21 -> 0.55533199 | T11: =T10/(1-0.18) -> 1148.913
A12: =P13 -> Ceará | B12: CANTEIRO | C12: 26.939 | D12: + | E12: 0.253 | F12: x | G12: =$Q$13 -> 778 | H12: = | I12: =TRUNC(C12+(E12*G12),2) -> 223.77 | J12: =TRUNC(I12/(1-0.205),2) -> 281.47 | K12: =TRUNC(J12*$L$21,2) -> 617.82 | L12: =TRUNC(K12*(1+$L$11),2) -> 617.82 | M12: =TRUNC(K12*(1+$M$11),2) -> 617.82 | P12: FORNECEDORES | Q12: DISTÂNCIA | S12: =C13*L21 -> 59.130785 | T12: =T11*1.15 -> 1321.2499
A13: =P14 -> Bahia | B13: CANTEIRO | C13: 26.939 | D13: + | E13: 0.253 | F13: x | G13: =$Q$14 -> 812 | H13: = | I13: =TRUNC(C13+(E13*G13),2) -> 232.37 | J13: =TRUNC(I13/(1-0.205),2) -> 292.28 | K13: =TRUNC(J13*$L$21,2) -> 641.55 | L13: =TRUNC(K13*(1+$L$11),2) -> 641.55 | M13: =TRUNC(K13*(1+$M$11),2) -> 641.55 | P13: =ANP!C10 -> Ceará | Q13: =ANP!F10 -> 778 | S13: =E13*L21 -> 0.55533199
A14: =P15 -> Minas Gerais | B14: CANTEIRO | C14: 26.939 | D14: + | E14: 0.253 | F14: x | G14: =$Q$15 -> 2087 | H14: = | I14: =TRUNC(C14+(E14*G14),2) -> 554.95 | J14: =TRUNC(I14/(1-0.205),2) -> 698.05 | K14: =TRUNC(J14*$L$21,2) -> 1532.21 | L14: =TRUNC(K14*(1+$L$11),2) -> 1532.21 | M14: =TRUNC(K14*(1+$M$11),2) -> 1532.21 | P14: =ANP!C11 -> Bahia | Q14: =ANP!F11 -> 812
P15: =ANP!C12 -> Minas Gerais | Q15: =ANP!F12 -> 2087
L17: ATUALIZAÇÃO
L18: índice FGV Pavimentação
L19: 41821 | M19: 46023
L20: 270.237 | M20: 593.167
L21: =M20/L20 -> 2.1949881
A22: *PORTARIA Nº 1.977, DE 25 DE OUTUBRO DE 2017 | C22: (Implanta nova equação de transportes) | G22: **MEMORANDO CIRCULAR Nº.03/2016/DIREX | K22: ***MEMORANDO CIRCULAR Nº.12/2012/DIREX | Q22: =L26/1.15 -> 3351.9739 | R22: =M26/1.2124 -> 3179.454
Q23: =L27/1.15 -> 3436.2087 | R23: =M27/1.2124 -> 3259.3533
A24: AQUISIÇÃO | Q24: =L28/1.15 -> 3535.7217 | R24: =M28/1.2124 -> 3353.7446
A25: LOCALIDADE | C25: MATERIAL | E25: DATA-BASE | F25: (R$/ton) ANP | H25: ICMS (%) | J25: PIS (%) | K25: COFINS (%) | L25: TOTAL (R$/ton) Onerado com BDI | M25: TOTAL (R$/ton) Desonerado com BDI | P25: 44197 | R25: ANP
A26: ANP | C26: =P26 -> CAP-50-70 | E26: =M7 -> 46023 | F26: =TRUNC(1000*B32,2) -> 2952.69 | H26: 0.205 | J26: 0.0065 | K26: 0.03 | L26: =(TRUNC((F26/(1-($H$26+$J$26+$K$26-(J26+K26)*H26)))*(1+$L$11),2)) -> 3854.77 | M26: =(TRUNC((F26/(1-($H$26+$J$26+$K$26-(J26+K26)*H26)))*(1+$M$11),2)) -> 3854.77 | P26: CAP-50-70 | R26: R$/kg | S26: CEARA
C27: =P27 -> CAP-50-70 | F27: =TRUNC(1000*B33,2) -> 3026.89 | L27: =(TRUNC((F27/(1-($H$26+$J$26+$K$26-(J26+K26)*H26)))*(1+$L$11),2)) -> 3951.64 | M27: =(TRUNC((F27/(1-($H$26+$J$26+$K$26-(J26+K26)*H26)))*(1+$M$11),2)) -> 3951.64 | P27: CAP-50-70 | R27: R$/kg | S27: CEARA
C28: =P28 -> CAP-50-70 | F28: =TRUNC(1000*B34,2) -> 3114.55 | L28: =(TRUNC((F28/(1-($H$26+$J$26+$K$26-(J26+K26)*H26)))*(1+$L$11),2)) -> 4066.08 | M28: =(TRUNC((F28/(1-($H$26+$J$26+$K$26-(J26+K26)*H26)))*(1+$M$11),2)) -> 4066.08 | P28: CAP-50-70 | R28: R$/kg | S28: CEARA
A29: Consulta em https://www.gov.br/anp/pt-br/assuntos/precos-e-defesa-da-concorrencia/precos/precos-de-distribuicao-de-produtos-asfalticos
A31: INSUMO | B31: R$/kg
A32: =P26 -> CAP-50-70 | B32: =ANP!D10 -> 2.9526923 | C32: =P13 -> Ceará
A33: =P27 -> CAP-50-70 | B33: =ANP!D11 -> 3.0268953 | C33: =P14 -> Bahia
A34: =P28 -> CAP-50-70 | B34: =ANP!D12 -> 3.1145532 | C34: =P15 -> Minas Gerais
A35: BINÔMIO (AQUISIÇÃO + TRANSPORTE) | P35: SEM BDI
A37: LOCALIDADE | C37: MATERIAL | E37: DATA-BASE | F37: TRANSPORTE (R$/ton) Desonerado com BDI | H37: AQUISIÇÃO (R$/ton) Desonerado com BDI | J37: TOTAL AQUISIÇÃO + TRANSPORTE (R$/ton) Desonerado com BDI | L37: TRANSPORTE (R$/ton) Onerado com BDI | M37: AQUISIÇÃO (R$/ton) Onerado com BDI | N37: TOTAL AQUISIÇÃO + TRANSPORTE (R$/ton) Onerado com BDI | P37: TRANSPORTE (R$/ton) Onerado | Q37: AQUISIÇÃO (R$/ton) Onerado | T37: TRANSPORTE (R$/ton) Desonerado | U37: AQUISIÇÃO (R$/ton) Desonerado
A38: ANP | B38: =P13 -> Ceará | C38: =C26 -> CAP-50-70 | E38: =E26 -> 46023 | F38: =M12 -> 617.82 | H38: =M26 -> 3854.77 | J38: =H38+F38 -> 4472.59 | L38: =L12 -> 617.82 | M38: =L26 -> 3854.77 | N38: =L38+M38 -> 4472.59 | P38: =L38/(1+$L$11) -> 617.82 | Q38: =L26/(1+$L$11) -> 3854.77 | R38: =C38 -> CAP-50-70 | U38: =M26/(1+$M$11) -> 3854.77 | V38: =R38 -> CAP-50-70
B39: =P14 -> Bahia | C39: =C27 -> CAP-50-70 | F39: =M13 -> 641.55 | H39: =M27 -> 3951.64 | J39: =H39+F39 -> 4593.19 | L39: =L13 -> 641.55 | M39: =L27 -> 3951.64 | N39: =L39+M39 -> 4593.19 | P39: =L39/(1+$L$11) -> 641.55 | Q39: =L27/(1+$L$11) -> 3951.64 | R39: =C39 -> CAP-50-70 | U39: =M27/(1+$M$11) -> 3951.64 | V39: =R39 -> CAP-50-70
B40: =P15 -> Minas Gerais | C40: =C28 -> CAP-50-70 | F40: =M14 -> 1532.21 | H40: =M28 -> 4066.08 | J40: =H40+F40 -> 5598.29 | L40: =L14 -> 1532.21 | M40: =L28 -> 4066.08 | N40: =L40+M40 -> 5598.29 | P40: =L40/(1+$L$11) -> 1532.21 | Q40: =L28/(1+$L$11) -> 4066.08 | R40: =C40 -> CAP-50-70 | U40: =M28/(1+$L$11) -> 4066.08 | V40: =R40 -> CAP-50-70
G45: =F38/(100%+$M$11) -> 617.82 | I45: =H38/(100%+$M$11) -> 3854.77 | L45: =F38/1.1961 -> 516.52872 | M45: =M38/1.1961 -> 3222.7824
L85: 50704446

Sheet RR-2C
A1: DER-PE
G6: RR-2C
L7: MÊS BASE: | M7: 46023
A8: AQUISIÇÃO E TRANSPORTE DE MATERIAIS BETUMINOSOS
A9: COMPARATIVO DE TRANSPORTE
A10: ORIGEM | B10: DESTINO | C10: EQUAÇÃO TARIFÁRIA DE TRANSPORTE (R$) (26,939 + 0,253 x D) | I10: Custo direto sem ICMS | J10: Custo c/ ICMS 20,50% Jul/14 | K10: Custo c/ ICMS 20,50% Jan/26 | L10: Custo s/ BDI (Onerado) | M10: Custo s/ BDI (Desonerado)
L11: 0 | M11: 0
A12: =P13 -> Ceará | B12: CANTEIRO | C12: 26.939 | D12: + | E12: 0.253 | F12: x | G12: =$Q$13 -> 778 | H12: = | I12: =TRUNC(C12+(E12*G12),2) -> 223.77 | J12: =TRUNC(I12/(1-0.205),2) -> 281.47 | K12: =TRUNC(J12*$L$22,2) -> 617.82 | L12: =TRUNC(K12*(1+$L$11),2) -> 617.82 | M12: =TRUNC(K12*(1+$M$11),2) -> 617.82 | P12: FORNECEDORES | Q12: DISTÂNCIA
A13: =P14 -> Rio Grande do Sul | B13: CANTEIRO | C13: 26.939 | D13: + | E13: 0.253 | F13: x | G13: =Q14 -> 3796 | H13: = | I13: =TRUNC(C13+(E13*G13),2) -> 987.32 | J13: =TRUNC(I13/(1-0.205),2) -> 1241.91 | K13: =TRUNC(J13*$L$22,2) -> 2725.97 | L13: =TRUNC(K13*(1+$L$11),2) -> 2725.97 | M13: =TRUNC(K13*(1+$M$11),2) -> 2725.97 | P13: =ANP!C13 -> Ceará | Q13: =ANP!F13 -> 778
A14: =P15 -> Minas Gerais | B14: CANTEIRO | C14: 26.939 | D14: + | E14: 0.253 | F14: x | G14: =Q15 -> 2087 | H14: = | I14: =TRUNC(C14+(E14*G14),2) -> 554.95 | J14: =TRUNC(I14/(1-0.205),2) -> 698.05 | K14: =TRUNC(J14*$L$22,2) -> 1532.21 | L14: =TRUNC(K14*(1+$L$11),2) -> 1532.21 | M14: =TRUNC(K14*(1+$M$11),2) -> 1532.21 | P14: =ANP!C14 -> Rio Grande do Sul | Q14: =ANP!F14 -> 3796
P15: =ANP!C15 -> Minas Gerais | Q15: =ANP!F15 -> 2087
P17: =C12*L22 -> 59.130785 | Q17: =P17+((P18*G12)+(P20*G13)) -> 2599.2193
L18: ATUALIZAÇÃO | P18: =E12*L22 -> 0.55533199 | Q18: =Q17/(1-0.18) -> 3169.7796
L19: índice FGV Pavimentação | P19: =C13*L22 -> 59.130785 | Q19: =Q18*1.15 -> 3645.2466
L20: 41821 | M20: 46023 | P20: =E13*L22 -> 0.55533199
L21: 270.237 | M21: 593.167
L22: =M21/L21 -> 2.1949881
A23: *PORTARIA Nº 1.977, DE 25 DE OUTUBRO DE 2017 | C23: (Implanta nova equação de transportes) | G23: **MEMORANDO CIRCULAR Nº.03/2016/DIREX | K23: ***MEMORANDO CIRCULAR Nº.12/2012/DIREX | Q23: =L27/1.15 -> 8671.0087 | R23: =M27/1.2124 -> 8224.7278
Q24: =L28/1.15 -> 8671.0087 | R24: =M28/1.2124 -> 8224.7278
A25: AQUISIÇÃO
A26: LOCALIDADE | C26: MATERIAL | E26: DATA-BASE | F26: (R$/ton) ANP | H26: ICMS (%) | J26: PIS (%) | K26: COFINS (%) | L26: TOTAL (R$/ton) Onerado sem BDI | M26: TOTAL (R$/ton) Desonerado sem BDI | P26: 44197 | R26: ANP
A27: ANP | C27: =P27 -> RR-2C | E27: =M7 -> 46023 | F27: =TRUNC(1000*B33,2) -> 7638.12 | H27: 0.205 | J27: 0.0065 | K27: 0.03 | L27: =(TRUNC((F27/(1-($H$27+$J$27+$K$27-(J27+K27)*H27)))*(1+$L$11),2)) -> 9971.66 | M27: =(TRUNC((F27/(1-($H$27+$J$27+$K$27-(J27+K27)*H27)))*(1+$M$11),2)) -> 9971.66 | P27: RR-2C | R27: R$/kg | S27: CEARA
C28: =P28 -> RR-2C | F28: =TRUNC(1000*B34,2) -> 7638.12 | L28: =(TRUNC((F28/(1-($H$27+$J$27+$K$27-(J27+K27)*H27)))*(1+$L$11),2)) -> 9971.66 | M28: =(TRUNC((F28/(1-($H$27+$J$27+$K$27-(J27+K27)*H27)))*(1+$M$11),2)) -> 9971.66 | P28: RR-2C | R28: R$/kg | S28: CEARA
C29: =P29 -> RR-2C | F29: =TRUNC(1000*B35,2) -> 7638.12 | L29: =(TRUNC((F29/(1-($H$27+$J$27+$K$27-(J27+K27)*H27)))*(1+$L$11),2)) -> 9971.66 | M29: =(TRUNC((F29/(1-($H$27+$J$27+$K$27-(J27+K27)*H27)))*(1+$M$11),2)) -> 9971.66 | P29: RR-2C | R29: R$/kg | S29: CEARA
A30: Consulta em https://www.gov.br/anp/pt-br/assuntos/precos-e-defesa-da-concorrencia/precos/precos-de-distribuicao-de-produtos-asfalticos
A32: INSUMO | B32: R$/kg
A33: =P27 -> RR-2C | B33: =ANP!D19 -> 7.638125 | C33: =P13 -> Ceará
A34: =P28 -> RR-2C | B34: =ANP!D20 -> 7.638125 | C34: =P14 -> Rio Grande do Sul
A35: =P29 -> RR-2C | B35: =ANP!D21 -> 7.638125 | C35: =P15 -> Minas Gerais
A36: BINÔMIO (AQUISIÇÃO + TRANSPORTE) | P36: SEM BDI
A38: LOCALIDADE | C38: MATERIAL | E38: DATA-BASE | F38: TRANSPORTE (R$/ton) Desonerado sem BDI | H38: AQUISIÇÃO (R$/ton) Desonerado sem BDI | J38: TOTAL AQUISIÇÃO + TRANSPORTE (R$/ton) Desonerado sem BDI | L38: TRANSPORTE (R$/ton) Onerado sem BDI | M38: AQUISIÇÃO (R$/ton) Onerado sem BDI | N38: TOTAL AQUISIÇÃO + TRANSPORTE (R$/ton) Onerado sem BDI | P38: TRANSPORTE (R$/ton) Onerado | Q38: AQUISIÇÃO (R$/ton) Onerado | T38: TRANSPORTE (R$/ton) Desonerado | U38: AQUISIÇÃO (R$/ton) Desonerado
A39: ANP | B39: =P13 -> Ceará | C39: =C27 -> RR-2C | E39: =E27 -> 46023 | F39: =M12 -> 617.82 | H39: =M27 -> 9971.66 | J39: =H39+F39 -> 10589.48 | L39: =L12 -> 617.82 | M39: =L27 -> 9971.66 | N39: =L39+M39 -> 10589.48 | P39: =L39/(1+$L$11) -> 617.82 | Q39: =L27/(1+$L$11) -> 9971.66 | R39: =C39 -> RR-2C | U39: =M27/(1+$M$11) -> 9971.66 | V39: =R39 -> RR-2C
B40: =P14 -> Rio Grande do Sul | C40: =C28 -> RR-2C | F40: =M13 -> 2725.97 | H40: =M28 -> 9971.66 | J40: =H40+F40 -> 12697.63 | L40: =L13 -> 2725.97 | M40: =L28 -> 9971.66 | N40: =L40+M40 -> 12697.63 | P40: =L40/(1+$L$11) -> 2725.97 | Q40: =L28/(1+$L$11) -> 9971.66 | R40: =C40 -> RR-2C | U40: =M28/(1+$M$11) -> 9971.66 | V40: =R40 -> RR-2C
B41: =P15 -> Minas Gerais | C41: =C29 -> RR-2C | F41: =M14 -> 1532.21 | H41: =M29 -> 9971.66 | J41: =H41+F41 -> 11503.87 | L41: =L14 -> 1532.21 | M41: =L29 -> 9971.66 | N41: =L41+M41 -> 11503.87 | P41: =L41/(1+$L$11) -> 1532.21 | Q41: =L29/(1+$L$11) -> 9971.66 | R41: =C41 -> RR-2C | U41: =M29/(1+$L$11) -> 9971.66 | V41: =R41 -> RR-2C
G47: =F39/(100%+$M$11) -> 617.82 | I47: =H39/(100%+$M$11) -> 9971.66 | L47: =F39/1.15 -> 537.23478 | M47: =H39/1.15 -> 8671.0087

Sheet ANP
A1: DER-PE
A6: GOVERNO DO ESTADO DE PERNAMBUCO
A7: DEPARTAMENTO DE ESTRADAS DE RODAGEM DO ESTADO DE PERNAMBUCO
A8: Agência Nacional do Petróleo, Gás Natural e Biocombustíveis
A9: Mês | B9: Produto | C9: Estado | D9: Preço | F9: CONSIDERAÇÕES
A10: 46023 | B10: CIMENTOS ASFÁLTICOS CAP-50-70 | C10: Ceará | D10: 2.9526923 | F10: 778
A11: 46023 | B11: CIMENTOS ASFÁLTICOS CAP-50-70 | C11: Bahia | D11: 3.0268953 | F11: 812
A12: 46023 | B12: CIMENTOS ASFÁLTICOS CAP-50-70 | C12: Minas Gerais | D12: 3.1145532 | F12: 2087
A13: 46023 | B13: EMULSÕES ASFÁLTICAS RR-1C | C13: Ceará | D13: 2.7488923 | F13: =F10 -> 778
A14: 46023 | B14: EMULSÕES ASFÁLTICAS RR-1C | C14: Rio Grande do Sul | D14: 2.5343072 | F14: 3796
A15: 46023 | B15: EMULSÕES ASFÁLTICAS RR-1C | C15: Minas Gerais | D15: 2.408851 | F15: =F12 -> 2087
A16: 46023 | B16: EMULSÃO ASFÁLTICA PARA SERVIÇO DE IMPRIMAÇÃO | C16: Ceará | D16: 2.0067851 | F16: =F13 -> 778
A17: 46023 | B17: EMULSÃO ASFÁLTICA PARA SERVIÇO DE IMPRIMAÇÃO | C17: Rio Grande do Sul | D17: 2.4585402 | F17: =F14 -> 3796
A18: 46023 | B18: EMULSÃO ASFÁLTICA PARA SERVIÇO DE IMPRIMAÇÃO | C18: Mato Grosso | D18: 2.4809706 | F18: 3312
A19: 46023 | B19: EMULSÕES ASFÁLTICAS RR-2C | C19: Ceará | D19: 7.638125 | F19: =F16 -> 778
A20: 46023 | B20: EMULSÕES ASFÁLTICAS RR-2C | C20: Rio Grande do Sul | D20: 7.638125 | F20: =F14 -> 3796
A21: 46023 | B21: EMULSÕES ASFÁLTICAS RR-2C | C21: Mato Grosso | D21: 7.638125 | F21: =F18 -> 3312

Sheet Sintético de Mão de Obra
A1: DER-PE
A6: CÓDIGO | B6: DESCRIÇÃO | C6: FONTE | D6: UNID | E6: QUANTIDADE | F6: VALOR COM ENCARGOS | G6: VALOR TOTAL
A7: P9801 | B7: Ajudante | C7: SICRO | D7: h | E7: 153037.5 | F7: =VLOOKUP(A7,'MÃO DE OBRA SICRO'!$A$1:$D$147,4,0) -> 23.6363 | G7: =ROUND(E7*F7,2) -> 3617240.3
A8: P9802 | B8: Ajudante especializado | C8: SICRO | D8: h | E8: 5993.6893 | F8: =VLOOKUP(A8,'MÃO DE OBRA SICRO'!$A$1:$D$147,4,0) -> 27.5643 | G8: =ROUND(E8*F8,2) -> 165211.85
A9: P9805 | B9: Armador | C9: SICRO | D9: h | E9: 61960.257 | F9: =VLOOKUP(A9,'MÃO DE OBRA SICRO'!$A$1:$D$147,4,0) -> 32.4619 | G9: =ROUND(E9*F9,2) -> 2011347.7
A10: P9808 | B10: Carpinteiro | C10: SICRO | D10: h | E10: 70438.245 | F10: =VLOOKUP(A10,'MÃO DE OBRA SICRO'!$A$1:$D$147,4,0) -> 29.2178 | G10: =ROUND(E10*F10,2) -> 2058050.6
A11: P9830 | B11: Montador | C11: SICRO | D11: h | E11: 25344.929 | F11: =VLOOKUP(A11,'MÃO DE OBRA SICRO'!$A$1:$D$147,4,0) -> 33.2783 | G11: =ROUND(E11*F11,2) -> 843436.17
A12: P9821 | B12: Pedreiro | C12: SICRO | D12: h | E12: 68303.397 | F12: =VLOOKUP(A12,'MÃO DE OBRA SICRO'!$A$1:$D$147,4,0) -> 28.87 | G12: =ROUND(E12*F12,2) -> 1971919.1
A13: P9822 | B13: Pintor | C13: SICRO | D13: h | E13: 1292.0324 | F13: =VLOOKUP(A13,'MÃO DE OBRA SICRO'!$A$1:$D$147,4,0) -> 32.4907 | G13: =ROUND(E13*F13,2) -> 41979.04
A14: P9823 | B14: Serralheiro | C14: SICRO | D14: h | E14: 458.6071 | F14: =VLOOKUP(A14,'MÃO DE OBRA SICRO'!$A$1:$D$147,4,0) -> 30.1585 | G14: =ROUND(E14*F14,2) -> 13830.9
A15: P9824 | B15: Servente | C15: SICRO | D15: h | E15: 521355.82 | F15: =VLOOKUP(A15,'MÃO DE OBRA SICRO'!$A$1:$D$147,4,0) -> 23.4491 | G15: =ROUND(E15*F15,2) -> 12225325
A16: P9825 | B16: Soldador | C16: SICRO | D16: h | E16: 371.61292 | F16: =VLOOKUP(A16,'MÃO DE OBRA SICRO'!$A$1:$D$147,4,0) -> 37.3396 | G16: =ROUND(E16*F16,2) -> 13875.88
A17: P9949 | B17: Topógrafo | C17: SICRO | D17: mês | E17: 12 | F17: =VLOOKUP(A17,'MÃO DE OBRA SICRO'!$A$1:$D$147,4,0) -> 8888.3391 | G17: =ROUND(E17*F17,2) -> 106660.07
A18: P9876 | B18: Técnico de segurança do trabalho | C18: SICRO | D18: mês | E18: 12 | F18: =VLOOKUP(A18,'MÃO DE OBRA SICRO'!$A$1:$D$147,4,0) -> 7705.2345 | G18: =ROUND(E18*F18,2) -> 92462.81
... A37: P9954 | B37: Servente - mensalista | C37: SICRO | D37: mês | E37: 12 | F37: =VLOOKUP(A37,'MÃO DE OBRA SICRO'!$A$1:$D$147,4,0) -> 4323.5313 | G37: =ROUND(E37*F37,2) -> 51882.38

Sheet RELAÇÃO MÃO DE OBRA ORDINÁRIA
A1: DER-PE
A7: RELAÇÃO DA MÃO DE OBRA ORDINÁRIA
A9: ITEM | B9: CÓDIGO | C9: DISCRIMINAÇÃO | D9: UNIDADE | E9: QUANTIDADE | F9: HORAS/MÊS | G9: HOMENS/MÊS
A11: 1 | B11: P9801 | C11: AJUDANTE | D11: H | E11: ='Sintético de Mão de Obra'!E7 -> 153037.5 | F11: 182.49 | G11: =ROUND(E11/F11,2) -> 838.61
A12: 2 | B12: P9802 | C12: AJUDANTE ESPECIALIZADO | D12: H | E12: ='Sintético de Mão de Obra'!E8 -> 5993.6893 | F12: 182.49 | G12: =ROUND(E12/F12,2) -> 32.84
A13: 3 | B13: P9805 | C13: ARMADOR | D13: H | E13: ='Sintético de Mão de Obra'!E9 -> 61960.257 | F13: 182.49 | G13: =ROUND(E13/F13,2) -> 339.53
A14: 4 | B14: P9808 | C14: CARPINTEIRO | D14: H | E14: ='Sintético de Mão de Obra'!E10 -> 70438.245 | F14: 182.49 | G14: =ROUND(E14/F14,2) -> 385.98
A15: 5 | B15: P9830 | C15: MONTADOR | D15: H | E15: ='Sintético de Mão de Obra'!E11 -> 25344.929 | F15: 182.49 | G15: =ROUND(E15/F15,2) -> 138.88
A16: 6 | B16: P9821 | C16: PEDREIRO | D16: H | E16: ='Sintético de Mão de Obra'!E12 -> 68303.397 | F16: 182.49 | G16: =ROUND(E16/F16,2) -> 374.29
A17: 7 | B17: P9822 | C17: PINTOR | D17: H | E17: ='Sintético de Mão de Obra'!E13 -> 1292.0324 | F17: 182.49 | G17: =ROUND(E17/F17,2) -> 7.08
A18: 8 | B18: P9823 | C18: SERRALHEIRO | D18: H | E18: ='Sintético de Mão de Obra'!E14 -> 458.6071 | F18: 182.49 | G18: =ROUND(E18/F18,2) -> 2.51
A19: 9 | B19: P9824 | C19: SERVENTE | D19: H | E19: ='Sintético de Mão de Obra'!E15 -> 521355.82 | F19: 182.49 | G19: =ROUND(E19/F19,2) -> 2856.9
A20: 10 | B20: P9825 | C20: SOLDADOR | D20: H | E20: ='Sintético de Mão de Obra'!E16 -> 371.61292 | F20: 182.49 | G20: =ROUND(E20/F20,2) -> 2.04
A22: TOTAL | E22: =ROUND(SUM(E11:E20),2) -> 908556.09 | G22: =ROUND(SUM(G11:G20),2) -> 4978.66 | H22: 3113.86
A23: PRAZO DA OBRA | D23: meses | E23: 12
A24: HOMENS/MÊS MÉDIO | G24: =ROUNDUP(G22/E23,0) -> 415

Sheet DADOS DA OBRA
A1: DER-PE
A6: DADOS DA OBRA
A8: LISTA | B8: INFORMAÇÕES DA OBRA | C8: ALTERNATIVAS | D8: ALTERNATIVAS
A10: TIPO DE PROJETO : | B10: =C10 -> Recuperação, reforço e alargamento de obras de arte especiais | C10: Recuperação, reforço e alargamento de obras de arte especiais | D10: CONSERVAÇÃO
A11: TIPO DE RODOVIA : | B11: =C11 -> SIMPLES | C11: SIMPLES | D11: DUPLA
A12: EXTENSÃO : | B12: =100*(40/1000) -> 4 | I12: 100 pontes de 40 m de comprimento
A13: EXTENSÃO DE PISTA SIMPLES : | B13: =B12 -> 4
A14: CRONOGRAMA DA OBRA : | B14: =12/12 -> 1
A15: PADRÃO DO CANTEIRO : | B15: =C15 -> PROVISÓRIO | C15: PROVISÓRIO | D15: PERMANENTE
A16: MÃO DE OBRA ORDINÁRIA : | B16: ='RELAÇÃO MÃO DE OBRA ORDINÁRIA'!G24 -> 415
A17: MÃO DE OBRA FIXA : | B17: 7
A18: MÃO DE OBRA VINCULADA : | B18: 5
A19: MÃO DE OBRA VARIÁVEL : | B19: 2 | E19: CONDIÇÃO DO PAVIMENTO
A20: DISTÂNCIA CANTEIRO-CIDADE : | B20: 100 | C20: CONDIÇÃO DO PAVIMENTO | D20: =G20 -> RODOVIA PAVIMENTADA | E20: LEITO NATURAL | F20: REVESTIMENTO PRIMÁRIO | G20: RODOVIA PAVIMENTADA | I20: 100 km de mobilização de conteiner
A21: UNIDADE DA FEDERAÇÃO : | B21: PERNAMBUCO
A22: MÊS BASE : | B22: 45748
A24: CLASSIFICAÇÃO DAS OBRAS DE RECUPERAÇÃO, REFORÇO E ALARGAMENTO DE OBRAS DE ARTE ESPECIAIS
A26: NATUREZA DAS OBRAS | B26: PORTE DA OBRA
B27: PEQUENO PORTE | C27: MÉDIO PORTE | D27: GRANDE PORTE
A29: CONSTRUÇÃO RODOVIÁRIA | B29: Até 15 km de pista simples por ano | C29: De 15 a 30 km de pista simples por ano | D29: Acima de 30 km de pista simples por ano
A30: RESTAURAÇÃO RODOVIÁRIA | B30: Até 20 km de pista simples por ano | C30: De 20 a 40 km de pista simples por ano | D30: Acima de 40 km de pista simples por ano
A31: =A24 -> CLASSIFICAÇÃO DAS OBRAS DE RECUPERAÇÃO, REFORÇO E ALARGAMENTO DE OBRAS DE ARTE ESPECIAIS | B31: Até 20m m de pista simples por ano | C31: De 200 a 400 m de pista simples por ano | D31: Acima de 400 m de pista simples por ano | I31: ALTERADA CLASSIFICAÇÃO DA OBRA PARA REFORÇO DE OAE
A33: CLASSIFICAÇÃO DA OBRA | B33: =ROUND(B13/B14,2) -> 4
A35: PORTE DA OBRA DE RESTAURAÇÃO | B35: =IF(B33<=20,"PEQUENO PORTE",IF(B33>40,"GRANDE PORTE",IF(AND(B33<=40,B33>20),"MÉDIO PORTE",FALSE))) -> PEQUENO PORTE
A37: CARACTERIZAÇÃO DA MÃO DE OBRA
A39: OBSERVAÇÃO : | B39: Consoante às recomendações constantes do Item 9.4 - Quantidade de Funcionários nos Canteiros presente no Volume 07 - Canteiros de Obras do Manual de Custos, deve-se aplicar o coeficiente de 1,33 sobre a mão de obra ordinária e a parcela variável da administração local para determinação da quantidade máxima de funcionários/mês envolvidos no ápice do empreendimento
A41: COEFICIENTE : | B41: 1.33
A43: 1. Número de Funcionários da Mão de Obra Ordinária no Mês de Pico - (NMO) = | D43: =ROUND(B41*B16,2) -> 551.95
A45: 2. Número de Funcionários da Parcela Variável no Mês de Pico - (NPV) = | D45: =ROUND(B41*B19,2) -> 2.66
A47: 3. Número de Funcionários da Parcela Fixa da Administração Local - (NPF) = | D47: =B17 -> 7
A49: 4. Número de Funcionários das Parcelas Fixa e Vinculada - (NPF-V) = | D49: =ROUND(B17+B18,2) -> 12
A51: 5. Número de Funcionários Alojados no Canteiro - (NFA) = | D51: =ROUND(D49+((B16+B19)/2),2) -> 220.5
A53: 6. Número Máximo de Funcionários - (NMAX) = | D53: =ROUND(D43+D45+D49,2) -> 566.61
A56: FATOR DO PADRÃO DE CONSTRUÇÃO - (K1)
A58: K1 | D58: =IF(B15="PROVISÓRIO",0.8,IF(B15="PERMANENTE",1,FALSE)) -> 0.8
A61: FATOR DE MOBILIÁRIO E APARELHAGEM - (K2)
A63: TIPO DA OBRA | C63: PORTE DA OBRA | D63: FATOR CONSDERADO | I63: ALTERADO O FATOR MOBILIÁRIO PARA OAE
A65: OBRAS DE RECUPERAÇÃO, REFORÇO E ALARGAMENTO DE OBRAS DE ARTE ESPECIAIS - K2 | C65: =B35 -> PEQUENO PORTE | D65: =IF(C65="MÉDIO PORTE",1.04,IF(C65="PEQUENO PORTE",1.06,IF(C65="GRANDE PORTE",1.04,FALSE))) -> 1.06
A69: FATOR DE DISTÂNCIA DO CANTEIRO AOS CENTROS FORNECEDORES - (K3)
A71: FATOR DE AJUSTE DA DISTÂNCIA DO CANTEIRO AOS CENTROS FORNECEDORES | C71: CONDIÇÃO DO PAVIMENTO | D71: FATOR CONSIDERADO
A73: K3 | C73: =D20 -> RODOVIA PAVIMENTADA | D73: =IF(C73="LEITO NATURAL",(1+(0.0014*B20)),IF(C73="REVESTIMENTO PRIMÁRIO",(1+(0.0009*B20)),IF(C73="RODOVIA PAVIMENTADA",(1+(0.0008*B20)),FALSE))) -> 1.08
A76: CUSTO MÉDIO DA CONSTRUÇÃO CIVIL (CMCC)
A78: UNIDADE DA FEDERAÇÃO : | B78: =B21 -> PERNAMBUCO
A80: MÊS-BASE : | B80: =B22 -> 45748
A82: CMCC : | B82: 1720.09 | C82: SEM DESONERAÇÃO DA FOLHA DE PAGAMENTO

Sheet CANTEIRO PRINCIPAL
A1: DER-PE
A6: CANTEIRO PRINCIPAL - CONSTRUÇÃO RODOVIÁRIA
A8: PORTE DA OBRA : | B8: ='DADOS DA OBRA'!B35:D35 -> PEQUENO PORTE
A10: DIMENSIONAMENTO DAS ÁREAS VARIÁVEIS
A12: Instalações Cobertas | B12: Equações de Dimensionamento das Áreas | E12: Área (m²)
A13: Escritório e seção técnica | B13: AE-ST (m²) = (57,95 + 4,5 x NPF) x 80% | E13: =ROUND((57.95+(4.5*'DADOS DA OBRA'!D47))*0.8,2) -> 71.56
A14: Refeitório e cozinha | B14: AR-C (m²) = (1,55 x 50% NMAX) x 80% | E14: =ROUND((1.55*('DADOS DA OBRA'!D53/2))*0.8,2) -> 351.3
A15: Alojamentos | B15: AAL (m²) = (3,11 x 50% (NMO + NPV)) x 80% | E15: =ROUND((3.11*(('DADOS DA OBRA'!D43+'DADOS DA OBRA'!D45)/2))*0.8,2) -> 689.93
A16: Banheiros e vestiário | B16: AB-V (m²) = (0,77 x (NMO + NPV)) x 80% | E16: =ROUND((0.77*('DADOS DA OBRA'!D43+'DADOS DA OBRA'!D45))*0.8,2) -> 341.64
A17: Ambulatório | B17: AAMB (m²) = (0,25 x NMAX) x 80% | E17: =ROUND((0.25*'DADOS DA OBRA'!D53)*0.8,2) -> 113.32
A20: ÁREAS FIXAS DE REFERÊNCIA DO CANTEIRO PRINCIPAL
A22: INSTALAÇÕES | C22: UNIDADE | D22: ÁREAS DE REFERÊNCIA
A23: Almoxarifado | C23: m² | D23: =IF(B8="PEQUENO PORTE",89.89,IF(B8="MÉDIO PORTE",125.76,IF(B8="GRANDE PORTE",156.66,FALSE))) -> 89.89
A24: Depósito de cimento | C24: m² | D24: =IF(B8="PEQUENO PORTE",172.38,IF(B8="MÉDIO PORTE",245.36,IF(B9="GRANDE PORTE",344.76,FALSE))) -> 172.38
A25: Oficina | C25: m² | D25: =IF(B8="PEQUENO PORTE",18.1,IF(B8="MÉDIO PORTE",98.98,IF(B8="GRANDE PORTE",179.41,FALSE))) -> 18.1
A26: Topografia | C26: m² | D26: =IF(B8="PEQUENO PORTE",14.77,IF(B8="MÉDIO PORTE",40.63,IF(B9="GRANDE PORTE",63,FALSE))) -> 14.77
A27: Guarita | C27: m² | D27: =IF(B8="PEQUENO PORTE",6.1,IF(B8="MÉDIO PORTE",6.1,IF(B8="GRANDE PORTE",9.11,FALSE))) -> 6.1
A30: FATORES DE EQUIVALÊNCIA DE ÁREAS
A32: ÁREAS COBERTAS
A34: INSTALAÇÕES | B34: UNIDADE | C34: ÁREAS DE REFERÊNCIA | D34: FEAC (%) | E34: ÁREAS EQUIVALENTES
A35: Escritório e seção técnica | B35: m² | C35: =E13 -> 71.56 | D35: 0.7 | E35: =ROUND(C35*D35,2) -> 50.09
A36: Refeitório e cozinha | B36: m² | C36: =E14 -> 351.3 | D36: 0.7 | E36: =ROUND(C36*D36,2) -> 245.91
A37: Alojamentos | B37: m² | C37: =E15 -> 689.93 | D37: 0.7 | E37: =ROUND(C37*D37,2) -> 482.95
A38: Banheiros e vestiário | B38: m² | C38: =E16 -> 341.64 | D38: 0.7 | E38: =ROUND(C38*D38,2) -> 239.15
A39: Ambulatório | B39: m² | C39: =E17 -> 113.32 | D39: 0.6 | E39: =ROUND(C39*D39,2) -> 67.99
A40: Almoxarifado e Depósito de cimento | B40: m² | C40: =D23 -> 89.89 | D40: 0.5 | E40: =ROUND(C40*D40,2) -> 44.95
A41: Oficina | B41: m² | C41: =D25 -> 18.1 | D41: 0.5 | E41: =ROUND(C41*D41,2) -> 9.05
A42: Guarita | B42: m² | C42: =D27 -> 6.1 | D42: 0.7 | E42: =ROUND(C42*D42,2) -> 4.27
A44: Total | C44: =ROUND(SUM(C35:C42),2) -> 1681.84 | E44: =ROUND(SUM(E35:E42),2) -> 1144.36
A46: ÁREAS DESCOBERTAS
A48: Relação entre as áreas cobertas edificadas e as áreas totais dos terrenos = | E48: =IF(B8="PEQUENO PORTE",C44/0.35,IF(B8="MÉDIO PORTE",C44/0.35,IF(B8="GRANDE PORTE",C44/0.35,FALSE))) -> 4805.2571
A50: Áreas descobertas = | E50: =ROUND(E48-C44,2) -> 3123.42
A52: FEAD = | B52: 0.05
A55: CUSTO TOTAL DE REFERÊNCIA DO CANTEIRO PRINCIPAL (CCP)
A57: CCP = | B57: =(('DADOS DA OBRA'!D58*'DADOS DA OBRA'!D65*'DADOS DA OBRA'!D73*'CANTEIRO PRINCIPAL'!E44)+('CANTEIRO PRINCIPAL'!E50*0.05))*'DADOS DA OBRA'!B82 -> 2071369.6

Sheet CUSTO TOTAL DO CANTEIRO DE OBRA
A1: RODOVIA:
A2: TRECHO:
A3: SEGMENTO:
A5: CUSTO TOTAL DE REFERÊNCIA DO CANTEIRO DE OBRAS
A7: CCO = CCP
A9: CCO = CCP
A11: CCO = | C11: ='CANTEIRO PRINCIPAL'!B57 -> 2071369.6
C14: 1484769.5
C16: =C14-C11 -> -586600.11

Sheet Equip Mínimo
A1: DER-PE
A6: EQUIPAMENTO MÍNIMO
A7: Código | B7: Descrição | C7: Und | D7: Quantidade | G7: Tempo de trabalho (h/mês) | H7: Tempo de obra (meses)
D8: Produtivo | E8: Improdutivo | F8: Total | G8: 182.49 | H8: 12
B9: EQUIPAMENTOS DE GRANDE PORTE
A10: E9605 | B10: Caminhão tanque com capacidade de 6.000 l - 136 kW | C10: H | D10: 3820.7409 | E10: 3362.878 | F10: =D10+E10 -> 7183.6189 | G10: =F10/$G$8 -> 39.364453 | H10: =ROUNDUP(G10/$H$8,0) -> 4
A11: E9506 | B11: Caminhão basculante com capacidade de 6 m³ - 136 kW | C11: H | D11: 9559.2896 | F11: =D11+E11 -> 9559.2896 | G11: =F11/$G$8 -> 52.382539 | H11: =ROUNDUP(G11/$H$8,0) -> 5
A12: E9545 | B12: Vibroacabadora de asfalto sobre esteiras - 97 kW | C12: H | D12: 51.981726 | F12: =D12+E12 -> 51.981726 | G12: =F12/$G$8 -> 0.28484698 | H12: =ROUNDUP(G12/$H$8,0) -> 1
A13: E9681 | B13: Rolo compactador liso tandem vibratório autopropelido de 10,4 t - 82 kW | C13: H | D13: 42.625016 | E13: 9.356 | F13: =D13+E13 -> 51.981016 | G13: =F13/$G$8 -> 0.28484309 | H13: =ROUNDUP(G13/$H$8,0) -> 1
A14: E9558 | B14: Tanque de estocagem de asfalto com capacidade de 30.000 l | C14: H | D14: 505.17446 | F14: =D14+E14 -> 505.17446 | G14: =F14/$G$8 -> 2.7682309 | H14: =ROUNDUP(G14/$H$8,0) -> 1
A15: E9584 | B15: Carregadeira de pneus com capacidade de 1,72 m³ - 113 kW | C15: H | D15: 56.861714 | E15: 34.959 | F15: =D15+E15 -> 91.820714 | G15: =F15/$G$8 -> 0.50315477 | H15: =ROUNDUP(G15/$H$8,0) -> 1
A16: E9509 | B16: Caminhão tanque distribuidor de asfalto com capacidade de 6.000 l - 7 kW/136 kW | C16: H | D16: 200.6055 | F16: =D16+E16 -> 200.6055 | G16: =F16/$G$8 -> 1.0992685 | H16: =ROUNDUP(G16/$H$8,0) -> 1
A17: E9076 | B17: Equipamento para pintura eletrostática com cabine dupla de 7,00 kW e estufa de 80.000 kCal | C17: H | D17: 35.574412 | F17: =D17+E17 -> 35.574412 | G17: =F17/$G$8 -> 0.19493897 | H17: =ROUNDUP(G17/$H$8,0) -> 1
A18: E9577 | B18: Trator agrícola sobre pneus - 77 kW | C18: H | D18: 22.554806 | E18: 4.432 | F18: =D18+E18 -> 26.986806 | G18: =F18/$G$8 -> 0.14788101 | H18: =ROUNDUP(G18/$H$8,0) -> 1
A19: E9762 | B19: Rolo compactador de pneus autopropelido de 27 t - 85 kW | C19: H | D19: 145.17877 | E19: 144.479 | F19: =D19+E19 -> 289.65777 | G19: =F19/$G$8 -> 1.5872528 | H19: =ROUNDUP(G19/$H$8,0) -> 1
A20: E9094 | B20: Guindaste móvel sobre pneus com 6 eixos com capacidade máxima de 350 t - 450 kw | C20: H | D20: 134.94025 | F20: =D20+E20 -> 134.94025 | G20: =F20/$G$8 -> 0.73943913 | H20: =ROUNDUP(G20/$H$8,0) -> 1
A21: E9020 | B21: Recicladora a frio - 455 kw | C21: H | D21: 89.807133 | F21: =D21+E21 -> 89.807133 | G21: =F21/$G$8 -> 0.49212084 | H21: =ROUNDUP(G21/$H$8,0) -> 1
A22: E9689 | B22: Usina de asfalto a quente gravimétrica com capacidade de 100/140 t/h - 260 kw | C22: H | D22: 51.981726 | F22: =D22+E22 -> 51.981726 | G22: =F22/$G$8 -> 0.28484698 | H22: =ROUNDUP(G22/$H$8,0) -> 1
A23: E9571 | B23: Caminhão tanque com capacidade de 10.000 l - 188 kw | C23: H | D23: 124.53651 | E23: 68.055 | F23: =D23+E23 -> 192.59151 | G23: =F23/$G$8 -> 1.0553538 | H23: =ROUNDUP(G23/$H$8,0) -> 1
A24: E9558 | B24: Tanque de estocagem de asfalto com capacidade de 30.000 l | C24: H | D24: 505.17446 | F24: =D24+E24 -> 505.17446 | G24: =F24/$G$8 -> 2.7682309 | H24: =ROUNDUP(G24/$H$8,0) -> 1
A25: E9514 | B25: Distribuidor de agregados sobre pneus autopropelido - 130 kw | C25: H | D25: 93.551522 | F25: =D25+E25 -> 93.551522 | G25: =F25/$G$8 -> 0.51263917 | H25: =ROUNDUP(G25/$H$8,0) -> 1
A26: E9685 | B26: Rolo compactador pé de carneiro vibratório autopropelido por pneus de 11,6 t - 82 kw | C26: H | D26: 99.040783 | F26: =D26+E26 -> 99.040783 | G26: =F26/$G$8 -> 0.54271896 | H26: =ROUNDUP(G26/$H$8,0) -> 1
A27: E9530 | B27: Rolo compactador liso vibratório autopropelido por pneus de 11 t - 97 kw | C27: H | D27: 59.536561 | E27: 34.014 | F27: =D27+E27 -> 93.550561 | G27: =F27/$G$8 -> 0.5126339 | H27: =ROUNDUP(G27/$H$8,0) -> 1
A28: E9524 | B28: Motoniveladora - 93 kw | C28: H | D28: 28.721827 | E28: 70.318 | F28: =D28+E28 -> 99.039827 | G28: =F28/$G$8 -> 0.54271372 | H28: =ROUNDUP(G28/$H$8,0) -> 1
A29: E9052 | B29: Empilhadeira a diesel com capacidade de 10 t - 82 kw | C29: H | D29: 10.852832 | E29: 12.238 | F29: =D29+E29 -> 23.090832 | G29: =F29/$G$8 -> 0.12653204 | H29: =ROUNDUP(G29/$H$8,0) -> 1
A30: E9041 | B30: Caminhão guindauto com capacidade de elevação de 11,9 t e carroceria de 11,5 t - 188 kw | C30: H | D30: 10 | F30: =D30+E30 -> 10 | G30: =F30/$G$8 -> 0.054797523 | H30: =ROUNDUP(G30/$H$8,0) -> 1
A31: E9599 | B31: Central de concreto com capacidade de 30 m³/h - dosadora rs | C31: H | D31: 39.839357 | F31: =D31+E31 -> 39.839357 | G31: =F31/$G$8 -> 0.21830981 | H31: =ROUNDUP(G31/$H$8,0) -> 1
A32: E9144 | B32: Pórtico metálico rolante com talha com capacidade de 5 t - 10 kw | C32: H | D32: 23.091133 | F32: =D32+E32 -> 23.091133 | G32: =F32/$G$8 -> 0.12653369 | H32: =ROUNDUP(G32/$H$8,0) -> 1
B33: EQUIPAMENTOS DE PEQUENO PORTE
A34: E9671 | B34: Compressor de ar portátil de 363,87 l/s (771 PCM) - 158,13 kW | C34: H | D34: 2262.7653 | F34: =D34+E34 -> 2262.7653 | G34: =F34/$G$8 -> 12.399394 | H34: =ROUNDUP(G34/$H$8,0) -> 2
A35: E9631 | B35: Bomba para concreto projetado via seca com capacidade de 6 m³/h - 7,5 kW | C35: H | D35: 2262.7653 | F35: =D35+E35 -> 2262.7653 | G35: =F35/$G$8 -> 12.399394 | H35: =ROUNDUP(G35/$H$8,0) -> 2
A36: E9706 | B36: Martelete perfurador/rompedor a ar comprimido de 28 kg para concreto com capacidade de 1.230 gpm | C36: H | D36: 33291.354 | F36: =D36+E36 -> 33291.354 | G36: =F36/$G$8 -> 182.42837 | H36: =ROUNDUP(G36/$H$8,0) -> 16
A37: E9764 | B37: Grupo gerador - 7,2 kVA | C37: H | D37: 52085.635 | E37: 96.544 | F37: =D37+E37 -> 52182.179 | G37: =F37/$G$8 -> 285.94542 | H37: =ROUNDUP(G37/$H$8,0) -> 24
A38: E9519 | B38: Betoneira com motor a gasolina com capacidade de 600 l - 10 kW | C38: H | D38: 2319.2264 | F38: =D38+E38 -> 2319.2264 | G38: =F38/$G$8 -> 12.708786 | H38: =ROUNDUP(G38/$H$8,0) -> 2
A39: E9788 | B39: Misturador de argamassa com capacidade de 0,250 m³ - 3,70 kW | C39: H | D39: 386.03461 | F39: =D39+E39 -> 386.03461 | G39: =F39/$G$8 -> 2.1153741 | H39: =ROUNDUP(G39/$H$8,0) -> 1
A40: E9066 | B40: Grupo gerador - 14 kVA | C40: H | D40: 9134.7842 | F40: =D40+E40 -> 9134.7842 | G40: =F40/$G$8 -> 50.056355 | H40: =ROUNDUP(G40/$H$8,0) -> 5
A41: E9760 | B41: Perfuratriz manual para coroa diamantada - 1,60 kW | C41: H | D41: 5421.6867 | F41: =D41+E41 -> 5421.6867 | G41: =F41/$G$8 -> 29.7095 | H41: =ROUNDUP(G41/$H$8,0) -> 3
A42: E9028 | B42: Bomba de alta pressão para hidrojateamento com capacidade de 18 MPa - 5,20 kW | C42: H | D42: 1258.2035 | F42: =D42+E42 -> 1258.2035 | G42: =F42/$G$8 -> 6.8946436 | H42: =ROUNDUP(G42/$H$8,0) -> 1
A43: E9535 | B43: Serra circular com bancada - D = 30 cm - 4 kW | C43: H | D43: 6872.0189 | F43: =D43+E43 -> 6872.0189 | G43: =F43/$G$8 -> 37.656961 | H43: =ROUNDUP(G43/$H$8,0) -> 4
A44: E9021 | B44: Grupo gerador - 456 kVA | C44: H | D44: 51.981726 | F44: =D44+E44 -> 51.981726 | G44: =F44/$G$8 -> 0.28484698 | H44: =ROUNDUP(G44/$H$8,0) -> 1
A45: E9071 | B45: Transportador manual carrinho de mão com capacidade de 80 l | C45: H | D45: 18824.377 | E45: 1832.568 | F45: =D45+E45 -> 20656.945 | G45: =F45/$G$8 -> 113.19494 | H45: =ROUNDUP(G45/$H$8,0) -> 10
A46: E9753 | B46: Grupo gerador - 23 kVA | C46: H | D46: 495.9728 | F46: =D46+E46 -> 495.9728 | G46: =F46/$G$8 -> 2.7178081 | H46: =ROUNDUP(G46/$H$8,0) -> 1
A47: E9513 | B47: Compressor de ar portátil de 160,46 l/s (340 pcm) - 81 kw | C47: H | D47: 8322.8385 | F47: =D47+E47 -> 8322.8385 | G47: =F47/$G$8 -> 45.607094 | H47: =ROUNDUP(G47/$H$8,0) -> 4
A48: E9010 | B48: Balança plataforma digital à bateria, com mesa de 75 x 75 cm e capacidade de 500 kg | C48: H | D48: 2306.8623 | F48: =D48+E48 -> 2306.8623 | G48: =F48/$G$8 -> 12.641034 | H48: =ROUNDUP(G48/$H$8,0) -> 2
A49: E9507 | B49: Plotadora de recorte com computador e programa computacional | C49: H | D49: 82.077 | F49: =D49+E49 -> 82.077 | G49: =F49/$G$8 -> 0.44976163 | H49: =ROUNDUP(G49/$H$8,0) -> 1
A50: E9559 | B50: Aquecedor de fluido térmico - 12 kW | C50: H | D50: 51.981726 | F50: =D50+E50 -> 51.981726 | G50: =F50/$G$8 -> 0.28484698 | H50: =ROUNDUP(G50/$H$8,0) -> 1
A51: E9675 | B51: Martelete perfurador/rompedor elétrico - 1,50 kW | C51: H | D51: 44639.496 | F51: =D51+E51 -> 44639.496 | G51: =F51/$G$8 -> 244.61338 | H51: =ROUNDUP(G51/$H$8,0) -> 21
A52: E9622 | B52: Máquina de bancada universal para corte de chapa - 1,50 kW | C52: H | D52: 164.15741 | F52: =D52+E52 -> 164.15741 | G52: =F52/$G$8 -> 0.89954193 | H52: =ROUNDUP(G52/$H$8,0) -> 1
A53: E9623 | B53: Máquina de bancada guilhotina - 4,00 kW | C53: H | D53: 68.3975 | F53: =D53+E53 -> 68.3975 | G53: =F53/$G$8 -> 0.37480136 | H53: =ROUNDUP(G53/$H$8,0) -> 1
A54: E9668 | B54: Mesa vibratória - 2,20 kW | C54: H | D54: 459.43775 | F54: =D54+E54 -> 459.43775 | G54: =F54/$G$8 -> 2.5176051 | H54: =ROUNDUP(G54/$H$8,0) -> 1
A55: E9049 | B55: Bomba de alta pressão para hidrojateamento com capacidade de 250 mpa - 72 kw | C55: H | D55: 3662.6506 | F55: =D55+E55 -> 3662.6506 | G55: =F55/$G$8 -> 20.070418 | H55: =ROUNDUP(G55/$H$8,0) -> 2
A56: E9647 | B56: Compactador manual com soquete vibratório - 4,10 kW | C56: H | D56: 1850.6024 | F56: =D56+E56 -> 1850.6024 | G56: =F56/$G$8 -> 10.140843 | H56: =ROUNDUP(G56/$H$8,0) -> 1
B57: EQUIPAMENTOS DE PEQUENO PORTE
A58: E9064 | B58: Transportador manual gerica com capacidade de 180 l | C58: H | D58: 875.46048 | E58: 1329.492 | F58: =D58+E58 -> 2204.9525 | G58: =F58/$G$8 -> 12.082593 | H58: =ROUNDUP(G58/$H$8,0) -> 2
A59: E9544 | B59: Vassoura mecânica rebocável com largura de 2,44 m | C59: H | D59: 17.753308 | F59: =D59+E59 -> 17.753308 | G59: =F59/$G$8 -> 0.097283731 | H59: =ROUNDUP(G59/$H$8,0) -> 1
A60: E9011 | B60: Carro manual modelo plataforma de 200 x 80 cm com capacidade de 800 kg | C60: H | D60: 376.73895 | E60: 82.698 | F60: =D60+E60 -> 459.43695 | G60: =F60/$G$8 -> 2.5176007 | H60: =ROUNDUP(G60/$H$8,0) -> 1
A61: E9719 | B61: Talha manual com capacidade de 3 t | C61: H | D61: 984.97287 | E61: 546.755 | F61: =D61+E61 -> 1531.7279 | G61: =F61/$G$8 -> 8.3934893 | H61: =ROUNDUP(G61/$H$8,0) -> 1
A62: E9547 | B62: Máquina de solda elétrica transformadora 250 A - 9,20 kW | C62: H | D62: 296.24099 | F62: =D62+E62 -> 296.24099 | G62: =F62/$G$8 -> 1.6233272 | H62: =ROUNDUP(G62/$H$8,0) -> 1
A63: E9662 | B63: Equipamento para solda e corte com oxiacetileno | C63: H | D63: 75.371961 | F63: =D63+E63 -> 75.371961 | G63: =F63/$G$8 -> 0.41301968 | H63: =ROUNDUP(G63/$H$8,0) -> 1
A64: E9568 | B64: Furadeira de impacto de 12,5 mm - 0,80 kW | C64: H | D64: 122.75974 | E64: 26.773 | F64: =D64+E64 -> 149.53274 | G64: =F64/$G$8 -> 0.81940239 | H64: =ROUNDUP(G64/$H$8,0) -> 1
A65: E9721 | B65: Conjunto bomba e macaco hidráulico para protensão com capacidade de 1.150 kn - 5 kw | C65: H | D65: 975.78411 | E65: 96.506 | F65: =D65+E65 -> 1072.2901 | G65: =F65/$G$8 -> 5.8758842 | H65: =ROUNDUP(G65/$H$8,0) -> 1
A66: E9646 | B66: Compressor de ar portátil de 58,52 l/s (124 pcm) - 27 kw | C66: H | D66: 642.34327 | F66: =D66+E66 -> 642.34327 | G66: =F66/$G$8 -> 3.519882 | H66: =ROUNDUP(G66/$H$8,0) -> 1
A67: E9527 | B67: Martelete perfurador/rompedor a ar comprimido de 25 kg para rocha com capacidade de 2.040 gpm | C67: H | D67: 840.82062 | F67: =D67+E67 -> 840.82062 | G67: =F67/$G$8 -> 4.6074887 | H67: =ROUNDUP(G67/$H$8,0) -> 1
A68: E9521 | B68: Grupo gerador - 3,2 kva | C68: H | D68: 3862.6263 | E68: 26.773 | F68: =D68+E68 -> 3889.3993 | G68: =F68/$G$8 -> 21.312945 | H68: =ROUNDUP(G68/$H$8,0) -> 2
A69: E9024 | B69: Misturador de nata cimento - 1,50 kw | C69: H | D69: 589.20273 | F69: =D69+E69 -> 589.20273 | G69: =F69/$G$8 -> 3.228685 | H69: =ROUNDUP(G69/$H$8,0) -> 1
A70: E9156 | B70: Soprador de ar costal - 2,6 kw | C70: H | D70: 1760 | F70: =D70+E70 -> 1760 | G70: =F70/$G$8 -> 9.6443641 | H70: =ROUNDUP(G70/$H$8,0) -> 1
A71: E9629 | B71: Compressor de ar portátil de 185,95 l/s (394 pcm) - 81,50 kw | C71: H | D71: 66.159116 | F71: =D71+E71 -> 66.159116 | G71: =F71/$G$8 -> 0.36253557 | H71: =ROUNDUP(G71/$H$8,0) -> 1
A72: E9556 | B72: Compactador manual de placa vibratória - 3,00 kw | C72: H | D72: 31.839862 | E72: 7733.98 | F72: =D72+E72 -> 7765.8199 | G72: =F72/$G$8 -> 42.554769 | H72: =ROUNDUP(G72/$H$8,0) -> 4
A73: E9591 | B73: Serra para corte de concreto e asfalto - 10 kw | C73: H | D73: 240.96 | F73: =D73+E73 -> 240.96 | G73: =F73/$G$8 -> 1.3204011 | H73: =ROUNDUP(G73/$H$8,0) -> 1
A74: E9779 | B74: Grupo gerador - 113 kva | C74: H | D74: 39.839357 | F74: =D74+E74 -> 39.839357 | G74: =F74/$G$8 -> 0.21830981 | H74: =ROUNDUP(G74/$H$8,0) -> 1
A75: 91277 | B75: Placa vibratória reversível c/ motor 4 tempos a gasolina | C75: H | D75: 381.30176 | E75: 7384.518 | F75: =D75+E75 -> 7765.8198 | G75: =F75/$G$8 -> 42.554769 | H75: =ROUNDUP(G75/$H$8,0) -> 4
A76: E9026 | B76: Bomba para injeção de nata de cimento com capacidade de 2 mpa - 2,20 kw | C76: H | D76: 589.20273 | F76: =D76+E76 -> 589.20273 | G76: =F76/$G$8 -> 3.228685 | H76: =ROUNDUP(G76/$H$8,0) -> 1
A77: E9683 | B77: Martelete perfurador/rompedor elétrico - 0,90 kw | C77: H | D77: 2570.2811 | F77: =D77+E77 -> 2570.2811 | G77: =F77/$G$8 -> 14.084504 | H77: =ROUNDUP(G77/$H$8,0) -> 2
A78: E9047 | B78: Conjunto bomba e macaco hidráulico para elevação com capacidade de 1.390 kn | C78: H | D78: 34.136683 | F78: =D78+E78 -> 34.136683 | G78: =F78/$G$8 -> 0.18706057 | H78: =ROUNDUP(G78/$H$8,0) -> 1
A79: E9583 | B79: Distribuidor de agregados rebocável com capacidade de 1,9 m³ | C79: H | D79: 31.70761 | E79: 112.417 | F79: =D79+E79 -> 144.12461 | G79: =F79/$G$8 -> 0.78976717 | H79: =ROUNDUP(G79/$H$8,0) -> 1
A80: E9767 | B80: Compressor de ar portátil de 9,44 l/s (20 pcm) a gasolina - 5,22 kw | C80: H | D80: 98.554324 | F80: =D80+E80 -> 98.554324 | G80: =F80/$G$8 -> 0.54005329 | H80: =ROUNDUP(G80/$H$8,0) -> 1
A81: E9763 | B81: Grupo gerador - 40 kva | C81: H | D81: 23.091133 | F81: =D81+E81 -> 23.091133 | G81: =F81/$G$8 -> 0.12653369 | H81: =ROUNDUP(G81/$H$8,0) -> 1
A82: E9069 | B82: Vibrador de imersão para concreto - 4,10 kw | C82: H | D82: 99.555555 | F82: =D82+E82 -> 99.555555 | G82: =F82/$G$8 -> 0.54553978 | H82: =ROUNDUP(G82/$H$8,0) -> 1
A83: E9643 | B83: Equipamento para pintura a ar comprimido de pistola com caneca com capacidade de 1.000 ml e compressor de 1,50 kw | C83: H | D83: 1220.8835 | F83: =D83+E83 -> 1220.8835 | G83: =F83/$G$8 -> 6.6901394 | H83: =ROUNDUP(G83/$H$8,0) -> 1
A84: E9791 | B84: Bomba pneumática para injeção de resina com capacidade de 0,18 m³/h | C84: H | D84: 38.54218 | E84: 25.694 | F84: =D84+E84 -> 64.23618 | G84: =F84/$G$8 -> 0.35199836 | H84: =ROUNDUP(G84/$H$8,0) -> 1
A85: E9518 | B85: Grade de 24 discos rebocável de d = 60 cm (24") | C85: H | D85: 4.801498 | E85: 4.432 | F85: =D85+E85 -> 9.233498 | G85: =F85/$G$8 -> 0.050597282 | H85: =ROUNDUP(G85/$H$8,0) -> 1
A86: E9717 | B86: Máquina policorte - 2,20 kw | C86: H | D86: 0.027483 | E86: 0.037 | F86: =D86+E86 -> 0.064483 | G86: =F86/$G$8 -> 0.00035335087 | H86: =ROUNDUP(G86/$H$8,0) -> 1
A87: TOTAL | H87: =SUM(H10:H86) -> 175

Sheet CP001 - Adm Local
B1: DER-PE
B6: OBRA: | D6: Recuperação e/ou Reforço Estrutural de Obras de Arte Especiais (Pontes, Viadutos, Passarelas e Afins) Sob Jurisdição do Departamento de Estradas de Rodagem do Estado de Pernambuco
B7: DATA BASE: | D7: JANEIRO/2026
B8: TIPO: | D8: SEM DESONERAÇÃO
B9: UF: | D9: PE
B11: ADMINISTRAÇÃO LOCAL
C13: ADMINISTRAÇÃO LOCAL
C14: De acordo com o Manual de Custos de Infraestrutura de Transportes, a administração local compreende o conjunto de gastos com pessoal, materiais e equipamentos incorridos pelo executor no local do empreendimento e indispensáveis ao apoio e à condução da obra. É exercida normalmente por pessoal técnico e administrativo, tais como: engenheiro supervisor, engenheiros setoriais, gestores administrativos, equipes de medicina e segurança no trabalho, etc. Além da gerência técnica e administrativa da obra, incluem-se na administração local as equipes responsáveis pelo controle de produção das frentes de serviços, pelo controle tecnológico da obra e pelos serviços gerais de apoio.
C18: Observação: Para o cálculo da Administração Local foi considerada a soma da extensão de todas as OAE's do orçamento
C19: Extensão (m): | D19: =40+75+15+75+15+120+20 -> 360
C21: A) Considerações :
D22: Natureza da obra: | E22: Restauração de OAE de Médio Porte
D23: Prazo de execução (meses): | F23: 12
D24: Dimensões referenciais do canteiro de obras e acampamentos: | H24: =('CP004 - CANTEIRO PRINCIPAL'!E115+'CP003 - CANTEIRO DE APOIO'!E120*8) -> 601.86 | I24: de instalações cobertas:
D25: Data-base: | E25: =D7 -> JANEIRO/2026 | H25: ='CP004 - CANTEIRO PRINCIPAL'!E117+('CP003 - CANTEIRO DE APOIO'!E122*8) -> 601.86 | I25: de áreas descobertas.
C27: B) Parcela Fixa da Administração Local :
C29: Tabela 01 – Composição de custo da parcela fixa da administração local (mão de obra)
C30: ITEM | D30: CÓDIGO | E30: DISCRIMINAÇÃO | F30: UNIDADE | G30: QUANTIDADE | H30: CUSTO UINTÁRIO (R$) | I30: CUSTO TOTAL (R$) | K30: Npf= | L30: =SUM(G33:G36,G38:G39,G43:G47,G49:G50) -> 8.5
C31: 1 | D31: GERÊNCIA TÉCNICA
C32: 1.1 | D32: Geral
C33: 1.1.1 | D33: P9819 | E33: Engenheiro supervisor | F33: mês | G33: 0.5 | H33: =VLOOKUP(D33,'Sintético de Mão de Obra'!$A$7:$F$128,6,0) -> 28515.636 | I33: =TRUNC(H33*G33,2) -> 14257.81
C34: 1.1.2 | D34: P9840 | E34: Encarregado geral | F34: mês | G34: 1 | H34: =VLOOKUP(D34,'Sintético de Mão de Obra'!$A$7:$F$128,6,0) -> 11859.736 | I34: =TRUNC(H34*G34,2) -> 11859.73
C35: 1.1.3 | D35: P9897 | E35: Técnico de meio ambiente | F35: mês | H35: 7559.3172 | I35: =TRUNC(H35*G35,2) -> 0
D36: P9948 | E36: Motorista de veículo leve - mensalista | F36: mês | H36: 5607.383 | I36: =TRUNC(H36*G36,2) -> 0
C37: 1.2 | D37: Auxiliar
D38: P9946 | E38: Engenheiro auxiliar | F38: mês | H38: 23588.8 | I38: =TRUNC(H38*G38,2) -> 0
C39: 1.2.1 | D39: P9903 | E39: Auxiliar técnico | F39: mês | G39: 1 | H39: =VLOOKUP(D39,'Sintético de Mão de Obra'!$A$7:$F$128,6,0) -> 4980.7747 | I39: =TRUNC(H39*G39,2) -> 4980.77
C40: SUBTOTAL DO ITEM 1 - GERÊNCIA TÉCNICA (R$) | I40: =SUM(I33:I39) -> 31098.31
C41: 2 | D41: GERÊNCIA ADMINISTRATIVA
C42: 2.1 | D42: Geral
D43: P9883 | E43: Chefe do setor administrativo | F43: mês | H43: 7253.229 | I43: =TRUNC(H43*G43,2) -> 0
C44: 2.1.1 | D44: P9809 | E44: Encarregado administrativo | F44: mês | G44: 1 | H44: =VLOOKUP(D44,'Sintético de Mão de Obra'!$A$7:$F$128,6,0) -> 7572.8766 | I44: =TRUNC(H44*G44,2) -> 7572.87
C45: 2.1.2 | D45: P9896 | E45: Porteiro | F45: mês | G45: 1 | H45: =VLOOKUP(D45,'Sintético de Mão de Obra'!$A$7:$F$128,6,0) -> 4266.3602 | I45: =TRUNC(H45*G45,2) -> 4266.36
C46: 2.1.3 | D46: P9827 | E46: Vigia | F46: mês | G46: 1 | H46: =VLOOKUP(D46,'Sintético de Mão de Obra'!$A$7:$F$128,6,0) -> 5050.4234 | I46: =TRUNC(H46*G46,2) -> 5050.42
C47: 2.1.4 | D47: P9948 | E47: Motorista de veículo leve - mensalista | F47: mês | G47: 1 | H47: =VLOOKUP(D47,'Sintético de Mão de Obra'!$A$7:$F$128,6,0) -> 5926.6154 | I47: =TRUNC(H47*G47,2) -> 5926.61
C48: 2.1 | D48: Auxiliar
C49: 2.1.1 | D49: P9806 | E49: Auxiliar administrativo | F49: mês | G49: 1 | H49: =VLOOKUP(D49,'Sintético de Mão de Obra'!$A$7:$F$128,6,0) -> 5281.6129 | I49: =TRUNC(H49*G49,2) -> 5281.61
C50: 2.1.2 | D50: P9842 | E50: Faxineiro | F50: mês | G50: 1 | H50: =VLOOKUP(D50,'Sintético de Mão de Obra'!$A$7:$F$128,6,0) -> 4278.9814 | I50: =TRUNC(H50*G50,2) -> 4278.98
C51: SUBTOTAL DO ITEM 2 - GERÊNCIA ADMINISTRATIVA (R$) | I51: =SUM(I43:I50) -> 32376.85
C52: TOTAL DA MÃO DE OBRA DA PARCELA FIXA (R$) | I52: =SUM(I51,I40) -> 63475.16
C54: Tabela 02 – Composição de custo da parcela fixa da administração local (veículos)
C55: ITEM | D55: CÓDIGO | E55: DISCRIMINAÇÃO | F55: UNIDADE | G55: QUANTIDADE | H55: UTIL. PROD. | I55: UTIL. IMPROD. | J55: CHP | K55: CHI | L55: CUSTO TOTAL (R$)
C56: 1 | D56: VEÍCULOS
C57: 1.1 | D57: GERÊNCIA TÉCNICA
C58: 1.1.1 | D58: E9093 | E58: Veículo leve - 53 kW (sem motorista) | F58: mês | G58: 2 | H58: 44 | I58: 176 | J58: =VLOOKUP(D58,'EQUIPAMENTO SICRO'!$A$2:$K$536,10,0) -> 35.9667 | K58: =VLOOKUP(D58,'EQUIPAMENTO SICRO'!$A$2:$K$536,11,0) -> 7.0814 | L58: =TRUNC(G58*((H58*J58)+(I58*K58)),2) -> 5657.72
C59: 1.1.2 | D59: E9560 | E59: Ônibus com capacidade para 80 passageiros - 175 kW | F59: mês | G59: 1 | H59: 44 | I59: 176 | J59: =VLOOKUP(D59,'EQUIPAMENTO SICRO'!$A$2:$K$536,10,0) -> 329.3675 | K59: =VLOOKUP(D59,'EQUIPAMENTO SICRO'!$A$2:$K$536,11,0) -> 105.7451 | L59: =TRUNC(G59*((H59*J59)+(I59*K59)),2) -> 33103.3
C60: 1.2 | D60: GERÊNCIA ADMINISTRATIVA
C61: 1.2.1 | D61: E9093 | E61: Veículo leve - 53 kW (sem motorista) | F61: mês | G61: 1 | H61: 44 | I61: 176 | J61: 36.928 | K61: 6.6614 | L61: =TRUNC(G61*((H61*J61)+(I61*K61)),2) -> 2797.23
C62: TOTAL DOS VEÍCULOS DA PARCELA FIXA (R$) | L62: =SUM(L58:L61) -> 41558.25
C64: C) Parcela Vinculada da Administração Local :
C66: C.1) Equipe de Topografia da OAE
C67: Tabela 07 - Composição de custo da equipe de topografia - Parcela vinculada (mão de obra)
C68: ITEM | D68: CÓDIGO | E68: DISCRIMINAÇÃO | F68: UNIDADE | G68: QUANTIDADE | H68: CUSTO UINTÁRIO (R$) | I68: CUSTO TOTAL (R$) | K68: Npv= | L68: =SUM(G70:G71,G85:G87,G103:G105) -> 7
C69: 1 | D69: EQUIPE DE TOPOGRAFIA
C70: 1.1 | D70: P9949 | E70: Topógrafo | F70: mês | G70: 1 | H70: =VLOOKUP(D70,'Sintético de Mão de Obra'!$A$7:$F$18,6,0) -> 8888.3391 | I70: =TRUNC(H70*G70,2) -> 8888.33
C71: 1.2 | D71: P9950 | E71: Auxiliar de topografia | F71: mês | G71: 2 | H71: =VLOOKUP(D71,'Sintético de Mão de Obra'!$A$7:$F$128,6,0) -> 5964.9672 | I71: =TRUNC(H71*G71,2) -> 11929.93
C72: SUBTOTAL DA EQUIPE DE TOPOGRAFIA - COMPLEMENTAR DA OAE (R$) | I72: =SUM(I70:I71) -> 20818.26
C74: Tabela 08 - Composição de custo da parcela vinculada (veículos)
C75: ITEM | D75: CÓDIGO | E75: DISCRIMINAÇÃO | F75: UNIDADE | G75: QUANTIDADE | H75: UTIL. PROD. | I75: UTIL. IMPROD. | J75: CHP | K75: CHI | L75: CUSTO TOTAL (R$)
C76: 1 | D76: VEÍCULOS
C77: 1.1 | D77: E9125 | E77: Veículo tipo van furgão com capacidade de 1,38 t - 100 kW | F77: mês | G77: =G70 -> 1 | H77: 44 | I77: 176 | J77: =VLOOKUP(D77,'EQUIPAMENTO SICRO'!$A$2:$K$536,10,0) -> 92.9303 | K77: =VLOOKUP(D77,'EQUIPAMENTO SICRO'!$A$2:$K$536,11,0) -> 52.5493 | L77: =TRUNC(G77*((H77*J77)+(I77*K77)),2) -> 13337.61
C78: SUBTOTAL DOS VEÍCULOS DA PARCELA VINCULADA | L78: =SUM(L77) -> 13337.61
C79: TOTAL DA PARCELA VINCULADA - EQUIPE DE TOPOGRAFIA | L79: =SUM(L78,I72) -> 34155.87
C81: C.2) Equipe de OAE
C82: Tabela 07 - Composição de custo da equipe de OAE - Parcela vinculada (mão de obra)
C83: ITEM | D83: CÓDIGO | E83: DISCRIMINAÇÃO | F83: UNIDADE | G83: QUANTIDADE | H83: CUSTO UINTÁRIO (R$) | I83: CUSTO TOTAL (R$)
C84: 1 | D84: EQUIPE DE OAE
C85: 1.1 | D85: P9869 | E85: Encarregado de obras de artes especiais | F85: mês | G85: 1 | H85: =VLOOKUP(D85,'Sintético de Mão de Obra'!$A$7:$F$128,6,0) -> 8418.9631 | I85: =TRUNC(H85*G85,2) -> 8418.96
C86: 1.2 | D86: P9875 | E86: Encarregado de turma | F86: mês | G86: 1 | H86: =VLOOKUP(D86,'Sintético de Mão de Obra'!$A$7:$F$128,6,0) -> 6234.1465 | I86: =TRUNC(H86*G86,2) -> 6234.14
C87: 1.2 | D87: P9804 | E87: Apontador | F87: mês | G87: 1 | H87: =VLOOKUP(D87,'Sintético de Mão de Obra'!$A$7:$F$128,6,0) -> 5304.3719 | I87: =TRUNC(H87*G87,2) -> 5304.37
C88: SUBTOTAL DA EQUIPE DE TOPOGRAFIA (R$) | I88: =SUM(I85:I87) -> 19957.47
C90: Tabela 08 - Composição de custo da parcela vinculada (veículos)
C91: ITEM | D91: CÓDIGO | E91: DISCRIMINAÇÃO | F91: UNIDADE | G91: QUANTIDADE | H91: UTIL. PROD. | I91: UTIL. IMPROD. | J91: CHP | K91: CHI | L91: CUSTO TOTAL (R$)
C92: 1 | D92: VEÍCULOS
C93: 1.1 | D93: E9093 | E93: Veículo leve - 53 kW (sem motorista) | F93: mês | G93: =G85 -> 1 | H93: 44 | I93: 176 | J93: =VLOOKUP(D93,'EQUIPAMENTO SICRO'!$A$2:$K$536,10,0) -> 35.9667 | K93: =VLOOKUP(D93,'EQUIPAMENTO SICRO'!$A$2:$K$536,11,0) -> 7.0814 | L93: =TRUNC(G93*((H93*J93)+(I93*K93)),2) -> 2828.86
C94: SUBTOTAL DOS VEÍCULOS DA PARCELA VINCULADA | L94: =SUM(L93) -> 2828.86
C95: TOTAL DA PARCELA VINCULADA - EQUIPE DE TOPOGRAFIA | L95: =SUM(L94,I88) -> 22786.33
C99: C.3) Equipe de Medicina e Segurança do Trabalho
C100: Tabela 09 - Composição de custo da equipe de medicina e segurança do trabalho - Parcela vinculada (mão de obra)
C101: ITEM | D101: CÓDIGO | E101: DISCRIMINAÇÃO | F101: UNIDADE | G101: QUANTIDADE | H101: CUSTO UINTÁRIO (R$) | I101: CUSTO TOTAL (R$)
C102: 1 | D102: EQUIPE DE MEDICINA E SEGURANÇA DO TRABALHO
C103: 1.1 | D103: P9876 | E103: Técnico de segurança do trabalho | F103: mês | G103: 1 | H103: =VLOOKUP(D103,'Sintético de Mão de Obra'!$A$7:$F$18,6,0) -> 7705.2345 | I103: =TRUNC(H103*G103,2) -> 7705.23
C104: 1.2 | D104: P9864 | E104: Engenheiro de segurança do trabalho | F104: mês | H104: 24416.737 | I104: =TRUNC(H104*G104,2) -> 0
C105: 1.3 | D105: P9851 | E105: Médico do trabalho | F105: mês | H105: 18571.751 | I105: =TRUNC(H105*G105,2) -> 0
C106: TOTAL DA EQUIPE DE MEDICINA E SEGURANÇA DO TRABALHO (R$) | I106: =SUM(I103:I105) -> 7705.23
C109: D) Parcela Variável da Administração Local
C111: D.1) Acompanhamento das Frentes de Serviço
K112: Npv= | L112: =SUM(G116:G117,G153:G154) -> 3.5
C113: Tabela 10 - Composição de custo da equipe de frente de serviço (mão de obra)
C114: ITEM | D114: CÓDIGO | E114: DISCRIMINAÇÃO | F114: UNIDADE | G114: QUANTIDADE | H114: CUSTO UINTÁRIO (R$) | I114: CUSTO TOTAL (R$)
C115: 1 | D115: EQUIPE DE ACOMPANHAMENTO DAS FRENTES DE SERVIÇO | F115: equipexmês
C116: 1.1 | D116: P9875 | E116: Encarregado de turma | F116: mês | G116: 1 | H116: =VLOOKUP(D116,'Sintético de Mão de Obra'!$A$7:$F$128,6,0) -> 6234.1465 | I116: =TRUNC(H116*G116,2) -> 6234.14
C117: 1.2 | D117: P9804 | E117: Apontador | F117: mês | G117: 0.5 | H117: =VLOOKUP(D117,'Sintético de Mão de Obra'!$A$7:$F$128,6,0) -> 5304.3719 | I117: =TRUNC(H117*G117,2) -> 2652.18
C118: TOTAL DA EQUIPE DE ACOMPANHAMENTO DAS FRENTES DE SERVIÇO | I118: =SUM(I116:I117) -> 8886.32
C121: D.2) Controle Tecnológico
C122: Tabela 11 - Composição de custo da equipe do laboratório de solos
C123: ITEM | D123: CÓDIGO | E123: DISCRIMINAÇÃO | F123: UNIDADE | G123: QUANTIDADE | H123: CUSTO UINTÁRIO (R$) | I123: CUSTO TOTAL (R$)
C124: 1 | D124: Laboratório de Solos (equipe x mês)
C125: 1.1 | D125: P9858 | E125: Laboratorista | F125: mês | H125: #REF! | I125: =TRUNC(H125*G125,2) -> #REF!
C126: 1.2 | D126: P9833 | E126: Auxiliar de laboratório | F126: mês | H126: #REF! | I126: =TRUNC(H126*G126,2) -> #REF!
...

Sheet CP001 - EFS e Laboratórios
B1: DER-PE
B6: OBRA: | D6: Recuperação e/ou Reforço Estrutural de Obras de Arte Especiais (Pontes, Viadutos, Passarelas e Afins) Sob Jurisdição do Departamento de Estradas de Rodagem do Estado de Pernambuco
B7: EXTENSÃO:
B8: DATA BASE: | D8: ='CP001 - Adm Local'!D7 -> JANEIRO/2026
B9: TIPO: | D9: ='CP001 - Adm Local'!D8 -> SEM DESONERAÇÃO
B10: UF: | D10: ='CP001 - Adm Local'!D9 -> PE
B12: EQUIPES DE FRENTE DE SERVIÇO
C15: Equipes de acompanhamento das frentes de Pavimentação
C16: ITEM | D16: CÓDIGO | E16: DISCRIMINAÇÃO | F16: UNIDADE | G16: QUANTIDADE | H16: PRODUÇÃO HORÁRIA (Ph) | I16: Efs
E17: Frentes de Serviço para Pavimentação | F17: equipe x mês
D18: 4011212 | E18: VARREDURA DA SUPERFÍCIE PARA EXECUÇÃO DE REVESTIMENTO ASFÁLTICO | F18: M² | G18: 43144.8 | H18: 2430.24 | I18: =G18/(H18*182.49) -> 0.097283732
D19: 4011463 | E19: CONCRETO ASFÁLTICO - FAIXA C-12,5 - AREIA E BRITA COMERCIAIS | F19: T | G19: 5177.38 | H19: 99.6 | I19: =G19/(H19*182.49) -> 0.28484699
D20: 4011351 | E20: Imprimação com asfalto diluído | F20: m² | G20: 2354.4 | H20: 1125 | I20: =G20/(H20*182.49) -> 0.011468026
D21: 4011353 | E21: Pintura de ligação | F21: m² | G21: 81580.8 | H21: 1500 | I21: =G21/(H21*182.49) -> 0.29802839
D22: 4011372 | E22: COMP_64 Tratamento superficial duplo com banho diluído - brita comercial | F22: M² | G22: 40790.4 | H22: 283.02 | I22: =G22/(H22*182.49) -> 0.78977206
D23: SR92396 | E23: COMP_52 Execução de passeio em piso intertravado, com bloco retangular cor natural de 20 x 10 cm, espessura 6 cm | F23: m² | G23: 7765.82 | H23: 1 | I23: =G23/(H23*182.49) -> 42.55477
D24: 5502978 | E24: Compactação de aterros a 100% do Proctor normal | F24: m³ | G24: 1553.1 | H24: 168.2 | I24: =G24/(H24*182.49) -> 0.050598117
C25: TOTAL DE EQUIPES DE FRENTES DE SERVIÇO | I25: =SUM(I18:I24) -> 44.086767
B28: EQUIPES DE LABORATÓRIO
C31: Equipes de laboratório de Concreto OAE
C32: ITEM | D32: CÓDIGO | E32: DISCRIMINAÇÃO | F32: UNIDADE | G32: QUANTIDADE (QP) | H32: QE | I32: ELC
E33: Equipes de laboratório de Concreto | F33: equipe x mês
D34: 1207725 | E34: CONCRETO PROJETADO VIA SECA FCK = 40 MPA VIA SECA APLICADO EM TETO | F34: M³ | G34: 960 | H34: 1100 | I34: =G34/H34 -> 0.87272727
D35: 1106057 | E35: Concreto magro - confecção em betoneira e lançamento manual - areia e brita comerciais | F35: m³ | G35: 48 | H35: 1700 | I35: =G35/H35 -> 0.028235294
D36: 1207723 | E36: Concreto projetado via seca fck = 40 MPa aplicado em superfícies inclinadas e verticais | F36: m³ | G36: 1920 | H36: 1700 | I36: =G36/H36 -> 1.1294118
D37: 1106280 | E37: Concreto para bombeamento fck = 30 MPa - confecção em central dosadora de 30 m³/h - areia e brita comerciais | F37: m³ | G37: 320 | H37: 1100 | I37: =G37/H37 -> 0.29090909
D38: 1108118 | E38: Concreto submerso fck = 30 MPa - confecção em central dosadora de 30 m³/h - areia e brita comerciais | F38: m³ | G38: 96 | H38: 1700 | I38: =G38/H38 -> 0.056470588
D39: 1106165 | E39: Concreto ciclópico fck = 20 MPa - confecção em betoneira e lançamento manual - areia, brita e pedra de mão comerciais | F39: m³ | G39: 960 | H39: 1700 | I39: =G39/H39 -> 0.56470588
C40: TOTAL DE EQUIPES DE CONCRETO DE OAE | I40: =SUM(I34:I39) -> 2.9424599
C42: Equipes de laboratório de Asfalto
C43: ITEM | D43: CÓDIGO | E43: DISCRIMINAÇÃO | F43: UNIDADE | G43: QUANTIDADE (QP) | H43: QE | I43: ELC
E44: Equipes de laboratório de Asfalto | F44: equipe x mês
D45: 4011463 | E45: CONCRETO ASFÁLTICO - FAIXA C-12,5 - AREIA E BRITA COMERCIAIS | F45: T | G45: 5177.38 | H45: 9000 | I45: =G45/H45 -> 0.57526444
D46: 4011351 | E46: Imprimação com asfalto diluído | F46: m² | G46: 2354.4 | H46: 1610000 | I46: =G46/H46 -> 0.0014623602
D47: 4011353 | E47: Pintura de ligação | F47: m² | G47: 81580.8 | H47: 3610000 | I47: =G47/H47 -> 0.02259856
D48: 4011372 | E48: COMP_64 Tratamento superficial duplo com banho diluído - brita comercial | F48: M² | G48: 40790.4 | H48: 123000 | I48: =G48/H48 -> 0.33162927
C49: TOTAL DE EQUIPES DE ASFALTO | I49: =SUM(I45:I48) -> 0.93095463
C51: Equipes de laboratório de solos para pavimentação
C52: ITEM | D52: CÓDIGO | E52: DISCRIMINAÇÃO | F52: UNIDADE | G52: QUANTIDADE (QP) | H52: QE | I52: ELC
E53: Equipes de laboratório de Solos | F53: equipe x mês
D54: 4011484 | E54: COMP_49 Reciclagem com incorporação do revestimento asfáltico à base e adição de 35% de brita comercial e adição de 3% de cimento - 100% Proctor modificado | F54: M³ | G54: 8158.08 | H54: 11800 | I54: =G54/(H54*182.49) -> 0.0037884964
D55: 4011276 | E55: COMP_50 Base ou sub-base de brita graduada com brita comercial - 100% Proctor modificado | F55: M³ | G55: 423.79 | H55: 21900 | I55: =G55/(H55*182.49) -> 0.00010603946
D56: 5502978 | E56: Compactação de aterros a 100% do Proctor normal | F56: m³ | G56: 1553.1 | H56: 169000 | I56: =G56/(H56*182.49) -> 5.03586e-05
C57: TOTAL DE EQUIPES DE SOLOS | I57: =SUM(I54:I56) -> 0.0039448945

Sheet CP002 - Mob. e Desmob
B2: DER-PE
B7: OBRA: | D7: Recuperação e/ou Reforço Estrutural de Obras de Arte Especiais (Pontes, Viadutos, Passarelas e Afins) Sob Jurisdição do Departamento de Estradas de Rodagem do Estado de Pernambuco
B8: EXTENSÃO:
B9: DATA BASE: | D9: ='CP001 - Adm Local'!D7:N7 -> JANEIRO/2026
B10: TIPO: | D10: ='CP001 - Adm Local'!D8:N8 -> SEM DESONERAÇÃO
B11: UF: | D11: PE
B13: MOBILIZAÇÃO E DESMOBILIZAÇÃO DE EQUIPAMENTOS E VEÍCULOS
C15: CONSIDERAÇÕES INICIAIS:
C16: Segundo a nova metodologia, os custos de mobilização de um determinado projeto podem ser definidos em função de composições de custos de referência elaboradas para os diferentes veículos transportadores, conforme expressão apresentada abaixo:
H18: CMob | I18: Representa o custo de mobilização;
H19: DM | I19: Representa a distância de mobilização, em quilômetros (km) ou em milhas náuticas (mi);
H20: K | I20: Representa o fator relacionado à necessidade de retorno do veículo a sua origem;
H21: FU | I21: Representa o fator de utilização do veículo transportador
H22: V | I22: representa a velocidade média de transporte, em km/h ou nós;
H23: CH | I23: Representa o custo horário do veículo transportador;
C25: O fator K será igual a 1 quando o veículo não retornar e 2 quando o veículo transportador retornar ao local de origem
C26: Já o fator FU representa o inverso do número de equipamentos a serem transportados nos diferentes veículos transportadores.
C28: OBSERVAÇÕES:
C29: 1 - De acordo com o Manual Sicro - Volume 8 - Mobilização e Desmobilização, as ferramentas e os equipamentos leves ou de pequeno porte, cujo peso individual e formato permitem que sejam transportados, embarcados ou rebocados, serão transportados em veículos transportadores autônomos da frota mobilizada (que podem se deslocar pelos próprios meios)
C31: 2 - A cada mobilização corresponderá uma desmobilização, cujo cálculo será igual ao da mobilização.
V32: DISTÂNCIA MÉDIA - CANTEIROS
C33: DADOS DE ENTRADA: | V33: 1º DRO | W33: 24.4 | X33: NÃO SE APLICA POR SER MENOR QIUE 50KM
H34: Tabela 01 - Velocidades médias de transporte por tipo e condição da via e extensões | V34: 2º DRO | W34: 64.3
H35: Velocidade Rodovia Pav (P) - km/h | L35: 60 | V35: 3º DRO | W35: 83.6
H36: Velocidade Rodovia Revestimento Primário (RP) - km/h | L36: 50 | V36: 4º DRO | W36: 86.4
